Workbook

Sheet Table of Contents
A1: U.S. International Trade in Goods and Services
A2: July 2025
A3: 상품 및 서비스 국제무역
A5: List of News Release Exhibits
A7: Part A: Seasonally Adjusted (by Commodity/Service) | C7: 상품 및 서비스별 계절조정계열
A9: Exhibit 1 | B9: U.S. International Trade in Goods and Services | C9: 상품 및 서비스 국제무역
A11: Exhibit 2 | B11: U.S. International Trade in Goods and Services Three-Month Moving Averages | C11: 상품 및 서비스 국제무역, 3개월 이동평균
A13: Exhibit 3 | B13: U.S. Exports of Services by Major Category | C13: 주요 분류별 서비스 수출
A15: Exhibit 4 | B15: U.S. Imports of Services by Major Category | C15: 주요 분류별 서비스 수입
A17: Exhibit 5 | B17: U.S. Trade in Goods | C17: 상품 무역
A19: Exhibit 6 | B19: U.S. Trade in Goods by Principal End-Use Category | C19: 주된 최종용도별 상품 무역
A21: Exhibit 7 | B21: U.S. Exports of Goods by End-Use Category and Commodity | C21: 최종용도별 및 상품별 상품 수출
A23: Exhibit 8 | B23: U.S. Imports of Goods by End-Use Category and Commodity | C23: 최종용도별 및 상품별 상품 수입
A25: Exhibit 9 | B25: U.S. Trade in Petroleum and Non-Petroleum Products by End-Use | C25: 최종용도별 석유와 비석유 무역
A27: Exhibit 10 | B27: Real U.S. Trade in Goods by Principal End-Use Category Chained (2017) Dollars | C27: 주된 최종용도별 실질 상품 무역, 연쇄가격 2017년
A29: Exhibit 11 | B29: Real U.S. Trade in Petroleum and Non-Petroleum Products by End-Use Chained (2017) Dollars | C29: 최종용도별 실질 석유 및 비석유 무역, 연쇄가격 2017년
A31: Part B: Not Seasonally Adjusted | C31: 원계열
A33: Exhibit 12 | B33: U.S. Trade in Goods | C33: 상품 무역
A35: Exhibit 13 | B35: U.S. Trade in Goods by Principal End-Use Category | C35: 주된 최종용도별 상품 무역
A37: Exhibit 14 | B37: U.S. Trade in Goods by Selected Countries and Areas: 2025 | C37: 특정 국가·지역별 상품 무역, 2025.
A39: Exhibit 14a | B39: U.S. Trade in Goods by Selected Countries and Areas: 2024 | C39: 특정 국가·지역별 상품 무역, 2024.
A41: Exhibit 15 | B41: U.S. Trade in Goods by Principal Commodities | C41: 주된 상품별 상품 무역
A43: Exhibit 16 | B43: U.S. Trade in Advanced Technology Products | C43: 신기술 제품 무역
A45: Exhibit 16a | B45: U.S. Trade in Advanced Technology Products by Technology Group and Selected Countries and Areas | C45: 기술분류별 및 특정 국가·지역별 신기술 제품 무역
A47: Exhibit 17 | B47: U.S. Trade in Energy-Related Petroleum Products, Including Crude Oil | C47: 석유 관련 에너지 제품 무역; 원유 포함
A49: Exhibit 17a | B49: U.S. Imports of Crude Oil by Selected Countries and Areas | C49: 특정 국가·지역별 원유 수입
A51: Exhibit 18 | B51: U.S. Trade in Motor Vehicles and Parts by Selected Countries | C51: 특정 국가별 자동차와 관련 부품 무역
A53: Part C: Seasonally Adjusted (by Geography) | C53: 지리별 계절조정계열
A55: Exhibit 19 | B55: U.S. Trade in Goods by Selected Countries and Areas - Census Basis | C55: 특정 국가·지역별 상품 무역 (전수조사 기준)
A57: Exhibit 20 | B57: U.S. Trade in Goods and Services by Selected Countries and Areas - BOP Basis | C57: 특정 국가·지역별 상품 및 서비스 무역 (국제수지 기준)
A59: Exhibit 20a | B59: U.S. Trade in Goods by Selected Countries and Areas - BOP Basis | C59: 특정 국가·지역별 상품 무역 (국제수지 기준)
A61: Exhibit 20b | B61: U.S. Trade in Services by Selected Countries and Areas | C61: 특정 국가·지역별 서비스 무역
A63: FT-900 Supplement | C63: 보충
A65: Exhibit 1 | B65: Exports, Imports, and Balance of Goods by Selected NAICS-Based Product Code, | C65: 특정 NAICS 코드별 상품 수출·수입·수지, 원계열, 2025.06.
B66: Not Seasonally Adjusted: July 2025
A68: Exhibit 2 | B68: Origin of Movement of U.S. Exports of Goods by State by NAICS-Based Product Code Groupings, | C68: NAICS 코드 분류별 및 주별 상품 수출 출항지, 원계열, 2025.
B69: Not Seasonally Adjusted: 2025
A71: Exhibit 2a | B71: U.S. General Imports of Goods by State, State of Destination, by NAICS-Based Product Code Groupings, | C71: NAICS 코드 분류별, 주별 및 목적지별 상품 수입, 원계열, 2025.
B72: Not Seasonally Adjusted: 2025
A74: Exhibit 3 | B74: Exports, Imports, and Trade Balance of Goods | C74: 상품 수출·수입·수지
A76: Exhibit 4 | B76: Exports, Imports, and Trade Balance of Goods by Country and Area, Not Seasonally Adjusted: 2025 | C76: 국가·지역별 상품 수출·수입·수지, 원계열, 2025.
A78: Exhibit 4a | B78: Exports, Imports, and Trade Balance of Goods by Country and Area, Not Seasonally Adjusted: 2024 | C78: 국가·지역별 상품 수출·수입·수지, 원계열, 2024.

Sheet 1
A2: Part A: Seasonally Adjusted (by Commodity/Service)
A3: =VLOOKUP(A2,'Table of Contents'!A:C,3,0) -> 상품 및 서비스별 계절조정계열
A4: Exhibit 1. U.S. International Trade in Goods and Services
A5: =VLOOKUP(MID(A4,SEARCH(".",A4)+2,LEN(A4)),'Table of Contents'!B:C,2,0) -> 상품 및 서비스 국제무역
A6: In millions of dollars. Details may not equal totals due to seasonal adjustment and rounding. (R) - Revised.
A7: 단위: 백만 달러. 계절조정과 반올림 때문에 총계와 세부사항이 같지 않을 수 있음. (R) - 수정치.
A8: Period | B8: Balance | E8: Exports | H8: Imports
B9: Total | C9: Goods (1) | D9: Services | E9: Total | F9: Goods (1) | G9: Services | H9: Total | I9: Goods (1) | J9: Services
A10: 기간 | B10: 수지 | E10: 수출 | H10: 수입
B11: 상품 및 서비스 | C11: 상품 | D11: 서비스 | E11: 상품 및 서비스 | F11: 상품 | G11: 서비스 | H11: 상품 및 서비스 | I11: 상품 | J11: 서비스
A12: 2023
A13: Jan. - Dec. | B13: -774205 | C13: -1057495 | D13: 283290 | E13: 3092536 | F13: 2047457 | G13: 1045079 | H13: 3866741 | I13: 3104952 | J13: 761789
A14: Jan. - July | B14: -462434 | C14: -625670 | D14: 163236 | E14: 1787484 | F14: 1185535 | G14: 601949 | H14: 2249918 | I14: 1811206 | J14: 438713
A15: January | B15: -68800 | C15: -91071 | D15: 22271 | E15: 259974 | F15: 175518 | G15: 84456 | H15: 328774 | I15: 266589 | J15: 62185
A16: February | B16: -69202 | C16: -92171 | D16: 22969 | E16: 254337 | F16: 169282 | G16: 85055 | H16: 323539 | I16: 261453 | J16: 62086
A17: March | B17: -58587 | C17: -81937 | D17: 23351 | E17: 259541 | F17: 174112 | G17: 85429 | H17: 318127 | I17: 256049 | J17: 62079
A18: April | B18: -71110 | C18: -93950 | D18: 22840 | E18: 253608 | F18: 167547 | G18: 86061 | H18: 324718 | I18: 261497 | J18: 63222
A19: May | B19: -65814 | C19: -89397 | D19: 23584 | E19: 252569 | F19: 165994 | G19: 86575 | H19: 318383 | I19: 255391 | J19: 62992
A20: June | B20: -65163 | C20: -88851 | D20: 23688 | E20: 251879 | F20: 164797 | G20: 87082 | H20: 317042 | I20: 253648 | J20: 63394
A21: July | B21: -63759 | C21: -88294 | D21: 24535 | E21: 255576 | F21: 168286 | G21: 87290 | H21: 319335 | I21: 256580 | J21: 62755
A22: August | B22: -59165 | C22: -84221 | D22: 25055 | E22: 259963 | F22: 172138 | G22: 87825 | H22: 319128 | I22: 256358 | J22: 62770
A23: September | B23: -59565 | C23: -83759 | D23: 24194 | E23: 263533 | F23: 175342 | G23: 88191 | H23: 323098 | I23: 259101 | J23: 63997
A24: October | B24: -64100 | C24: -87230 | D24: 23130 | E24: 262463 | F24: 174325 | G24: 88138 | H24: 326563 | I24: 261555 | J24: 65008
... A26: December | B26: -63888 | C26: -88171 | D26: 24284 | E26: 261838 | F26: 171647 | G26: 90191 | H26: 325726 | I26: 259819 | J26: 65907
A27: 2024
A28: Jan. - Dec. | B28: -903532 | C28: -1215403 | D28: 311870 | E28: 3232524 | F28: 2079777 | G28: 1152747 | H28: 4136057 | I28: 3295180 | J28: 840877
A29: Jan. - July | B29: -499871 | C29: -681652 | D29: 181780 | E29: 1867596 | F29: 1208413 | G29: 659184 | H29: 2367468 | I29: 1890065 | J29: 477403
A30: January | B30: -67077 | C30: -92640 | D30: 25562 | E30: 261796 | F30: 170216 | G30: 91579 | H30: 328873 | I30: 262856 | J30: 66017
A31: February | B31: -66431 | C31: -92390 | D31: 25959 | E31: 269323 | F31: 175344 | G31: 93979 | H31: 335754 | I31: 267734 | J31: 68021
A32: March | B32: -66266 | C32: -93122 | D32: 26857 | E32: 265638 | F32: 171506 | G32: 94131 | H32: 331904 | I32: 264629 | J32: 67275
A33: April | B33: -73110 | C33: -98957 | D33: 25847 | E33: 266393 | F33: 173037 | G33: 93356 | H33: 339503 | I33: 271994 | J33: 67509
A34: May | B34: -74456 | C34: -100630 | D34: 26174 | E34: 264976 | F34: 170321 | G34: 94655 | H34: 339432 | I34: 270951 | J34: 68481
A35: June | B35: -73892 | C35: -99563 | D35: 25671 | E35: 268356 | F35: 173318 | G35: 95039 | H35: 342248 | I35: 272881 | J35: 69367
A36: July | B36: -78639 | C36: -104350 | D36: 25711 | E36: 271115 | F36: 174671 | G36: 96444 | H36: 349754 | I36: 279021 | J36: 70733
A37: August | B37: -71214 | C37: -97117 | D37: 25904 | E37: 275719 | F37: 177954 | G37: 97765 | H37: 346933 | I37: 275071 | J37: 71862
A38: September | B38: -81498 | C38: -107722 | D38: 26224 | E38: 273687 | F38: 175484 | G38: 98203 | H38: 355185 | I38: 283206 | J38: 71979
A39: October | B39: -74250 | C39: -100088 | D39: 25839 | E39: 269501 | F39: 170941 | G39: 98560 | H39: 343751 | I39: 271029 | J39: 72722
... A41: December | B41: -96948 | C41: -122822 | D41: 25874 | E41: 270192 | F41: 170476 | G41: 99715 | H41: 367140 | I41: 293299 | J41: 73841
A42: 2025
A43: Jan. - July | B43: -654202 | C43: -839640 | D43: 185438 | E43: 1970736 | F43: 1268557 | G43: 702180 | H43: 2624939 | I43: 2108197 | J43: 516742
A44: January (R) | B44: -128801 | C44: -156077 | D44: 27276 | E44: 273946 | F44: 173735 | G44: 100210 | H44: 402746 | I44: 329812 | J44: 72934
A45: February (R) | B45: -120278 | C45: -147190 | D45: 26912 | E45: 280908 | F45: 180967 | G45: 99940 | H45: 401186 | I45: 328158 | J45: 73029
A46: March (R) | B46: -136419 | C46: -162517 | D46: 26097 | E46: 283593 | F46: 184226 | G46: 99367 | H46: 420013 | I46: 346743 | J46: 73270
A47: April (R) | B47: -60191 | C47: -86912 | D47: 26721 | E47: 291785 | F47: 190893 | G47: 100893 | H47: 351977 | I47: 277805 | J47: 74172
A48: May (R) | B48: -71116 | C48: -97352 | D48: 26236 | E48: 280391 | F48: 180093 | G48: 100298 | H48: 351506 | I48: 277444 | J48: 74062
A49: June (R) | B49: -59086 | C49: -85717 | D49: 26631 | E49: 279650 | F49: 179217 | G49: 100433 | H49: 338736 | I49: 264934 | J49: 73802
A50: July | B50: -78311 | C50: -103876 | D50: 25565 | E50: 280464 | F50: 179425 | G50: 101039 | H50: 358775 | I50: 283301 | J50: 75474
A51: August
A52: September
A53: October
A54: November
A55: December
A56: June data as published last month (지난 달에 발표된 6월치):
B57: -60177 | C57: -85879 | D57: 25702 | E57: 277298 | F57: 179113 | G57: 98186 | H57: 337475 | I57: 264992 | J57: 72483
A59: (1) Data are presented on a balance of payments (BOP) basis.
A60: 데이터는 국제수지 기준으로 제시됩니다.
A62: NOTE: For information on data sources and methodology, see the explanatory notes in this release or at www.census.gov/ft900 or
A63: www.bea.gov/data/intl-trade-investment/international-trade-goods-and-services.
A64: 데이터의 출처와 방법론에 대한 정보는 공표자료의 주석을 확인하거나 위 링크에서 확인하기를 바랍니다.

Sheet 2
A2: Part A: Seasonally Adjusted (by Commodity/Service)
A3: =VLOOKUP(A2,'Table of Contents'!A:C,3,0) -> 상품 및 서비스별 계절조정계열
A4: Exhibit 2. U.S. International Trade in Goods and Services
A5: Three-Month Moving Averages
A6: =VLOOKUP(MID(CONCATENATE(A4," ",A5),SEARCH(".",CONCATENATE(A4," ",A5))+2,LEN(CONCATENATE(A4," ",A5))),'Table of Contents'!B:C,2,0) -> 상품 및 서비스 국제무역, 3개월 이동평균
A7: In millions of dollars. Details may not equal totals due to seasonal adjustment and rounding. (R) - Revised.
A8: 단위: 백만 달러. 계절조정과 반올림 때문에 총계와 세부사항이 같지 않을 수 있음. (R) - 수정치.
A9: Month of Moving Average | B9: Balance | E9: Exports | H9: Imports
B10: Total | C10: Goods (1) | D10: Services | E10: Total | F10: Goods (1) | G10: Services | H10: Total | I10: Goods (1) | J10: Services
A11: 이동평균의 달 | B11: 수지 | E11: 수출 | H11: 수입
B12: 상품 및 서비스 | C12: 상품 | D12: 서비스 | E12: 상품 및 서비스 | F12: 상품 | G12: 서비스 | H12: 상품 및 서비스 | I12: 상품 | J12: 서비스
A13: 2023
A14: January | B14: -67373 | C14: -89585 | D14: 22212 | E14: 256569 | F14: 172391 | G14: 84178 | H14: 323942 | I14: 261976 | J14: 61965
A15: February | B15: -69507 | C15: -92055 | D15: 22548 | E15: 255940 | F15: 171343 | G15: 84596 | H15: 325447 | I15: 263399 | J15: 62048
A16: March | B16: -65529 | C16: -88393 | D16: 22863 | E16: 257951 | F16: 172971 | G16: 84980 | H16: 323480 | I16: 261363 | J16: 62117
A17: April | B17: -66300 | C17: -89353 | D17: 23053 | E17: 255829 | F17: 170314 | G17: 85515 | H17: 322128 | I17: 259666 | J17: 62462
A18: May | B18: -65170 | C18: -88428 | D18: 23258 | E18: 255239 | F18: 169217 | G18: 86022 | H18: 320410 | I18: 257645 | J18: 62764
A19: June | B19: -67362 | C19: -90733 | D19: 23370 | E19: 252685 | F19: 166112 | G19: 86573 | H19: 320048 | I19: 256845 | J19: 63203
A20: July | B20: -64912 | C20: -88847 | D20: 23935 | E20: 253341 | F20: 166359 | G20: 86983 | H20: 318253 | I20: 255206 | J20: 63047
A21: August | B21: -62696 | C21: -87122 | D21: 24426 | E21: 255806 | F21: 168407 | G21: 87399 | H21: 318502 | I21: 255529 | J21: 62973
A22: September | B22: -60830 | C22: -85424 | D22: 24595 | E22: 259691 | F22: 171922 | G22: 87769 | H22: 320520 | I22: 257346 | J22: 63174
A23: October | B23: -60943 | C23: -85070 | D23: 24126 | E23: 261986 | F23: 173935 | G23: 88051 | H23: 322930 | I23: 259005 | J23: 63925
A24: November | B24: -62906 | C24: -86478 | D24: 23572 | E24: 261084 | F24: 172712 | G24: 88371 | H24: 323990 | I24: 259190 | J24: 64800
A25: December | B25: -64347 | C25: -87949 | D25: 23602 | E25: 260519 | F25: 171480 | G25: 89038 | H25: 324865 | I25: 259429 | J25: 65436
A26: 2024
A27: January | B27: -65339 | C27: -89752 | D27: 24412 | E27: 260296 | F27: 170111 | G27: 90185 | H27: 325635 | I27: 259863 | J27: 65773
A28: February | B28: -65799 | C28: -91067 | D28: 25268 | E28: 264319 | F28: 172402 | G28: 91916 | H28: 330118 | I28: 263469 | J28: 66648
A29: March | B29: -66591 | C29: -92717 | D29: 26126 | E29: 265585 | F29: 172355 | G29: 93230 | H29: 332177 | I29: 265073 | J29: 67104
A30: April | B30: -68602 | C30: -94823 | D30: 26221 | E30: 267118 | F30: 173296 | G30: 93822 | H30: 335720 | I30: 268119 | J30: 67602
A31: May | B31: -71277 | C31: -97570 | D31: 26293 | E31: 265669 | F31: 171621 | G31: 94048 | H31: 336946 | I31: 269191 | J31: 67755
A32: June | B32: -73819 | C32: -99717 | D32: 25897 | E32: 266575 | F32: 172225 | G32: 94350 | H32: 340394 | I32: 271942 | J32: 68453
A33: July | B33: -75662 | C33: -101514 | D33: 25852 | E33: 268149 | F33: 172770 | G33: 95379 | H33: 343811 | I33: 274284 | J33: 69527
A34: August | B34: -74582 | C34: -100343 | D34: 25762 | E34: 271730 | F34: 175314 | G34: 96416 | H34: 346312 | I34: 275658 | J34: 70654
A35: September | B35: -77117 | C35: -103063 | D35: 25946 | E35: 273507 | F35: 176036 | G35: 97471 | H35: 350624 | I35: 279100 | J35: 71524
A36: October | B36: -75654 | C36: -101642 | D36: 25989 | E36: 272969 | F36: 174793 | G36: 98176 | H36: 348623 | I36: 276436 | J36: 72187
A37: November | B37: -78500 | C37: -104604 | D37: 26104 | E37: 273006 | F37: 174311 | G37: 98694 | H37: 351505 | I37: 278915 | J37: 72590
A38: December | B38: -83650 | C38: -109637 | D38: 25987 | E38: 271840 | F38: 172642 | G38: 99198 | H38: 355490 | I38: 282279 | J38: 73211
A39: 2025
A40: January (R) | B40: -101834 | C40: -128300 | D40: 26467 | E40: 273322 | F40: 173573 | G40: 99748 | H40: 375155 | I40: 301874 | J40: 73282
A41: February (R) | B41: -115342 | C41: -142030 | D41: 26687 | E41: 275015 | F41: 175060 | G41: 99955 | H41: 390357 | I41: 317089 | J41: 73268
A42: March (R) | B42: -128500 | C42: -155261 | D42: 26762 | E42: 279482 | F42: 179643 | G42: 99839 | H42: 407982 | I42: 334904 | J42: 73077
A43: April (R) | B43: -105630 | C43: -132206 | D43: 26577 | E43: 285429 | F43: 185362 | G43: 100067 | H43: 391059 | I43: 317568 | J43: 73490
A44: May (R) | B44: -89242 | C44: -115593 | D44: 26351 | E44: 285257 | F44: 185071 | G44: 100186 | H44: 374499 | I44: 300664 | J44: 73835
A45: June (R) | B45: -63464 | C45: -89993 | D45: 26529 | E45: 283942 | F45: 183401 | G45: 100541 | H45: 347406 | I45: 273394 | J45: 74012
A46: July | B46: -69504 | C46: -95648 | D46: 26144 | E46: 280168 | F46: 179578 | G46: 100590 | H46: 349672 | I46: 275227 | J46: 74446
A47: August
A48: September
A49: October
A50: November
A51: December
A52: (1) Data are presented on a BOP basis.
A53: 데이터는 국제수지 기준으로 제시됩니다.
A55: NOTES:
A56: * The three-month moving averages shown in this exhibit are computed by summing the subject month and the two prior months,
A57: dividing by three, and showing the average at the end month of the period. A moving average is useful in smoothing the volatile
A58: trade data so that trends can better be discerned.
A59: 이 표에 있는 3개월 이동평균은 해당 월과 전 2개월을 합한 후 3으로 나누어 계산되고 3개월의 마지막 달에 평균을 작성해 놓았습니다.
... A64: 데이터의 출처와 방법론에 대한 정보는 공표자료의 주석을 확인하거나 위 링크에서 확인하기를 바랍니다.

Sheet 3
A2: Part A: Seasonally Adjusted (by Commodity/Service)
A3: =VLOOKUP(A2,'Table of Contents'!A:C,3,0) -> 상품 및 서비스별 계절조정계열
A4: Exhibit 3. U.S. Exports of Services by Major Category
A5: =VLOOKUP(MID(A4,SEARCH(".",A4)+2,LEN(A4)),'Table of Contents'!B:C,2,0) -> 주요 분류별 서비스 수출
A6: In millions of dollars. Details may not equal totals due to seasonal adjustment and rounding. (R) - Revised.
A7: 단위: 백만 달러. 계절조정과 반올림 때문에 총계와 세부사항이 같지 않을 수 있음. (R) - 수정치.
A8: Period | B8: Total Services | C8: Maintenance and Repair Services n.i.e. | D8: Transport | E8: Travel (1) | F8: Construction | G8: Insurance Services | H8: Financial Services | I8: Charges for the Use of Intellectual Property n.i.e. | J8: Telecommuni-cations, Computer, and Information Services | K8: Other Business Services | L8: Personal, Cultural, and Recreational Services | M8: Government Goods and Services n.i.e.
A9: 기간 | B9: 전서비스 | C9: 달리 분류되지 않은 유지 및 수리 서비스 | D9: 운송 서비스 | E9: 여행 서비스 | F9: 건설 서비스 | G9: 보험 서비스 | H9: 금융 서비스 | I9: 달리 분류되지 않은 지적재산권 사용에 대한 비용 | J9: 통신, 컴퓨터 및 정보 서비스 | K9: 기타 사업 서비스 | L9: 개인, 문화 및 여가 서비스 | M9: 달리 분류되지 않은 정부 상품 및 서비스
A10: 2023
A11: Jan. - Dec. | B11: 1045079 | C11: 27823 | D11: 97115 | E11: 189891 | F11: 2280 | G11: 24594 | H11: 175288 | I11: 148204 | J11: 78484 | K11: 243402 | L11: 25104 | M11: 32894
A12: Jan. - July | B12: 601949 | C12: 15399 | D12: 56161 | E12: 106381 | F12: 1304 | G12: 14193 | H12: 101180 | I12: 86278 | J12: 45310 | K12: 140380 | L12: 15259 | M12: 20103
A13: January | B13: 84456 | C13: 2010 | D13: 7972 | E13: 14364 | F13: 175 | G13: 2006 | H13: 14220 | I13: 12551 | J13: 6260 | K13: 20010 | L13: 2132 | M13: 2755
A14: February | B14: 85055 | C14: 2031 | D14: 7966 | E14: 14670 | F14: 172 | G14: 2021 | H14: 14429 | I14: 12634 | J14: 6288 | K14: 19834 | L14: 2239 | M14: 2771
A15: March | B15: 85429 | C15: 2128 | D15: 8031 | E15: 14629 | F15: 171 | G15: 2034 | H15: 14492 | I15: 12553 | J15: 6390 | K15: 19865 | L15: 2274 | M15: 2861
A16: April | B16: 86061 | C16: 2174 | D16: 8002 | E16: 15407 | F16: 172 | G16: 2048 | H16: 14215 | I16: 12306 | J16: 6567 | K16: 20102 | L16: 2237 | M16: 2831
A17: May | B17: 86575 | C17: 2318 | D17: 8066 | E17: 15532 | F17: 182 | G17: 2047 | H17: 14326 | I17: 12139 | J17: 6648 | K17: 20223 | L17: 2189 | M17: 2905
A18: June | B18: 87082 | C18: 2341 | D18: 8016 | E18: 15780 | F18: 202 | G18: 2033 | H18: 14568 | I18: 12052 | J18: 6634 | K18: 20228 | L18: 2129 | M18: 3100
A19: July | B19: 87290 | C19: 2397 | D19: 8108 | E19: 15998 | F19: 230 | G19: 2004 | H19: 14929 | I19: 12044 | J19: 6524 | K19: 20117 | L19: 2059 | M19: 2880
A20: August | B20: 87825 | C20: 2456 | D20: 8041 | E20: 16378 | F20: 238 | G20: 2003 | H20: 15175 | I20: 12083 | J20: 6475 | K20: 20152 | L20: 2013 | M20: 2812
A21: September | B21: 88191 | C21: 2520 | D21: 8141 | E21: 16614 | F21: 225 | G21: 2028 | H21: 14968 | I21: 12168 | J21: 6487 | K21: 20335 | L21: 1991 | M21: 2715
A22: October | B22: 88138 | C22: 2439 | D22: 8131 | E22: 16683 | F22: 191 | G22: 2080 | H22: 14555 | I22: 12298 | J22: 6560 | K22: 20665 | L22: 1993 | M22: 2546
... A24: December | B24: 90191 | C24: 2558 | D24: 8394 | E24: 17043 | F24: 155 | G24: 2165 | H24: 14916 | I24: 12852 | J24: 6941 | K24: 20987 | L24: 1890 | M24: 2288
A25: 2024
A26: Jan. - Dec. | B26: 1152747 | C26: 35519 | D26: 102238 | E26: 213779 | F26: 2491 | G26: 28165 | H26: 194509 | I26: 169520 | J26: 90783 | K26: 263873 | L26: 21094 | M26: 30774
A27: Jan. - July | B27: 659184 | C27: 20188 | D27: 59180 | E27: 122659 | F27: 1367 | G27: 15813 | H27: 112502 | I27: 96419 | J27: 51930 | K27: 152223 | L27: 12706 | M27: 14196
A28: January | B28: 91579 | C28: 2752 | D28: 8363 | E28: 16976 | F28: 154 | G28: 2198 | H28: 15685 | I28: 13275 | J28: 7249 | K28: 20979 | L28: 1787 | M28: 2162
A29: February | B29: 93979 | C29: 2920 | D29: 8822 | E29: 17740 | F29: 160 | G29: 2221 | H29: 16214 | I29: 13586 | J29: 7426 | K29: 21132 | L29: 1750 | M29: 2010
A30: March | B30: 94131 | C30: 2887 | D30: 8540 | E30: 17653 | F30: 172 | G30: 2233 | H30: 16390 | I30: 13785 | J30: 7470 | K30: 21444 | L30: 1780 | M30: 1777
A31: April | B31: 93356 | C31: 2796 | D31: 8337 | E31: 17061 | F31: 191 | G31: 2234 | H31: 16070 | I31: 13871 | J31: 7383 | K31: 21918 | L31: 1877 | M31: 1618
A32: May | B32: 94655 | C32: 2856 | D32: 8389 | E32: 17821 | F32: 211 | G32: 2257 | H32: 16014 | I32: 13934 | J32: 7373 | K32: 22206 | L32: 1908 | M32: 1685
A33: June | B33: 95039 | C33: 2925 | D33: 8328 | E33: 17714 | F33: 230 | G33: 2302 | H33: 15977 | I33: 13975 | J33: 7441 | K33: 22311 | L33: 1871 | M33: 1964
A34: July | B34: 96444 | C34: 3051 | D34: 8402 | E34: 17695 | F34: 250 | G34: 2368 | H34: 16152 | I34: 13993 | J34: 7587 | K34: 22232 | L34: 1734 | M34: 2980
A35: August | B35: 97765 | C35: 3213 | D35: 8345 | E35: 18042 | F35: 255 | G35: 2420 | H35: 16263 | I35: 14118 | J35: 7693 | K35: 22211 | L35: 1708 | M35: 3497
A36: September | B36: 98203 | C36: 3040 | D36: 8465 | E36: 18044 | F36: 245 | G36: 2457 | H36: 16320 | I36: 14350 | J36: 7759 | K36: 22248 | L36: 1688 | M36: 3587
A37: October | B37: 98560 | C37: 3086 | D37: 8533 | E37: 18080 | F37: 221 | G37: 2479 | H37: 16354 | I37: 14689 | J37: 7786 | K37: 22344 | L37: 1673 | M37: 3315
... A39: December | B39: 99715 | C39: 2991 | D39: 8888 | E39: 18583 | F39: 197 | G39: 2502 | H39: 16573 | I39: 15029 | J39: 7812 | K39: 22439 | L39: 1658 | M39: 3045
A40: 2025
A41: Jan. - July | B41: 702180 | C41: 25413 | D41: 61747 | E41: 124884 | F41: 1427 | G41: 17323 | H41: 119130 | I41: 110142 | J41: 55747 | K41: 157907 | L41: 12945 | M41: 15515
A42: January (R) | B42: 100210 | C42: 3463 | D42: 8868 | E42: 18428 | F42: 195 | G42: 2420 | H42: 16537 | I42: 15269 | J42: 7899 | K42: 22612 | L42: 1722 | M42: 2797
A43: February (R) | B43: 99940 | C43: 3675 | D43: 8541 | E43: 18106 | F43: 196 | G43: 2388 | H43: 16577 | I43: 15460 | J43: 7948 | K43: 22681 | L43: 1779 | M43: 2590
A44: March (R) | B44: 99367 | C44: 3706 | D44: 8846 | E44: 16932 | F44: 199 | G44: 2405 | H44: 16939 | I44: 15602 | J44: 7961 | K44: 22646 | L44: 1828 | M44: 2303
A45: April (R) | B45: 100893 | C45: 3643 | D45: 8929 | E45: 18357 | F45: 206 | G45: 2471 | H45: 17206 | I45: 15694 | J45: 7936 | K45: 22508 | L45: 1869 | M45: 2074
A46: May (R) | B46: 100298 | C46: 3662 | D46: 8755 | E46: 17955 | F46: 210 | G46: 2520 | H46: 17178 | I46: 15834 | J46: 7946 | K46: 22446 | L46: 1899 | M46: 1893
A47: June (R) | B47: 100433 | C47: 3613 | D47: 8768 | E47: 17705 | F47: 211 | G47: 2552 | H47: 17314 | I47: 16023 | J47: 7990 | K47: 22461 | L47: 1920 | M47: 1876
A48: July | B48: 101039 | C48: 3651 | D48: 9040 | E48: 17401 | F48: 210 | G48: 2566 | H48: 17380 | I48: 16260 | J48: 8067 | K48: 22554 | L48: 1930 | M48: 1980
A49: August
A50: September
A51: October
A52: November
A53: December
A54: June data as published last month (지난 달에 발표된 6월치):
B55: 98186 | C55: 3826 | D55: 8726 | E55: 17710 | F55: 217 | G55: 2736 | H55: 16800 | I55: 14952 | J55: 7825 | K55: 22253 | L55: 1398 | M55: 1742
A57: n.i.e. Not included elsewhere
A58: 달리 포함되지 않은.
A60: (1) All travel purposes include 1) business travel, including expenditures by border, seasonal, and other short-term workers and 2) personal travel, including health-related and education-related travel.
A61: 모든 여행 목적에는 1) 국경, 계절 및 기타 단기 근로자의 지출을 포함한 업무여행, 2) 건강 관련 및 교육 관련 여행을 포함한 개인여행이 포함됩니다.
A63: NOTE: For information on data sources, methodology, and definitions, see the explanatory notes in this release or at www.census.gov/ft900 or
A64: www.bea.gov/data/intl-trade-investment/international-trade-goods-and-services.
A65: 데이터의 출처·방법론·정의에 대한 정보는 공표자료의 주석을 확인하거나 위 링크에서 확인하기를 바랍니다.

Sheet 4
A2: Part A: Seasonally Adjusted (by Commodity/Service)
A3: =VLOOKUP(A2,'Table of Contents'!A:C,3,0) -> 상품 및 서비스별 계절조정계열
A4: Exhibit 4. U.S. Imports of Services by Major Category
A5: =VLOOKUP(MID(A4,SEARCH(".",A4)+2,LEN(A4)),'Table of Contents'!B:C,2,0) -> 주요 분류별 서비스 수입
A6: In millions of dollars. Details may not equal totals due to seasonal adjustment and rounding. (R) - Revised.
A7: 단위: 백만 달러. 계절조정과 반올림 때문에 총계와 세부사항이 같지 않을 수 있음. (R) - 수정치.
A8: Period | B8: Total Services | C8: Maintenance and Repair Services n.i.e. | D8: Transport | E8: Travel (1) | F8: Construction | G8: Insurance Services | H8: Financial Services | I8: Charges for the Use of Intellectual Property n.i.e. | J8: Telecommuni-cations, Computer, and Information Services | K8: Other Business Services | L8: Personal, Cultural, and Recreational Services | M8: Government Goods and Services n.i.e.
A9: =HLOOKUP(A8,'3'!8:9,2,0) -> 기간 | B9: =HLOOKUP(B8,'3'!8:9,2,0) -> 전서비스 | C9: =HLOOKUP(C8,'3'!8:9,2,0) -> 달리 분류되지 않은 유지 및 수리 서비스 | D9: =HLOOKUP(D8,'3'!8:9,2,0) -> 운송 서비스 | E9: =HLOOKUP(E8,'3'!8:9,2,0) -> 여행 서비스 | F9: =HLOOKUP(F8,'3'!8:9,2,0) -> 건설 서비스 | G9: =HLOOKUP(G8,'3'!8:9,2,0) -> 보험 서비스 | H9: =HLOOKUP(H8,'3'!8:9,2,0) -> 금융 서비스 | ... M9: =HLOOKUP(M8,'3'!8:9,2,0) -> 달리 분류되지 않은 정부 상품 및 서비스
A10: 2023
A11: Jan. - Dec. | B11: 761789 | C11: 6362 | D11: 144130 | E11: 157580 | F11: 2206 | G11: 73500 | H11: 62941 | I11: 52601 | J11: 66149 | K11: 145736 | L11: 25066 | M11: 25517
A12: Jan. - July | B12: 438713 | C12: 3558 | D12: 84944 | E12: 89609 | F12: 1087 | G12: 40038 | H12: 36825 | I12: 30330 | J12: 37928 | K12: 84822 | L12: 14628 | M12: 14942
A13: January | B13: 62185 | C13: 480 | D13: 12743 | E13: 12247 | F13: 163 | G13: 5576 | H13: 5293 | I13: 4011 | J13: 5394 | K13: 12113 | L13: 2041 | M13: 2124
A14: February | B14: 62086 | C14: 486 | D14: 12329 | E14: 12529 | F14: 157 | G14: 5543 | H14: 5160 | I14: 3980 | J14: 5485 | K14: 12211 | L14: 2085 | M14: 2122
A15: March | B15: 62079 | C15: 495 | D15: 12181 | E15: 12358 | F15: 155 | G15: 5582 | H15: 5200 | I15: 4127 | J15: 5478 | K15: 12271 | L15: 2101 | M15: 2130
A16: April | B16: 63222 | C16: 541 | D16: 11955 | E16: 13252 | F16: 157 | G16: 5694 | H16: 5266 | I16: 4453 | J16: 5374 | K16: 12292 | L16: 2091 | M16: 2148
A17: May | B17: 62992 | C17: 553 | D17: 11923 | E17: 12917 | F17: 157 | G17: 5794 | H17: 5237 | I17: 4623 | J17: 5340 | K17: 12206 | L17: 2091 | M17: 2152
A18: June | B18: 63394 | C18: 536 | D18: 11952 | E18: 13292 | F18: 153 | G18: 5885 | H18: 5305 | I18: 4638 | J18: 5376 | K18: 12014 | L18: 2100 | M18: 2144
A19: July | B19: 62755 | C19: 467 | D19: 11861 | E19: 13014 | F19: 146 | G19: 5964 | H19: 5364 | I19: 4499 | J19: 5482 | K19: 11715 | L19: 2119 | M19: 2122
A20: August | B20: 62770 | C20: 500 | D20: 11635 | E20: 13053 | F20: 160 | G20: 6144 | H20: 5403 | I20: 4433 | J20: 5563 | K20: 11649 | L20: 2121 | M20: 2110
A21: September | B21: 63997 | C21: 526 | D21: 11810 | E21: 13645 | F21: 195 | G21: 6422 | H21: 5312 | I21: 4442 | J21: 5617 | K21: 11815 | L21: 2105 | M21: 2109
A22: October | B22: 65008 | C22: 550 | D22: 12094 | E22: 13629 | F22: 251 | G22: 6800 | H22: 5115 | I22: 4525 | J22: 5645 | K22: 12213 | L22: 2070 | M22: 2117
... A24: December | B24: 65907 | C24: 648 | D24: 11985 | E24: 13813 | F24: 246 | G24: 7077 | H24: 5129 | I24: 4370 | J24: 5718 | K24: 12723 | L24: 2080 | M24: 2119
A25: 2024
A26: Jan. - Dec. | B26: 840877 | C26: 7540 | D26: 154749 | E26: 178914 | F26: 2416 | G26: 95134 | H26: 63371 | I26: 54037 | J26: 72634 | K26: 159687 | L26: 26786 | M26: 25609
A27: Jan. - July | B27: 477403 | C27: 4104 | D27: 88811 | E27: 101804 | F27: 1213 | G27: 52731 | H27: 36506 | I27: 29999 | J27: 40885 | K27: 91211 | L27: 15247 | M27: 14893
A28: January | B28: 66017 | C28: 723 | D28: 12164 | E28: 13858 | F28: 184 | G28: 6975 | H28: 5145 | I28: 4133 | J28: 5764 | K28: 12835 | L28: 2123 | M28: 2112
A29: February | B29: 68021 | C29: 734 | D29: 13087 | E29: 14911 | F29: 150 | G29: 6983 | H29: 5165 | I29: 4020 | J29: 5777 | K29: 12928 | L29: 2154 | M29: 2112
A30: March | B30: 67275 | C30: 678 | D30: 12520 | E30: 14609 | F30: 143 | G30: 7099 | H30: 5144 | I30: 4031 | J30: 5759 | K30: 13001 | L30: 2174 | M30: 2118
A31: April | B31: 67509 | C31: 560 | D31: 12681 | E31: 14357 | F31: 162 | G31: 7324 | H31: 5182 | I31: 4166 | J31: 5708 | K31: 13055 | L31: 2182 | M31: 2132
A32: May | B32: 68481 | C32: 471 | D32: 12830 | E32: 14632 | F32: 179 | G32: 7652 | H32: 5233 | I32: 4290 | J32: 5763 | K32: 13099 | L32: 2192 | M32: 2139
A33: June | B33: 69367 | C33: 477 | D33: 12723 | E33: 14802 | F33: 192 | G33: 8082 | H33: 5283 | I33: 4404 | J33: 5924 | K33: 13134 | L33: 2205 | M33: 2142
A34: July | B34: 70733 | C34: 462 | D34: 12805 | E34: 14636 | F34: 202 | G34: 8615 | H34: 5354 | I34: 4953 | J34: 6191 | K34: 13159 | L34: 2217 | M34: 2139
A35: August | B35: 71862 | C35: 485 | D35: 12539 | E35: 14969 | F35: 214 | G35: 8853 | H35: 5394 | I35: 5401 | J35: 6352 | K35: 13271 | L35: 2246 | M35: 2138
A36: September | B36: 71979 | C36: 589 | D36: 13243 | E36: 14778 | F36: 228 | G36: 8797 | H36: 5415 | I36: 4633 | J36: 6407 | K36: 13469 | L36: 2279 | M36: 2140
A37: October | B37: 72722 | C37: 720 | D37: 13081 | E37: 15633 | F37: 245 | G37: 8446 | H37: 5369 | I37: 4656 | J37: 6358 | K37: 13754 | L37: 2317 | M37: 2144
... A39: December | B39: 73841 | C39: 853 | D39: 13768 | E39: 15986 | F39: 261 | G39: 8095 | H39: 5349 | I39: 4678 | J39: 6308 | K39: 14039 | L39: 2355 | M39: 2148
A40: 2025
A41: Jan. - July | B41: 516742 | C41: 4176 | D41: 92872 | E41: 108643 | F41: 1445 | G41: 57551 | H41: 38994 | I41: 32048 | J41: 47650 | K41: 102254 | L41: 16136 | M41: 14973
A42: January (R) | B42: 72934 | C42: 712 | D42: 13510 | E42: 15417 | F42: 250 | G42: 8048 | H42: 5399 | I42: 4517 | J42: 6494 | K42: 14181 | L42: 2252 | M42: 2155
A43: February (R) | B43: 73029 | C43: 550 | D43: 13464 | E43: 15486 | F43: 236 | G43: 8049 | H43: 5480 | I43: 4445 | J43: 6637 | K43: 14319 | L43: 2209 | M43: 2155
A44: March (R) | B44: 73270 | C44: 482 | D44: 13607 | E44: 15306 | F44: 217 | G44: 8097 | H44: 5532 | I44: 4461 | J44: 6737 | K44: 14454 | L44: 2227 | M44: 2149
A45: April (R) | B45: 74172 | C45: 566 | D45: 13423 | E45: 15825 | F45: 195 | G45: 8193 | H45: 5582 | I45: 4566 | J45: 6795 | K45: 14584 | L45: 2305 | M45: 2136
A46: May (R) | B46: 74062 | C46: 630 | D46: 13097 | E46: 15517 | F46: 183 | G46: 8290 | H46: 5601 | I46: 4644 | J46: 6878 | K46: 14733 | L46: 2359 | M46: 2128
A47: June (R) | B47: 73802 | C47: 604 | D47: 12587 | E47: 15264 | F47: 179 | G47: 8387 | H47: 5685 | I47: 4695 | J47: 6987 | K47: 14899 | L47: 2389 | M47: 2125
A48: July | B48: 75474 | C48: 632 | D48: 13184 | E48: 15828 | F48: 185 | G48: 8486 | H48: 5715 | I48: 4719 | J48: 7121 | K48: 15084 | L48: 2395 | M48: 2126
A49: August
A50: September
A51: October
A52: November
A53: December
A54: June data as published last month (지난 달에 발표된 6월치):
B55: 72483 | C55: 706 | D55: 12556 | E55: 15228 | F55: 350 | G55: 8541 | H55: 5542 | I55: 4462 | J55: 6480 | K55: 14202 | L55: 2250 | M55: 2167
A57: n.i.e. Not included elsewhere
A58: 달리 포함되지 않은.
A60: (1) All travel purposes include 1) business travel, including expenditures by border, seasonal, and other short-term workers and 2) personal travel, including health-related and education-related travel.
A61: =HLOOKUP(A60,'3'!60:61,2,0) -> 모든 여행 목적에는 1) 국경, 계절 및 기타 단기 근로자의 지출을 포함한 업무여행, 2) 건강 관련 및 교육 관련 여행을 포함한 개인여행이 포함됩니다.
A63: NOTE: For information on data sources, methodology, and definitions, see the explanatory notes in this release or at www.census.gov/ft900 or
A64: www.bea.gov/data/intl-trade-investment/international-trade-goods-and-services.
A65: 데이터의 출처·방법론·정의에 대한 정보는 공표자료의 주석을 확인하거나 위 링크에서 확인하기를 바랍니다.

Sheet 5
A2: Part A: Seasonally Adjusted (by Commodity/Service)
A3: =VLOOKUP(A2,'Table of Contents'!A:C,3,0) -> 상품 및 서비스별 계절조정계열
A4: Exhibit 5. U.S. Trade in Goods
A5: =VLOOKUP(MID(A4,SEARCH(".",A4)+2,LEN(A4)),'Table of Contents'!B:C,2,0) -> 상품 무역
A6: In millions of dollars. Details may not equal totals due to seasonal adjustment and rounding. (R) - Revised.
A7: 단위: 백만 달러. 계절조정과 반올림 때문에 총계와 세부사항이 같지 않을 수 있음. (R) - 수정치.
A8: Period | B8: Balance | D8: Exports | G8: Imports
B9: Total Balance of Payments Basis | C9: Total Census Basis | D9: Total Balance of Payments Basis | E9: Net Adjustments | F9: Total Census Basis | G9: Total Balance of Payments Basis | H9: Net Adjustments | I9: Total Census Basis
A10: 기간 | B10: 수지 | D10: 수출 | G10: 수입
B11: 국제수지 기준 | C11: 전수조사 기준 | D11: 국제수지 기준 | E11: 순 조정 | F11: 전수조사 기준 | G11: 국제수지 기준 | H11: 순 조정 | I11: 전수조사 기준
A12: 2023
A13: Jan. - Dec. | B13: -1057495 | C13: -1056317 | D13: 2047457 | E13: 26978 | F13: 2020479 | G13: 3104952 | H13: 28155 | I13: 3076796
A14: Jan. - July | B14: -625670 | C14: -625016 | D14: 1185535 | E14: 15511 | F14: 1170025 | G14: 1811206 | H14: 16165 | I14: 1795041
A15: January | B15: -91071 | C15: -90166 | D15: 175518 | E15: 1540 | F15: 173978 | G15: 266589 | H15: 2445 | I15: 264144
A16: February | B16: -92171 | C16: -91270 | D16: 169282 | E16: 1590 | F16: 167692 | G16: 261453 | H16: 2491 | I16: 258962
A17: March | B17: -81937 | C17: -81313 | D17: 174112 | E17: 1935 | F17: 172177 | G17: 256049 | H17: 2559 | I17: 253489
A18: April | B18: -93950 | C18: -94249 | D18: 167547 | E18: 2648 | F18: 164899 | G18: 261497 | H18: 2349 | I18: 259147
A19: May | B19: -89397 | C19: -89856 | D19: 165994 | E19: 2619 | F19: 163375 | G19: 255391 | H19: 2160 | I19: 253231
A20: June | B20: -88851 | C20: -89124 | D20: 164797 | E20: 2344 | F20: 162453 | G20: 253648 | H20: 2071 | I20: 251577
A21: July | B21: -88294 | C21: -89040 | D21: 168286 | E21: 2835 | F21: 165451 | G21: 256580 | H21: 2089 | I21: 254491
A22: August | B22: -84221 | C22: -84234 | D22: 172138 | E22: 2428 | F22: 169710 | G22: 256358 | H22: 2415 | I22: 253943
A23: September | B23: -83759 | C23: -84128 | D23: 175342 | E23: 2761 | F23: 172582 | G23: 259101 | H23: 2391 | I23: 256710
A24: October | B24: -87230 | C24: -87016 | D24: 174325 | E24: 2249 | F24: 172076 | G24: 261555 | H24: 2463 | I24: 259092
... A26: December | B26: -88171 | C26: -87237 | D26: 171647 | E26: 1404 | F26: 170243 | G26: 259819 | H26: 2339 | I26: 257480
A27: 2024
A28: Jan. - Dec. | B28: -1215403 | C28: -1204719 | D28: 2079777 | E28: 18086 | F28: 2061691 | G28: 3295180 | H28: 28770 | I28: 3266410
A29: Jan. - July | B29: -681652 | C29: -673749 | D29: 1208413 | E29: 9532 | F29: 1198881 | G29: 1890065 | H29: 17434 | I29: 1872630
A30: January | B30: -92640 | C30: -91221 | D30: 170216 | E30: 1327 | F30: 168889 | G30: 262856 | H30: 2745 | I30: 260111
A31: February | B31: -92390 | C31: -90955 | D31: 175344 | E31: 1252 | F31: 174092 | G31: 267734 | H31: 2686 | I31: 265047
A32: March | B32: -93122 | C32: -92063 | D32: 171506 | E32: 1261 | F32: 170245 | G32: 264629 | H32: 2320 | I32: 262308
A33: April | B33: -98957 | C33: -97326 | D33: 173037 | E33: 1096 | F33: 171941 | G33: 271994 | H33: 2727 | I33: 269267
A34: May | B34: -100630 | C34: -99455 | D34: 170321 | E34: 1478 | F34: 168843 | G34: 270951 | H34: 2653 | I34: 268298
A35: June | B35: -99563 | C35: -98813 | D35: 173318 | E35: 1298 | F35: 172020 | G35: 272881 | H35: 2048 | I35: 270833
A36: July | B36: -104350 | C36: -103916 | D36: 174671 | E36: 1821 | F36: 172851 | G36: 279021 | H36: 2255 | I36: 276766
A37: August | B37: -97117 | C37: -96062 | D37: 177954 | E37: 1239 | F37: 176715 | G37: 275071 | H37: 2294 | I37: 272777
A38: September | B38: -107722 | C38: -107070 | D38: 175484 | E38: 1545 | F38: 173939 | G38: 283206 | H38: 2197 | I38: 281009
A39: October | B39: -100088 | C39: -99438 | D39: 170941 | E39: 1681 | F39: 169260 | G39: 271029 | H39: 2330 | I39: 268699
... A41: December | B41: -122822 | C41: -122255 | D41: 170476 | E41: 1841 | F41: 168636 | G41: 293299 | H41: 2408 | I41: 290890
A42: 2025
A43: Jan. - July | B43: -839640 | C43: -834562 | D43: 1268557 | E43: 9015 | F43: 1259541 | G43: 2108197 | H43: 14094 | I43: 2094103
A44: January (R) | B44: -156077 | C44: -155159 | D44: 173735 | E44: 1099 | F44: 172636 | G44: 329812 | H44: 2017 | I44: 327796
A45: February (R) | B45: -147190 | C45: -147924 | D45: 180967 | E45: 2873 | F45: 178094 | G45: 328158 | H45: 2139 | I45: 326018
A46: March (R) | B46: -162517 | C46: -161951 | D46: 184226 | E46: 1585 | F46: 182641 | G46: 346743 | H46: 2151 | I46: 344592
A47: April (R) | B47: -86912 | C47: -85898 | D47: 190893 | E47: 810 | F47: 190082 | G47: 277805 | H47: 1824 | I47: 275981
A48: May (R) | B48: -97352 | C48: -96211 | D48: 180093 | E48: 723 | F48: 179370 | G48: 277444 | H48: 1864 | I48: 275580
A49: June (R) | B49: -85717 | C49: -84578 | D49: 179217 | E49: 870 | F49: 178347 | G49: 264934 | H49: 2009 | I49: 262926
A50: July | B50: -103876 | C50: -102840 | D50: 179425 | E50: 1054 | F50: 178371 | G50: 283301 | H50: 2091 | I50: 281211
A51: August
A52: September
A53: October
A54: November
A55: December
A56: June data as published last month (지난 달에 발표된 6월치):
B57: -85879 | C57: -84854 | D57: 179113 | E57: 1029 | F57: 178084 | G57: 264992 | H57: 2053 | I57: 262938
A58: NOTE: For information on data sources, nonsampling errors, definitions, and details concerning what is included in Net Adjustments, see the explanatory notes in
A59: this release or at www.census.gov/ft900 or www.bea.gov/data/intl-trade-investment/international-trade-goods-and-services.
A60: 데이터의 출처·비표본 오차·정의 및 순 조정에 포함되어 있는 세부사항에 대한 정보는 공표자료의 주석을 확인하거나 위 링크에서 확인하기를 바랍니다.

Sheet 6
A2: Part A: Seasonally Adjusted (by Commodity/Service)
A3: =VLOOKUP(A2,'Table of Contents'!A:C,3,0) -> 상품 및 서비스별 계절조정계열
A4: Exhibit 6. U.S. Trade in Goods by Principal End-Use Category
A5: =VLOOKUP(MID(A4,SEARCH(".",A4)+2,LEN(A4)),'Table of Contents'!B:C,2,0) -> 주된 최종용도별 상품 무역
A6: In millions of dollars. Details may not equal totals due to seasonal adjustment and rounding. (R) - Revised.
A7: 단위: 백만 달러. 계절조정과 반올림 때문에 총계와 세부사항이 같지 않을 수 있음. (R) - 수정치.
A8: Period | B8: Total Balance of Payments Basis | C8: Net Adjustments | D8: Total Census Basis (1) | E8: End-Use Commodity Category
E9: Foods, Feeds, & Beverages | F9: Industrial Supplies (2) | G9: Capital Goods | H9: Automotive Vehicles, etc. | I9: Consumer Goods | J9: Other Goods
A10: 기간 | B10: 국제수지 기준 | C10: 순조정 | D10: 전수조사 기준 | E10: 상품 최종용도
E11: 식료품, 사료 및 음료 | F11: 산업용품 | G11: 자본재 | H11: 자동차 등 | I11: 소비재 | J11: 기타 상품
B12: Exports 수출
A13: 2024
A14: Jan. - Dec. | B14: 2079777 | C14: 18086 | D14: 2061691 | E14: 165768 | F14: 727919 | G14: 646357 | H14: 172248 | I14: 260101 | J14: 89298
A15: Jan. - July | B15: 1208413 | C15: 9532 | D15: 1198881 | E15: 95682 | F15: 426739 | G15: 371561 | H15: 101675 | I15: 152491 | J15: 50735
A16: January | B16: 170216 | C16: 1327 | D16: 168889 | E16: 13507 | F16: 60170 | G16: 51459 | H16: 14958 | I16: 21621 | J16: 7175
A17: February | B17: 175344 | C17: 1252 | D17: 174092 | E17: 14509 | F17: 63798 | G17: 53035 | H17: 14322 | I17: 21411 | J17: 7017
A18: March | B18: 171506 | C18: 1261 | D18: 170245 | E18: 13952 | F18: 62306 | G18: 51350 | H18: 14251 | I18: 21240 | J18: 7145
A19: April | B19: 173037 | C19: 1096 | D19: 171941 | E19: 13484 | F19: 60664 | G19: 53040 | H19: 14964 | I19: 22298 | J19: 7490
A20: May | B20: 170321 | C20: 1478 | D20: 168843 | E20: 13117 | F20: 59145 | G20: 52593 | H20: 14516 | I20: 22251 | J20: 7222
A21: June | B21: 173318 | C21: 1298 | D21: 172020 | E21: 13534 | F21: 59979 | G21: 54143 | H21: 15112 | I21: 22017 | J21: 7235
A22: July | B22: 174671 | C22: 1821 | D22: 172851 | E22: 13580 | F22: 60677 | G22: 55940 | H22: 13550 | I22: 21652 | J22: 7451
A23: August | B23: 177954 | C23: 1239 | D23: 176715 | E23: 13315 | F23: 61283 | G23: 57352 | H23: 14265 | I23: 22411 | J23: 8089
A24: September | B24: 175484 | C24: 1545 | D24: 173939 | E24: 14139 | F24: 59724 | G24: 56091 | H24: 14903 | I24: 21671 | J24: 7412
A25: October | B25: 170941 | C25: 1681 | D25: 169260 | E25: 13911 | F25: 59258 | G25: 53620 | H25: 13548 | I25: 21135 | J25: 7787
... A27: December | B27: 170476 | C27: 1841 | D27: 168636 | E27: 14273 | F27: 59579 | G27: 53121 | H27: 13422 | I27: 20401 | J27: 7840
A28: 2025
A29: Jan. - July | B29: 1268557 | C29: 9015 | D29: 1259541 | E29: 94481 | F29: 447214 | G29: 410508 | H29: 92759 | I29: 154449 | J29: 60131
A30: January (R) | B30: 173735 | C30: 1099 | D30: 172636 | E30: 13471 | F30: 59205 | G30: 56860 | H30: 12571 | I30: 21745 | J30: 8784
A31: February (R) | B31: 180967 | C31: 2873 | D31: 178094 | E31: 12896 | F31: 62081 | G31: 59209 | H31: 14392 | I31: 22073 | J31: 7442
A32: March (R) | B32: 184226 | C32: 1585 | D32: 182641 | E32: 14002 | F32: 64877 | G32: 58358 | H32: 15401 | I32: 22004 | J32: 8000
A33: April (R) | B33: 190893 | C33: 810 | D33: 190082 | E33: 13513 | F33: 75290 | G33: 59300 | H33: 12085 | I33: 20988 | J33: 8908
A34: May (R) | B34: 180093 | C34: 723 | D34: 179370 | E34: 13116 | F34: 65210 | G34: 57437 | H34: 12526 | I34: 21955 | J34: 9126
A35: June (R) | B35: 179217 | C35: 870 | D35: 178347 | E35: 13703 | F35: 60395 | G35: 59396 | H35: 12722 | I35: 22945 | J35: 9186
A36: July | B36: 179425 | C36: 1054 | D36: 178371 | E36: 13779 | F36: 60157 | G36: 59948 | H36: 13062 | I36: 22738 | J36: 8686
A37: August
A38: September
A39: October
A40: November
A41: December
B42: Imports 수입
A43: 2024
A44: Jan. - Dec. | B44: 3295180 | C44: 28770 | D44: 3266410 | E44: 216021 | F44: 675771 | G44: 961759 | H44: 474380 | I44: 805674 | J44: 132805
A45: Jan. - July | B45: 1890065 | C45: 17434 | D45: 1872630 | E45: 122303 | F45: 388651 | G45: 546586 | H45: 281627 | I45: 456717 | J45: 76748
A46: January | B46: 262856 | C46: 2745 | D46: 260111 | E46: 16865 | F46: 54795 | G46: 74873 | H46: 40191 | I46: 62498 | J46: 10888
A47: February | B47: 267734 | C47: 2686 | D47: 265047 | E47: 17895 | F47: 54699 | G47: 75723 | H47: 41356 | I47: 64447 | J47: 10926
A48: March | B48: 264629 | C48: 2320 | D48: 262308 | E48: 17458 | F48: 54160 | G48: 76216 | H48: 38218 | I48: 65775 | J48: 10481
A49: April | B49: 271994 | C49: 2727 | D49: 269267 | E49: 17489 | F49: 54978 | G49: 77770 | H49: 41402 | I49: 66471 | J49: 11158
A50: May | B50: 270951 | C50: 2653 | D50: 268298 | E50: 17549 | F50: 56962 | G50: 78163 | H50: 40395 | I50: 64083 | J50: 11147
A51: June | B51: 272881 | C51: 2048 | D51: 270833 | E51: 17407 | F51: 55232 | G51: 80273 | H51: 40241 | I51: 66454 | J51: 11226
A52: July | B52: 279021 | C52: 2255 | D52: 276766 | E52: 17639 | F52: 57825 | G52: 83569 | H52: 39823 | I52: 66990 | J52: 10922
A53: August | B53: 275071 | C53: 2294 | D53: 272777 | E53: 18065 | F53: 54060 | G53: 83244 | H53: 39024 | I53: 67038 | J53: 11346
A54: September | B54: 283206 | C54: 2197 | D54: 281009 | E54: 18699 | F54: 55773 | G54: 85695 | H54: 39119 | I54: 70469 | J54: 11253
A55: October | B55: 271029 | C55: 2330 | D55: 268699 | E55: 18414 | F55: 53388 | G55: 79197 | H55: 38066 | I55: 69007 | J55: 10626
... A57: December | B57: 293299 | C57: 2408 | D57: 290890 | E57: 19104 | F57: 67378 | G57: 83803 | H57: 37468 | I57: 71869 | J57: 11269
A58: 2025
A59: Jan. - July | B59: 2108197 | C59: 14094 | D59: 2094103 | E59: 132163 | F59: 464188 | G59: 640954 | H59: 256564 | I59: 514360 | J59: 85875
A60: January (R) | B60: 329812 | C60: 2017 | D60: 327796 | E60: 20156 | F60: 90341 | G60: 88516 | H60: 37834 | I60: 78626 | J60: 12324
A61: February (R) | B61: 328158 | C61: 2139 | D61: 326018 | E61: 19289 | F61: 86253 | G61: 89804 | H61: 38037 | I61: 80598 | J61: 12038
A62: March (R) | B62: 346743 | C62: 2151 | D62: 344592 | E62: 19331 | F62: 75264 | G62: 93475 | H62: 41535 | I62: 102855 | J62: 12132
A63: April (R) | B63: 277805 | C63: 1824 | D63: 275981 | E63: 18488 | F63: 52008 | G63: 90597 | H63: 33253 | I63: 69909 | J63: 11727
A64: May (R) | B64: 277444 | C64: 1864 | D64: 275580 | E64: 18334 | F64: 51052 | G64: 90879 | H64: 36650 | I64: 65940 | J64: 12726
A65: June (R) | B65: 264934 | C65: 2009 | D65: 262926 | E65: 18063 | F65: 48374 | G65: 91490 | H65: 35332 | I65: 57581 | J65: 12085
A66: July | B66: 283301 | C66: 2091 | D66: 281211 | E66: 18503 | F66: 60896 | G66: 96193 | H66: 33923 | I66: 58852 | J66: 12844
A67: August
A68: September
A69: October
A70: November
A71: December
A72: (1) Detailed data are presented on a Census basis. The information needed to convert to a BOP basis is not available.
A73: 세부수치는 전수조사 기준에 제시되어 있으며, 국제수지 기준으로 변환하는데 필요한 정보는 제공되지 아니합니다.
A75: (2) Includes petroleum and petroleum products.
A76: 석유 및 석유제품을 포함합니다.
A78: NOTE: For information on data sources, nonsampling errors, definitions, and details concerning what is included in Net Adjustments, see the explanatory notes in this
A79: release or at www.census.gov/ft900 or www.bea.gov/data/intl-trade-investment/international-trade-goods-and-services.
A80: ='5'!$A$60 -> 데이터의 출처·비표본 오차·정의 및 순 조정에 포함되어 있는 세부사항에 대한 정보는 공표자료의 주석을 확인하거나 위 링크에서 확인하기를 바랍니다.

Sheet 7
A2: Part A: Seasonally Adjusted (by Commodity/Service)
A3: =VLOOKUP(A2,'Table of Contents'!A:C,3,0) -> 상품 및 서비스별 계절조정계열
A4: Exhibit 7. U.S. Exports of Goods by End-Use Category and Commodity
A5: =VLOOKUP(MID(A4,SEARCH(".",A4)+2,LEN(A4)),'Table of Contents'!B:C,2,0) -> 최종용도별 및 상품별 상품 수출
A6: In millions of dollars. Details may not equal totals due to seasonal adjustment and rounding. The commodities in this exhibit are ranked
A7: on the monthly change within each major commodity grouping. (-) Represents zero or less than one-half of measurement shown. (R) - Revised.
A8: 단위: 백만 달러. 계절조정과 반올림 때문에 총계와 세부사항이 같지 않을 수 있음. 이 표에 있는 상품들은 각 주요 상품 분류 내 전월대비 변화를 기준으로 순위가 매겨짐. (-) 표시된 측정값의 0 또는 절반 미만을 나타냄. (R) - 수정치.
A9: Item (1) | B9: 품목 | C9: July | D9: June | E9: Monthly | F9: Year-to-Date | G9: Year-to-Date | H9: Year-to-Date
C10: 2025 | D10: 2025 (R) | E10: Change | F10: 2025 | G10: 2024 | H10: Change
A11: Total, Balance of Payments Basis | B11: 전체, 국제수지 기준 | C11: 179425 | D11: 179217 | E11: 208 | F11: 1268557 | G11: 1208413 | H11: 60144
A12: Net Adjustments | B12: 순조정 | C12: 1054 | D12: 870 | E12: 184 | F12: 9015 | G12: 9532 | H12: -517
A13: Total, Census Basis | B13: 전체, 전수조사 기준 | C13: 178371 | D13: 178347 | E13: 23 | F13: 1259541 | G13: 1198881 | H13: 60660
A14: Foods, feeds, and beverages | B14: 식료품, 사료 및 음료 | C14: 13779 | D14: 13703 | E14: 76 | F14: 94481 | G14: 95682 | H14: -1201
A15: Soybeans | B15: 대두 | C15: 2087 | D15: 1995 | E15: 92 | F15: 12864 | G15: 15441 | H15: -2578
A16: Wheat | B16: 밀 | C16: 579 | D16: 531 | E16: 48 | F16: 3579 | G16: 3560 | H16: 19
A17: Fruits, frozen juices | B17: 과일, 냉동 주스 | C17: 815 | D17: 776 | E17: 39 | F17: 5381 | G17: 5452 | H17: -71
A18: Nuts | B18: 견과류 | C18: 1070 | D18: 1031 | E18: 39 | F18: 6798 | G18: 6239 | H18: 559
A19: Dairy products and eggs | B19: 유제품 및 난류 | C19: 689 | D19: 660 | E19: 29 | F19: 4511 | G19: 3851 | H19: 660
A20: Rice | B20: 쌀 | C20: 159 | D20: 138 | E20: 21 | F20: 1143 | G20: 1478 | H20: -335
A21: Meat, poultry, etc. | B21: 육류, 가금류 등 | C21: 2002 | D21: 1983 | E21: 19 | F21: 14536 | G21: 14990 | H21: -453
A22: Wine, beer, and related products | B22: 와인, 맥주 및 관련 제품 | C22: 103 | D22: 93 | E22: 10 | F22: 778 | G22: 1009 | H22: -231
... A132: Books, printed matter | B132: 서적, 인쇄물 | C132: 296 | D132: 297 | E132: -1 | F132: 2188 | G132: 2157 | H132: 30
A133: Nursery stock, etc. | B133: 유아용품 등 | C133: 42 | D133: 42 | E133: (-) | F133: 277 | G133: 283 | H133: -5
A134: Cell phones and other household goods | B134: 휴대폰 및 기타 가정용품 | C134: 3154 | D134: 3153 | E134: 1 | F134: 21307 | G134: 19207 | H134: 2100
A135: Glassware, chinaware | B135: 유리제품, 도자기 | C135: 34 | D135: 31 | E135: 3 | F135: 236 | G135: 262 | H135: -27
A136: Cookware, cutlery, tools | B136: 조리기구, 식기류, 도구 | C136: 89 | D136: 85 | E136: 4 | F136: 651 | G136: 694 | H136: -43
A137: Recorded media | B137: 기록 매체 | C137: 89 | D137: 84 | E137: 5 | F137: 653 | G137: 742 | H137: -89
A138: Televisions and video equipment | B138: 텔레비전 및 영상 장비 | C138: 186 | D138: 180 | E138: 5 | F138: 1335 | G138: 1591 | H138: -256
A139: Furniture, household goods, etc. | B139: 가구, 가정용품 등 | C139: 406 | D139: 397 | E139: 9 | F139: 2920 | G139: 3161 | H139: -241
A140: Stereo equipment, etc. | B140: 스테레오 장비 등 | C140: 254 | D140: 240 | E140: 14 | F140: 1748 | G140: 1690 | H140: 57
A141: Numismatic coins | B141: 화폐 동전 | C141: 104 | D141: 88 | E141: 16 | F141: 786 | G141: 457 | H141: 328
A142: Musical instruments | B142: 악기 | C142: 208 | D142: 184 | E142: 24 | F142: 1475 | G142: 1524 | H142: -49
A143: Textile apparel and household goods | B143: 섬유 의류 및 가정용품 | C143: 622 | D143: 586 | E143: 36 | F143: 4467 | G143: 4793 | H143: -326
A144: Toiletries and cosmetics | B144: 세면용품 및 화장품 | C144: 1311 | D144: 1246 | E144: 65 | F144: 8822 | G144: 9037 | H144: -216
A145: Jewelry | B145: 귀금속 | C145: 1014 | D145: 891 | E145: 123 | F145: 7766 | G145: 8107 | H145: -341
... A147: Other goods | B147: 기타 상품 | C147: 8686 | D147: 9186 | E147: -499 | F147: 60131 | G147: 50735 | H147: 9396
A148: (1) Detailed data are presented on a Census basis. The information needed to convert to a BOP basis is not available.
A149: =HLOOKUP(A148,'6'!$72:$73,2,0) -> 세부수치는 전수조사 기준에 제시되어 있으며, 국제수지 기준으로 변환하는데 필요한 정보는 제공되지 아니합니다.
A151: NOTE: For information on data sources, nonsampling errors, definitions, and details concerning what is included in Net Adjustments, see the
A152: explanatory notes in this release or at www.census.gov/ft900 or www.bea.gov/data/intl-trade-investment/international-trade-goods-and-services.
A153: ='5'!$A$60 -> 데이터의 출처·비표본 오차·정의 및 순 조정에 포함되어 있는 세부사항에 대한 정보는 공표자료의 주석을 확인하거나 위 링크에서 확인하기를 바랍니다.

Sheet 8
A2: Part A: Seasonally Adjusted (by Commodity/Service)
A3: =VLOOKUP(A2,'Table of Contents'!A:C,3,0) -> 상품 및 서비스별 계절조정계열
A4: Exhibit 8. U.S. Imports of Goods by End-Use Category and Commodity
A5: =VLOOKUP(MID(A4,SEARCH(".",A4)+2,LEN(A4)),'Table of Contents'!B:C,2,0) -> 최종용도별 및 상품별 상품 수입
A6: In millions of dollars. Details may not equal totals due to seasonal adjustment and rounding. The commodities in this exhibit are ranked
A7: on the monthly change within each major commodity grouping. (-) Represents zero or less than one-half of measurement shown. (R) - Revised.
A8: 단위: 백만 달러. 계절조정과 반올림 때문에 총계와 세부사항이 같지 않을 수 있음. 이 표에 있는 상품들은 각 주요 상품 분류 내 전월대비 변화를 기준으로 순위가 매겨짐. (-) 표시된 측정값의 0 또는 절반 미만을 나타냄. (R) - 수정치.
A9: Item (1) | B9: 품목 | C9: July | D9: June | E9: Monthly | F9: Year-to-Date | G9: Year-to-Date | H9: Year-to-Date
C10: 2025 | D10: 2025 (R) | E10: Change | F10: 2025 | G10: 2024 | H10: Change
A11: Total, Balance of Payments Basis | B11: 전체, 국제수지 기준 | C11: 283301 | D11: 264934 | E11: 18367 | F11: 2108197 | G11: 1890065 | H11: 218133
A12: Net Adjustments | B12: 순조정 | C12: 2091 | D12: 2009 | E12: 82 | F12: 14094 | G12: 17434 | H12: -3340
A13: Total, Census Basis | B13: 전체, 전수조사 기준 | C13: 281211 | D13: 262926 | E13: 18285 | F13: 2094103 | G13: 1872630 | H13: 221473
A14: Foods, feeds, and beverages | B14: 식료품, 사료 및 음료 | C14: 18503 | D14: 18063 | E14: 440 | F14: 132163 | G14: 122303 | H14: 9861
A15: Fruits, frozen juices | B15: 과일, 냉동 주스 | C15: 2686 | D15: 2412 | E15: 274 | F15: 18106 | G15: 16688 | H15: 1418
A16: Vegetables | B16: 채소 | C16: 1714 | D16: 1590 | E16: 124 | F16: 11286 | G16: 12354 | H16: -1068
A17: Meat products | B17: 육류 제품 | C17: 1850 | D17: 1741 | E17: 109 | F17: 12967 | G17: 11212 | H17: 1755
A18: Cane and beet sugar | B18: 사탕수수 및 사탕무 설탕 | C18: 231 | D18: 127 | E18: 104 | F18: 1245 | G18: 1540 | H18: -295
A19: Feedstuff and foodgrains | B19: 사료 및 식용곡물 | C19: 834 | D19: 740 | E19: 94 | F19: 5657 | G19: 5558 | H19: 99
A20: Food oils, oilseeds | B20: 식용유, 기름종자 | C20: 877 | D20: 815 | E20: 62 | F20: 6155 | G20: 6805 | H20: -650
A21: Green coffee | B21: 녹차 | C21: 929 | D21: 920 | E21: 9 | F21: 6050 | G21: 3278 | H21: 2772
A22: Nonagricultural foods, etc. | B22: 비농업 식료품 등 | C22: 125 | D22: 116 | E22: 9 | F22: 857 | G22: 766 | H22: 90
... A69: Wool, silk, etc. | B69: 양모, 실크 등 | C69: 55 | D69: 54 | E69: 1 | F69: 385 | G69: 398 | H69: -13
A70: Plastic materials | B70: 플라스틱 자재 | C70: 1638 | D70: 1638 | E70: (-) | F70: 11930 | G70: 12228 | H70: -298
A71: Hides and skins | B71: 가죽 | C71: 2 | D71: 2 | E71: (-) | F71: 16 | G71: 15 | H71: 1
A72: Cotton, natural fibers | B72: 면, 천연 섬유 | C72: 6 | D72: 7 | E72: -1 | F72: 49 | G72: 51 | H72: -2
A73: Newsprint | B73: 신문 용지 | C73: 28 | D73: 29 | E73: -1 | F73: 228 | G73: 257 | H73: -29
A74: Synthetic rubber--primary | B74: 1차 합성고무 | C74: 252 | D74: 253 | E74: -2 | F74: 1750 | G74: 1762 | H74: -12
A75: Liquefied petroleum gases | B75: 액화석유가스 | C75: 256 | D75: 258 | E75: -2 | F75: 2001 | G75: 2007 | H75: -6
A76: Zinc | B76: 아연 | C76: 143 | D76: 184 | E76: -41 | F76: 1133 | G76: 1066 | H76: 67
A77: Paper and paper products | B77: 종이 및 종이제품 | C77: 723 | D77: 772 | E77: -48 | F77: 5691 | G77: 5617 | H77: 74
A78: Other nonferrous metals | B78: 기타 비철금속 | C78: 448 | D78: 496 | E78: -49 | F78: 3261 | G78: 2804 | H78: 457
A79: Other chemicals | B79: 기타 화학물질 | C79: 1625 | D79: 1689 | E79: -64 | F79: 11461 | G79: 11087 | H79: 373
A80: Natural gas | B80: 천연가스 | C80: 562 | D80: 629 | E80: -67 | F80: 6331 | G80: 3813 | H80: 2518
A81: Bauxite and aluminum | B81: 보크사이트 및 알루미늄 | C81: 1102 | D81: 1252 | E81: -149 | F81: 10256 | G81: 9831 | H81: 425
A82: Nuclear fuel materials | B82: 핵연료 자재 | C82: 345 | D82: 595 | E82: -250 | F82: 4823 | G82: 4869 | H82: -46
A83: Other petroleum products | B83: 기타 석유 제품 | C83: 2445 | D83: 3200 | E83: -755 | F83: 20291 | G83: 26984 | H83: -6693
... A110: Spacecraft, excluding military | B110: 우주선; 군용 제외 | C110: 17 | D110: 15 | E110: 2 | F110: 85 | G110: 49 | H110: 35
A111: Vessels, except scrap | B111: 선박, 고철 제외 | C111: (-) | D111: (-) | E111: (-) | F111: 1 | G111: 2 | H111: -1
A112: Commercial vessels, other | B112: 상선, 기타 | C112: 9 | D112: 10 | E112: (-) | F112: 75 | G112: 108 | H112: -32
A113: Textile, sewing machines | B113: 섬유, 재봉틀 | C113: 159 | D113: 162 | E113: -3 | F113: 1162 | G113: 1251 | H113: -89
A114: Business machines and equipment | B114: 사무용 기계 및 장비 | C114: 416 | D114: 444 | E114: -28 | F114: 3079 | G114: 2879 | H114: 200
A115: Civilian aircraft | B115: 민간 항공기 | C115: 684 | D115: 740 | E115: -56 | F115: 7150 | G115: 10282 | H115: -3131
A116: Semiconductors | B116: 반도체 | C116: 5625 | D116: 6442 | E116: -817 | F116: 43619 | G116: 46403 | H116: -2784
A117: Automotive vehicles, parts, and engines | B117: 자동차, 부품 및 엔진 | C117: 33923 | D117: 35332 | E117: -1409 | F117: 256564 | G117: 281627 | H117: -25063
A118: Trucks, buses, and special purpose vehicles | B118: 트럭, 버스 및 특장차 | C118: 3557 | D118: 4513 | E118: -957 | F118: 32597 | G118: 37894 | H118: -5297
A119: Passenger cars | B119: 승용차 | C119: 14214 | D119: 15035 | E119: -821 | F119: 112099 | G119: 126925 | H119: -14827
A120: Bodies and chassis for trucks and buses | B120: 트럭·버스 차체 및 샤시 | C120: 38 | D120: 45 | E120: -7 | F120: 282 | G120: 356 | H120: -74
A121: Bodies and chassis for passenger cars | B121: 승용차 차체 및 샤시 | C121: 5 | D121: 3 | E121: 3 | F121: 28 | G121: 22 | H121: 5
A122: Engines and engine parts | B122: 엔진 및 엔진 부품 | C122: 2817 | D122: 2809 | E122: 9 | F122: 18921 | G122: 19986 | H122: -1065
A123: Automotive tires and tubes | B123: 자동차 타이어 및 튜브 | C123: 1481 | D123: 1420 | E123: 61 | F123: 10594 | G123: 10025 | H123: 568
A124: Other automotive parts and accessories | B124: 기타 자동차 부품 및 부속품 | C124: 11811 | D124: 11508 | E124: 303 | F124: 82043 | G124: 86417 | H124: -4374
... A156: Other goods | B156: 기타 상품 | C156: 12844 | D156: 12085 | E156: 759 | F156: 85875 | G156: 76748 | H156: 9127
A157: (1) Detailed data are presented on a Census basis. The information needed to convert to a BOP basis is not available.
A158: =HLOOKUP(A157,'6'!$72:$73,2,0) -> 세부수치는 전수조사 기준에 제시되어 있으며, 국제수지 기준으로 변환하는데 필요한 정보는 제공되지 아니합니다.
A160: NOTE: For information on data sources, nonsampling errors, definitions, and details concerning what is included in Net Adjustments, see the
A161: explanatory notes in this release or at www.census.gov/ft900 or www.bea.gov/data/intl-trade-investment/international-trade-goods-and-services.
A162: ='5'!$A$60 -> 데이터의 출처·비표본 오차·정의 및 순 조정에 포함되어 있는 세부사항에 대한 정보는 공표자료의 주석을 확인하거나 위 링크에서 확인하기를 바랍니다.

Sheet 9
A2: Part A: Seasonally Adjusted (by Commodity/Service)
A3: =VLOOKUP(A2,'Table of Contents'!A:C,3,0) -> 상품 및 서비스별 계절조정계열
A4: Exhibit 9. U.S. Trade in Petroleum and Non-Petroleum Products by End-Use
A5: =VLOOKUP(MID(A4,SEARCH(".",A4)+2,LEN(A4)),'Table of Contents'!B:C,2,0) -> 최종용도별 석유와 비석유 무역
A6: In millions of dollars. Details may not equal totals due to seasonal adjustment and rounding. (R) - Revised.
A7: 단위: 백만 달러. 계절조정과 반올림 때문에 총계와 세부사항이 같지 않을 수 있음. (R) - 수정치.
A8: Period | B8: Balance | F8: Exports | J8: Imports
B9: Total | C9: Net Adjust- ments | D9: Petroleum (1) | E9: Non-petroleum | F9: Total | G9: Net Adjust- ments | H9: Petroleum (1) | I9: Non-petroleum | J9: Total | K9: Net Adjust- ments | L9: Petroleum (1) | M9: Non-petroleum
A10: 기간 | B10: 수지 | F10: 수출 | J10: 수입
B11: 전체 | C11: 순 조정 | D11: 석유 | E11: 비석유 | F11: 전체 | G11: 순 조정 | H11: 석유 | I11: 비석유 | J11: 전체 | K11: 순 조정 | L11: 석유 | M11: 비석유
A12: 2024
A13: Jan. - Dec. | B13: -1215403 | C13: -10683 | D13: 43861 | E13: -1248580 | F13: 2079777 | G13: 18086 | H13: 280403 | I13: 1781288 | J13: 3295180 | K13: 28770 | L13: 236542 | M13: 3029868
A14: Jan. - July | B14: -681652 | C14: -7902 | D14: 23241 | E14: -696990 | F14: 1208413 | G14: 9532 | H14: 166581 | I14: 1032300 | J14: 1890065 | K14: 17434 | L14: 143340 | M14: 1729290
A15: January | B15: -92640 | C15: -1418 | D15: 2884 | E15: -94106 | F15: 170216 | G15: 1327 | H15: 22532 | I15: 146357 | J15: 262856 | K15: 2745 | L15: 19648 | M15: 240463
A16: February | B16: -92390 | C16: -1434 | D16: 4536 | E16: -95492 | F16: 175344 | G16: 1252 | H16: 24583 | I16: 149509 | J16: 267734 | K16: 2686 | L16: 20047 | M16: 245001
A17: March | B17: -93122 | C17: -1060 | D17: 4713 | E17: -96776 | F17: 171506 | G17: 1261 | H17: 24784 | I17: 145462 | J17: 264629 | K17: 2320 | L17: 20070 | M17: 242238
A18: April | B18: -98957 | C18: -1630 | D18: 3179 | E18: -100506 | F18: 173037 | G18: 1096 | H18: 23892 | I18: 148049 | J18: 271994 | K18: 2727 | L18: 20713 | M18: 248555
A19: May | B19: -100630 | C19: -1175 | D19: 1614 | E19: -101069 | F19: 170321 | G19: 1478 | H19: 23345 | I19: 145498 | J19: 270951 | K19: 2653 | L19: 21730 | M19: 246568
A20: June | B20: -99563 | C20: -750 | D20: 2894 | E20: -101706 | F20: 173318 | G20: 1298 | H20: 23423 | I20: 148597 | J20: 272881 | K20: 2048 | L20: 20529 | M20: 250303
A21: July | B21: -104350 | C21: -434 | D21: 3420 | E21: -107336 | F21: 174671 | G21: 1821 | H21: 24023 | I21: 148828 | J21: 279021 | K21: 2255 | L21: 20603 | M21: 256163
A22: August | B22: -97117 | C22: -1055 | D22: 4322 | E22: -100384 | F22: 177954 | G22: 1239 | H22: 23657 | I22: 153058 | J22: 275071 | K22: 2294 | L22: 19336 | M22: 253442
A23: September | B23: -107722 | C23: -652 | D23: 3010 | E23: -110080 | F23: 175484 | G23: 1545 | H23: 21854 | I23: 152085 | J23: 283206 | K23: 2197 | L23: 18843 | M23: 262166
A24: October | B24: -100088 | C24: -650 | D24: 4807 | E24: -104245 | F24: 170941 | G24: 1681 | H24: 22472 | I24: 146788 | J24: 271029 | K24: 2330 | L24: 17666 | M24: 251033
... A26: December | B26: -122822 | C26: -568 | D26: 3337 | E26: -125592 | F26: 170476 | G26: 1841 | H26: 22352 | I26: 146283 | J26: 293299 | K26: 2408 | L26: 19015 | M26: 271875
A27: 2025
A28: Jan. - July | B28: -839640 | C28: -5078 | D28: 30669 | E28: -865231 | F28: 1268557 | G28: 9015 | H28: 148825 | I28: 1110716 | J28: 2108197 | K28: 14094 | L28: 118157 | M28: 1975947
A29: January (R) | B29: -156077 | C29: -918 | D29: 4021 | E29: -159180 | F29: 173735 | G29: 1099 | H29: 23135 | I29: 149502 | J29: 329812 | K29: 2017 | L29: 19114 | M29: 308682
A30: February (R) | B30: -147190 | C30: 734 | D30: 3371 | E30: -151296 | F30: 180967 | G30: 2873 | H30: 21987 | I30: 156107 | J30: 328158 | K30: 2139 | L30: 18616 | M30: 307403
A31: March (R) | B31: -162517 | C31: -566 | D31: 4618 | E31: -166569 | F31: 184226 | G31: 1585 | H31: 22455 | I31: 160186 | J31: 346743 | K31: 2151 | L31: 17837 | M31: 326755
A32: April (R) | B32: -86912 | C32: -1014 | D32: 4869 | E32: -90767 | F32: 190893 | G32: 810 | H32: 20698 | I32: 169385 | J32: 277805 | K32: 1824 | L32: 15829 | M32: 260152
A33: May (R) | B33: -97352 | C33: -1141 | D33: 3608 | E33: -99819 | F33: 180093 | G33: 723 | H33: 19678 | I33: 159691 | J33: 277444 | K33: 1864 | L33: 16070 | M33: 259510
A34: June (R) | B34: -85717 | C34: -1139 | D34: 5225 | E34: -89803 | F34: 179217 | G34: 870 | H34: 20679 | I34: 157668 | J34: 264934 | K34: 2009 | L34: 15454 | M34: 247471
A35: July | B35: -103876 | C35: -1036 | D35: 4957 | E35: -107797 | F35: 179425 | G35: 1054 | H35: 20194 | I35: 158177 | J35: 283301 | K35: 2091 | L35: 15236 | M35: 265974
A36: August
A37: September
A38: October
A39: November
A40: December
A41: (1) The petroleum products aggregated in the end-use commodity classification system include virtually the same energy-related petroleum products as those aggregated in the
A42: Standard International Trade Classification (SITC). The end-use petroleum products, however, include some products such as ethane, butane, benzene, and toluene, which are
A43: included in "Manufactured Goods" in the SITC.
A44: 최종용도 분류 체계에 집계된 석유제품에는 SITC에 집계된 거의 동일한 에너지 관련 석유제품도 포함됩니다.
A45: 하지만 최종용도 석유제품에는 SITC의 제조상품에 포함되는 에탄, 부탄, 벤젠, 톨루엔과 같은 일부 제품도 포함됩니다.
A47: NOTE: For information on data sources, nonsampling errors, definitions, and details concerning what is included in Net Adjustments, see the explanatory notes in this release or
A48: at www.census.gov/ft900 or www.bea.gov/data/intl-trade-investment/international-trade-goods-and-services.
A49: ='5'!$A$60 -> 데이터의 출처·비표본 오차·정의 및 순 조정에 포함되어 있는 세부사항에 대한 정보는 공표자료의 주석을 확인하거나 위 링크에서 확인하기를 바랍니다.

Sheet 10
A2: Part A: Seasonally Adjusted (by Commodity/Service)
A3: =VLOOKUP(A2,'Table of Contents'!A:C,3,0) -> 상품 및 서비스별 계절조정계열
A4: Exhibit 10. Real U.S. Trade in Goods by Principal End-Use Category
A5: Chained (2017) Dollars
A6: =VLOOKUP(MID(CONCATENATE(A4," ",A5),SEARCH(".",CONCATENATE(A4," ",A5))+2,LEN(CONCATENATE(A4," ",A5))),'Table of Contents'!B:C,2,0) -> 주된 최종용도별 실질 상품 무역, 연쇄가격 2017년
A7: In millions of dollars. Details may not equal totals due to seasonal adjustment and rounding. The values in this exhibit are subject to periodic change,
A8: reflecting revisions to the source information for the monthly deflators. (-) Represents zero or less than one-half of measurement shown. (R) - Revised.
A9: 단위: 백만 달러. 단위: 백만 달러. 계절조정과 반올림 때문에 총계와 세부사항이 같지 않을 수 있음. 이 표에 있는 금액들은 주기적으로 변할 수 있으며, 월별 디플레이터 원천의 개정사항을 반영함. (-) 표시된 측정값의 0 또는 절반 미만을 나타냄. (R) - 수정치.
A10: Period | B10: Total Census Basis (1) | C10: End-Use Commodity Category
C11: Foods, Feeds, & Beverages | D11: Industrial Supplies (2) | E11: Capital Goods | F11: Automotive Vehicles etc. | G11: Consumer Goods | H11: Other Goods | I11: Residual (3)
A12: 기간 | B12: 전수조사 기준 | C12: 상품 최종용도
C13: 식료품, 사료 및 음료 | D13: 산업용품 | E13: 자본재 | F13: 자동차 등 | G13: 소비재 | H13: 기타 상품 | I13: 오차
B14: Exports 수출
A15: 2024
A16: Jan. - Dec. | B16: 1732500 | C16: 127219 | D16: 560798 | E16: 578267 | F16: 151959 | G16: 240409 | H16: 73461 | I16: 386
A17: Jan. - July | B17: 1006988 | C17: 73526 | D17: 326558 | E17: 333406 | F17: 90210 | G17: 141316 | H17: 41729 | I17: 243
A18: January | B18: 143279 | C18: 10314 | D18: 46991 | E18: 46385 | F18: 13363 | G18: 20132 | H18: 5968 | I18: 125
A19: February | B19: 146557 | C19: 11092 | D19: 48918 | E19: 47686 | F19: 12781 | G19: 19940 | H19: 5789 | I19: 351
A20: March | B20: 142954 | C20: 10822 | D20: 47353 | E20: 46221 | F20: 12705 | G20: 19681 | H20: 5876 | I20: 294
A21: April | B21: 143167 | C21: 10472 | D21: 45329 | E21: 47529 | F21: 13256 | G21: 20642 | H21: 6105 | I21: -167
A22: May | B22: 141770 | C22: 10054 | D22: 45406 | E22: 47092 | F22: 12831 | G22: 20589 | H22: 5938 | I22: -139
A23: June | B23: 144950 | C23: 10296 | D23: 46671 | E23: 48401 | F23: 13343 | G23: 20352 | H23: 5970 | I23: -83
A24: July | B24: 144311 | C24: 10475 | D24: 45890 | E24: 50092 | F24: 11932 | G24: 19980 | H24: 6082 | I24: -139
A25: August | B25: 148682 | C25: 10431 | D25: 47248 | E25: 51308 | F25: 12542 | G25: 20661 | H25: 6658 | I25: -166
A26: September | B26: 147494 | C26: 10937 | D26: 47291 | E26: 50115 | F26: 13089 | G26: 19935 | H26: 6152 | I26: -25
A27: October | B27: 141723 | C27: 10534 | D27: 45799 | E27: 47683 | F27: 11832 | G27: 19448 | H27: 6381 | I27: 46
... A29: December | B29: 141529 | C29: 10773 | D29: 46393 | E29: 47227 | F29: 11690 | G29: 18797 | H29: 6439 | I29: 209
A30: 2025
A31: Jan. - July | B31: 1038330 | C31: 70503 | D31: 336490 | E31: 363096 | F31: 80164 | G31: 140056 | H31: 48444 | I31: -424
A32: January | B32: 143162 | C32: 10128 | D32: 44664 | E32: 50652 | F32: 10978 | G32: 19901 | H32: 7120 | I32: -282
A33: February | B33: 146934 | C33: 9666 | D33: 46305 | E33: 52707 | F33: 12543 | G33: 20151 | H33: 6001 | I33: -438
A34: March | B34: 151073 | C34: 10485 | D34: 48957 | E34: 51768 | F34: 13381 | G34: 20053 | H34: 6471 | I34: -42
A35: April | B35: 156554 | C35: 10117 | D35: 56671 | E35: 52315 | F35: 10425 | G35: 18996 | H35: 7173 | I35: 857
A36: May | B36: 148016 | C36: 9789 | D36: 49574 | E36: 50457 | F36: 10772 | G36: 19851 | H36: 7362 | I36: 212
A37: June (R) | B37: 146421 | C37: 10165 | D37: 45253 | E37: 52391 | F37: 10927 | G37: 20660 | H37: 7366 | I37: -342
A38: July | B38: 146170 | C38: 10153 | D38: 45067 | E38: 52807 | F38: 11139 | G38: 20443 | H38: 6951 | I38: -389
A39: August
A40: September
A41: October
A42: November
A43: December
B44: Imports 수입
A45: 2024
A46: Jan. - Dec. | B46: 2865147 | C46: 174061 | D46: 474280 | E46: 910877 | F46: 431468 | G46: 775371 | H46: 117099 | I46: -18008
A47: Jan. - July | B47: 1647230 | C47: 100258 | D47: 272680 | E47: 518901 | F47: 257186 | G47: 439969 | H47: 68017 | I47: -9780
A48: January | B48: 230216 | C48: 14011 | D48: 39171 | E48: 71092 | F48: 36909 | G48: 60274 | H48: 9696 | I48: -938
A49: February | B49: 234159 | C49: 14823 | D49: 38894 | E49: 71850 | F49: 37938 | G49: 62119 | H49: 9731 | I49: -1194
A50: March | B50: 231516 | C50: 14163 | D50: 38490 | E50: 72490 | F50: 34972 | G50: 63472 | H50: 9320 | I50: -1392
A51: April | B51: 235938 | C51: 14258 | D51: 37965 | E51: 73877 | F51: 37763 | G51: 63985 | H51: 9868 | I51: -1778
A52: May | B52: 235532 | C52: 14608 | D52: 39386 | E52: 74282 | F52: 36844 | G52: 61690 | H52: 9887 | I52: -1164
A53: June | B53: 237768 | C53: 14291 | D53: 38557 | E53: 76128 | F53: 36652 | G53: 63969 | H53: 9909 | I53: -1736
A54: July | B54: 242101 | C54: 14104 | D54: 40217 | E54: 79182 | F54: 36107 | G54: 64461 | H54: 9606 | I54: -1577
A55: August | B55: 238665 | C55: 14317 | D55: 37889 | E55: 78720 | F55: 35329 | G55: 64529 | H55: 9974 | I55: -2092
A56: September | B56: 245806 | C56: 14830 | D56: 39232 | E56: 80928 | F56: 35361 | G56: 67754 | H56: 9867 | I56: -2166
A57: October | B57: 234987 | C57: 14718 | D57: 37662 | E57: 74606 | F57: 34373 | G57: 66266 | H57: 9293 | I57: -1931
... A59: December | B59: 253703 | C59: 14618 | D59: 47151 | E59: 79306 | F59: 33897 | G59: 69104 | H59: 9838 | I59: -212
A60: 2025
A61: Jan. - July | B61: 1830603 | C61: 102329 | D61: 324967 | E61: 605238 | F61: 233027 | G61: 499587 | H61: 74852 | I61: -9397
A62: January | B62: 286363 | C62: 15608 | D62: 62790 | E62: 83794 | F62: 34366 | G62: 76185 | H62: 10793 | I62: 2827
A63: February | B63: 283623 | C63: 14845 | D63: 58852 | E63: 85126 | F63: 34527 | G63: 78445 | H63: 10491 | I63: 1337
A64: March | B64: 301027 | C64: 14889 | D64: 52093 | E64: 88550 | F64: 37713 | G64: 100402 | H64: 10585 | I64: -3205
A65: April | B65: 240919 | C65: 14259 | D65: 36470 | E65: 85335 | F65: 30141 | G65: 67905 | H65: 10200 | I65: -3391
A66: May | B66: 241340 | C66: 14229 | D66: 36443 | E66: 85526 | F66: 33200 | G66: 63998 | H66: 11072 | I66: -3129
A67: June (R) | B67: 231064 | C67: 14048 | D67: 34936 | E67: 86249 | F67: 32159 | G67: 55846 | H67: 10548 | I67: -2723
A68: July | B68: 246267 | C68: 14450 | D68: 43383 | E68: 90658 | F68: 30920 | G68: 56805 | H68: 11163 | I68: -1112
A69: August
A70: September
A71: October
A72: November
A73: December
A74: (1) Detailed data are presented on a Census basis. The information needed to convert to a BOP basis is not available.
A75: =HLOOKUP(A74,'6'!72:73,2,0) -> 세부수치는 전수조사 기준에 제시되어 있으며, 국제수지 기준으로 변환하는데 필요한 정보는 제공되지 아니합니다.
A77: (2) Includes petroleum and petroleum products.
A78: =HLOOKUP(A77,'6'!75:76,2,0) -> 석유 및 석유제품을 포함합니다.
A80: (3) The "residual" represents the difference between total exports or imports of goods on a Census basis and the sum of the components. For additional
A81: information, see www.census.gov/foreign-trade/aip/priceadj.pdf.
A82: 오차는 전수조사 기준으로 한 상품 수출 및 수입 전체와 각 요소들의 합계의 차이를 말합니다.
A83: 추가 정보는 www.census.gov/foreign-trade/aip/priceadj.pdf. 에서 볼 수 있습니다.
A85: NOTE: For information on data sources, nonsampling errors, and definitions, see the explanatory notes in this release or at www.census.gov/ft900 or
A86: www.bea.gov/data/intl-trade-investment/international-trade-goods-and-services.
A87: 데이터의 출처·비표본 오차·정의에 대한 정보는 공표자료의 주석을 확인하거나 위 링크에서 확인하기를 바랍니다.

Sheet 11
A2: Part A: Seasonally Adjusted (by Commodity/Service)
A3: =VLOOKUP(A2,'Table of Contents'!A:C,3,0) -> 상품 및 서비스별 계절조정계열
A4: Exhibit 11. Real U.S. Trade in Petroleum and Non-Petroleum Products by End-Use
A5: Chained (2017) Dollars
A6: =VLOOKUP(MID(CONCATENATE(A4," ",A5),SEARCH(".",CONCATENATE(A4," ",A5))+2,LEN(CONCATENATE(A4," ",A5))),'Table of Contents'!B:C,2,0) -> 최종용도별 실질 석유 및 비석유 무역, 연쇄가격 2017년
A7: In millions of dollars. Details may not equal totals due to seasonal adjustment and rounding. The values in this exhibit are subject to periodic change,
A8: reflecting revisions to the source information for the monthly deflators. (-) Represents zero or less than one-half of measurement shown. (R) - Revised.
A9: 단위: 백만 달러. 단위: 백만 달러. 계절조정과 반올림 때문에 총계와 세부사항이 같지 않을 수 있음. 이 표에 있는 금액들은 주기적으로 변할 수 있으며, 월별 디플레이터 원천의 개정사항을 반영함. (-) 표시된 측정값의 0 또는 절반 미만을 나타냄. (R) - 수정치.
A10: Period | B10: Balance | F10: Exports | J10: Imports
B11: Total Census Basis (1) | C11: Petroleum | D11: Non-petroleum | E11: Residual (2) | F11: Total Census Basis (1) | G11: Petroleum | H11: Non-petroleum | I11: Residual (2) | J11: Total Census Basis (1) | K11: Petroleum | L11: Non-petroleum | M11: Residual (2)
A12: 기간 | B12: 수지 | F12: 수출 | J12: 수입
B13: 전수조사 기초 | C13: 석유 | D13: 비석유 | E13: 오차 | F13: 전수조사 기초 | G13: 석유 | H13: 비석유 | I13: 오차 | J13: 전수조사 기초 | K13: 석유 | L13: 비석유 | M13: 오차
A14: 2023
A15: Jan. - Dec. | B15: -1027440 | C15: 23822 | D15: -1076571 | E15: 25309 | F15: 1695932 | G15: 177505 | H15: 1494330 | I15: 24097 | J15: 2723372 | K15: 153683 | L15: 2570901 | M15: -1212
A16: Jan. - July | B16: -606333 | C16: 11691 | D16: -631989 | E16: 13965 | F16: 983010 | G16: 101245 | H16: 868510 | I16: 13255 | J16: 1589343 | K16: 89554 | L16: 1500499 | M16: -710
A17: January | B17: -85833 | C17: 48 | D17: -87197 | E17: 1316 | F17: 144760 | G17: 13610 | H17: 129710 | I17: 1440 | J17: 230593 | K17: 13562 | L17: 216907 | M17: 124
A18: February | B18: -88266 | C18: -20 | D18: -89611 | E18: 1365 | F18: 138984 | G18: 13499 | H18: 123929 | I18: 1555 | J18: 227250 | K18: 13519 | L18: 213540 | M18: 191
A19: March | B19: -81093 | C19: 3090 | D19: -86588 | E19: 2405 | F19: 143297 | G19: 15768 | H19: 125215 | I19: 2314 | J19: 224390 | K19: 12678 | L19: 211803 | M19: -91
A20: April | B20: -92775 | C20: 1386 | D20: -96208 | E20: 2047 | F20: 137207 | G20: 14019 | H20: 121373 | I20: 1814 | J20: 229982 | K20: 12633 | L20: 217581 | M20: -233
A21: May | B21: -86222 | C21: 2971 | D21: -91594 | E21: 2400 | F21: 139112 | G21: 15318 | H21: 121634 | I21: 2160 | J21: 225334 | K21: 12346 | L21: 213228 | M21: -240
A22: June | B22: -85940 | C22: 1887 | D22: -89987 | E22: 2159 | F22: 138824 | G22: 14202 | H22: 122701 | I22: 1920 | J22: 224763 | K22: 12315 | L22: 212688 | M22: -239
A23: July | B23: -86203 | C23: 2329 | D23: -90805 | E23: 2273 | F23: 140827 | G23: 14829 | H23: 123947 | I23: 2051 | J23: 227030 | K23: 12501 | L23: 214752 | M23: -222
A24: August | B24: -83325 | C24: 1840 | D24: -87197 | E24: 2032 | F24: 141508 | G24: 14600 | H24: 124952 | I24: 1956 | J24: 224833 | K24: 12759 | L24: 212150 | M24: -76
A25: September | B25: -83996 | C25: 1497 | D25: -87376 | E25: 1883 | F25: 142705 | G25: 14305 | H25: 126621 | I25: 1778 | J25: 226701 | K25: 12808 | L25: 213998 | M25: -104
A26: October | B26: -85191 | C26: 2898 | D26: -90669 | E26: 2581 | F26: 144010 | G26: 15403 | H26: 126366 | I26: 2240 | J26: 229201 | K26: 12505 | L26: 217036 | M26: -340
... A28: December | B28: -83476 | C28: 3617 | D28: -89651 | E28: 2558 | F28: 144885 | G28: 16994 | H28: 125200 | I28: 2692 | J28: 228362 | K28: 13377 | L28: 214851 | M28: 134
A29: 2024
A30: Jan. - Dec. | B30: -1132647 | C30: 39845 | D30: -1206137 | E30: 33645 | F30: 1732500 | G30: 192101 | H30: 1511389 | I30: 29011 | J30: 2865147 | K30: 152256 | L30: 2717526 | M30: -4635
A31: Jan. - July | B31: -640243 | C31: 19867 | D31: -678335 | E31: 18225 | F31: 1006988 | G31: 110098 | H31: 880288 | I31: 16602 | J31: 1647230 | K31: 90231 | L31: 1558622 | M31: -1623
A32: January | B32: -86937 | C32: 2462 | D32: -91822 | E32: 2423 | F32: 143279 | G32: 15236 | H32: 125789 | I32: 2254 | J32: 230216 | K32: 12774 | L32: 217611 | M32: -169
A33: February | B33: -87602 | C33: 3391 | D33: -93738 | E33: 2745 | F33: 146557 | G33: 16085 | H33: 128022 | I33: 2451 | J33: 234159 | K33: 12694 | L33: 221760 | M33: -294
A34: March | B34: -88563 | C34: 3266 | D34: -94530 | E34: 2702 | F34: 142954 | G34: 15999 | H34: 124466 | I34: 2489 | J34: 231516 | K34: 12733 | L34: 218996 | M34: -213
A35: April | B35: -92771 | C35: 2363 | D35: -97644 | E35: 2510 | F35: 143167 | G35: 15045 | H35: 125960 | I35: 2162 | J35: 235938 | K35: 12682 | L35: 223604 | M35: -349
A36: May | B36: -93761 | C36: 2462 | D36: -98691 | E36: 2467 | F36: 141770 | G36: 15663 | H36: 123731 | I36: 2376 | J36: 235532 | K36: 13200 | L36: 222422 | M36: -91
A37: June | B37: -92819 | C37: 3204 | D37: -98714 | E37: 2692 | F37: 144950 | G37: 16308 | H37: 126140 | I37: 2501 | J37: 237768 | K37: 13104 | L37: 224854 | M37: -190
A38: July | B38: -97790 | C38: 2719 | D38: -103195 | E38: 2686 | F38: 144311 | G38: 15763 | H38: 126179 | I38: 2369 | J38: 242101 | K38: 13044 | L38: 229374 | M38: -317
A39: August | B39: -89984 | C39: 3954 | D39: -96906 | E39: 2969 | F39: 148682 | G39: 16354 | H39: 129856 | I39: 2471 | J39: 238665 | K39: 12401 | L39: 226762 | M39: -498
A40: September | B40: -98312 | C40: 3876 | D40: -105299 | E40: 3111 | F40: 147494 | G40: 16284 | H40: 128748 | I40: 2462 | J40: 245806 | K40: 12408 | L40: 234047 | M40: -649
A41: October | B41: -93264 | C41: 4014 | D41: -100257 | E41: 2979 | F41: 141723 | G41: 16118 | H41: 123167 | I41: 2438 | J41: 234987 | K41: 12104 | L41: 223424 | M41: -541
... A43: December | B43: -112174 | C43: 3547 | D43: -118866 | E43: 3146 | F43: 141529 | G43: 16341 | H43: 122712 | I43: 2476 | J43: 253703 | K43: 12794 | L43: 241578 | M43: -669
A44: 2025
A45: Jan. - July | B45: -792273 | C45: 22067 | D45: -838004 | E45: 23663 | F45: 1038330 | G45: 106758 | H45: 916122 | I45: 15450 | J45: 1830603 | K45: 84691 | L45: 1754125 | M45: -8213
A46: January | B46: -143201 | C46: 3308 | D46: -150284 | E46: 3774 | F46: 143162 | G46: 15886 | H46: 124888 | I46: 2388 | J46: 286363 | K46: 12578 | L46: 275172 | M46: -1387
A47: February | B47: -136689 | C47: 2793 | D47: -143112 | E47: 3630 | F47: 146934 | G47: 14981 | H47: 129793 | I47: 2161 | J47: 283623 | K47: 12188 | L47: 272904 | M47: -1469
A48: March | B48: -149955 | C48: 3472 | D48: -157479 | E48: 4053 | F48: 151073 | G48: 15816 | H48: 132953 | I48: 2304 | J48: 301027 | K48: 12344 | L48: 290432 | M48: -1749
A49: April | B49: -84365 | C49: 3523 | D49: -91059 | E49: 3170 | F49: 156554 | G49: 15098 | H49: 139267 | I49: 2190 | J49: 240919 | K49: 11574 | L49: 230326 | M49: -981
A50: May | B50: -93324 | C50: 2627 | D50: -98939 | E50: 2989 | F50: 148016 | G50: 14944 | H50: 130933 | I50: 2139 | J50: 241340 | K50: 12318 | L50: 229872 | M50: -850
A51: June (R) | B51: -84642 | C51: 3255 | D51: -90842 | E51: 2945 | F51: 146421 | G51: 15224 | H51: 129039 | I51: 2158 | J51: 231064 | K51: 11969 | L51: 219881 | M51: -787
A52: July | B52: -100096 | C52: 3089 | D52: -106289 | E52: 3103 | F52: 146170 | G52: 14809 | H52: 129250 | I52: 2111 | J52: 246267 | K52: 11720 | L52: 235539 | M52: -992
A53: August
A54: September
A55: October
A56: November
A57: December
A58: (1) Detailed data are presented on a Census basis. The information needed to convert to a BOP basis is not available.
A59: =HLOOKUP(A58,'6'!$72:$73,2,0) -> 세부수치는 전수조사 기준에 제시되어 있으며, 국제수지 기준으로 변환하는데 필요한 정보는 제공되지 아니합니다.
A61: (2) The "residual" represents the difference between total exports or imports of goods on a Census basis and the sum of the components. For additional information, see
A62: www.census.gov/foreign-trade/aip/priceadj.pdf.
A63: 오차는 전수조사 기준으로 한 상품 수출 및 수입 전체와 각 요소들의 합계의 차이를 말합니다.
A64: 추가 정보는 www.census.gov/foreign-trade/aip/priceadj.pdf. 에서 볼 수 있습니다.
A66: NOTE: For information on data sources, nonsampling errors, and definitions, see the explanatory notes in this release or at www.census.gov/ft900 or
A67: www.bea.gov/data/intl-trade-investment/international-trade-goods-and-services.
A68: ='10'!A87 -> 데이터의 출처·비표본 오차·정의에 대한 정보는 공표자료의 주석을 확인하거나 위 링크에서 확인하기를 바랍니다.

Sheet 12
A2: Part B: NOT Seasonally Adjusted
A3: =VLOOKUP(A2,'Table of Contents'!A:C,3,0) -> 원계열
A4: Exhibit 12. U.S. Trade in Goods
A5: =VLOOKUP(MID(A4,SEARCH(".",A4)+2,LEN(A4)),'Table of Contents'!B:C,2,0) -> 상품 무역
A6: In millions of dollars. Details may not equal totals due to rounding. (R) - Revised.
A7: 단위: 백만 달러. 반올림 때문에 총계와 세부사항이 같지 않을 수 있음. (R) - 수정치.
A8: Period | B8: Balance | D8: Exports | G8: Imports
B9: Total Balance of Payments Basis | C9: Total Census Basis | D9: Total Balance of Payments Basis | E9: Net Adjustments | F9: Total Census Basis | G9: Total Balance of Payments Basis | H9: Net Adjustments | I9: Total Census Basis
A10: =HLOOKUP(A8,'5'!8:10,3,0) -> 기간 | B10: =HLOOKUP(B8,'5'!8:10,3,0) -> 수지 | D10: =HLOOKUP(D8,'5'!8:10,3,0) -> 수출 | G10: =HLOOKUP(G8,'5'!8:10,3,0) -> 수입
B11: =HLOOKUP(B9,'5'!9:11,3,0) -> 국제수지 기준 | C11: =HLOOKUP(C9,'5'!9:11,3,0) -> 전수조사 기준 | D11: =HLOOKUP(D9,'5'!9:11,3,0) -> 국제수지 기준 | E11: =HLOOKUP(E9,'5'!9:11,3,0) -> 순 조정 | F11: =HLOOKUP(F9,'5'!9:11,3,0) -> 전수조사 기준 | G11: =HLOOKUP(G9,'5'!9:11,3,0) -> 국제수지 기준 | H11: =HLOOKUP(H9,'5'!9:11,3,0) -> 순 조정 | I11: =HLOOKUP(I9,'5'!9:11,3,0) -> 전수조사 기준
A12: 2023
A13: Jan. - Dec. | B13: -1057495 | C13: -1056317 | D13: 2047457 | E13: 26978 | F13: 2020479 | G13: 3104952 | H13: 28155 | I13: 3076796
A14: Jan. - July | B14: -608056 | C14: -607472 | D14: 1179548 | E14: 15323 | F14: 1164225 | G14: 1787604 | H14: 15906 | I14: 1771697
A15: January | B15: -90826 | C15: -89854 | D15: 166188 | E15: 1416 | F15: 164772 | G15: 257014 | H15: 2388 | I15: 254626
A16: February | B16: -72282 | C16: -71449 | D16: 160255 | E16: 1533 | F16: 158721 | G16: 232536 | H16: 2367 | I16: 230170
A17: March | B17: -78355 | C17: -77673 | D17: 185455 | E17: 1884 | F17: 183571 | G17: 263809 | H17: 2566 | I17: 261244
A18: April | B18: -86853 | C18: -87204 | D18: 165282 | E18: 2617 | F18: 162666 | G18: 252135 | H18: 2266 | I18: 249869
A19: May | B19: -95667 | C19: -96101 | D19: 169763 | E19: 2619 | F19: 167144 | G19: 265430 | H19: 2185 | I19: 263245
A20: June | B20: -89752 | C20: -90057 | D20: 169483 | E20: 2329 | F20: 167154 | G20: 259235 | H20: 2024 | I20: 257211
A21: July | B21: -94321 | C21: -95135 | D21: 163123 | E21: 2925 | F21: 160198 | G21: 257444 | H21: 2111 | I21: 255333
A22: August | B22: -92922 | C22: -92865 | D22: 175172 | E22: 2481 | F22: 172691 | G22: 268094 | H22: 2538 | I22: 265555
A23: September | B23: -88664 | C23: -88973 | D23: 174617 | E23: 2727 | F23: 171890 | G23: 263281 | H23: 2418 | I23: 260863
A24: October | B24: -98078 | C24: -97842 | D24: 180665 | E24: 2329 | F24: 178336 | G24: 278743 | H24: 2565 | I24: 276179
... A26: December | B26: -80261 | C26: -79350 | D26: 169109 | E26: 1418 | F26: 167692 | G26: 249370 | H26: 2329 | I26: 247041
A27: 2024
A28: Jan. - Dec. | B28: -1215403 | C28: -1204719 | D28: 2079777 | E28: 18086 | F28: 2061691 | G28: 3295180 | H28: 28770 | I28: 3266410
A29: Jan. - July | B29: -668870 | C29: -661010 | D29: 1203485 | E29: 9422 | F29: 1194063 | G29: 1872355 | H29: 17282 | I29: 1855073
A30: January | B30: -94963 | C30: -93527 | D30: 161408 | E30: 1242 | F30: 160165 | G30: 256370 | H30: 2678 | I30: 253693
A31: February | B31: -76098 | C31: -74766 | D31: 168673 | E31: 1209 | F31: 167464 | G31: 244771 | H31: 2541 | I31: 242229
A32: March | B32: -80838 | C32: -79717 | D32: 180601 | E32: 1232 | F32: 179370 | G32: 261440 | H32: 2353 | I32: 259087
A33: April | B33: -101443 | C33: -99824 | D33: 172212 | E33: 1062 | F33: 171150 | G33: 273655 | H33: 2681 | I33: 270974
A34: May | B34: -103085 | C34: -101861 | D34: 174523 | E34: 1477 | F34: 173045 | G34: 277608 | H34: 2701 | I34: 274906
A35: June | B35: -92811 | C35: -92076 | D35: 175271 | E35: 1290 | F35: 173980 | G35: 268081 | H35: 2025 | I35: 266057
A36: July | B36: -119632 | C36: -119239 | D36: 170798 | E36: 1910 | F36: 168888 | G36: 290430 | H36: 2303 | I36: 288127
A37: August | B37: -98273 | C37: -97157 | D37: 181425 | E37: 1275 | F37: 180150 | G37: 279698 | H37: 2392 | I37: 277306
A38: September | B38: -115315 | C38: -114627 | D38: 172864 | E38: 1527 | F38: 171336 | G38: 288178 | H38: 2215 | I38: 285963
A39: October | B39: -112795 | C39: -112099 | D39: 178466 | E39: 1720 | F39: 176745 | G39: 291261 | H39: 2417 | I39: 288844
... A41: December | B41: -120081 | C41: -119553 | D41: 167194 | E41: 1836 | F41: 165358 | G41: 287275 | H41: 2363 | I41: 284911
A42: 2025
A43: Jan. - July | B43: -811562 | C43: -806545 | D43: 1260820 | E43: 8919 | F43: 1251901 | G43: 2072382 | H43: 13935 | I43: 2058446
A44: January (R) | B44: -153278 | C44: -152364 | D44: 165893 | E44: 1031 | F44: 164862 | G44: 319171 | H44: 1944 | I44: 317227
A45: February (R) | B45: -119801 | C45: -120619 | D45: 170423 | E45: 2848 | F45: 167575 | G45: 290224 | H45: 2030 | I45: 288194
A46: March (R) | B46: -151950 | C46: -151316 | D46: 192967 | E46: 1556 | F46: 191411 | G46: 344916 | H46: 2190 | I46: 342727
A47: April (R) | B47: -87407 | C47: -86422 | D47: 190490 | E47: 779 | F47: 189711 | G47: 277897 | H47: 1764 | I47: 276133
A48: May (R) | B48: -94478 | C48: -93299 | D48: 183825 | E48: 721 | F48: 183104 | G48: 278302 | H48: 1899 | I48: 276403
A49: June (R) | B49: -86516 | C49: -85391 | D49: 180989 | E49: 862 | F49: 180127 | G49: 267505 | H49: 1987 | I49: 265518
A50: July | B50: -118134 | C50: -117134 | D50: 176233 | E50: 1122 | F50: 175110 | G50: 294366 | H50: 2122 | I50: 292245
A51: August
A52: September
A53: October
A54: November
A55: December
A56: June data as published last month (지난 달에 발표된 6월치):
B57: -86681 | C57: -85668 | D57: 180886 | E57: 1021 | F57: 179865 | G57: 267567 | H57: 2034 | I57: 265533
A58: NOTE: For information on data sources, nonsampling errors, definitions, and details concerning what is included in Net Adjustments, see the explanatory notes in
A59: this release or at www.census.gov/ft900 or www.bea.gov/data/intl-trade-investment/international-trade-goods-and-services.
A60: ='5'!$A$60 -> 데이터의 출처·비표본 오차·정의 및 순 조정에 포함되어 있는 세부사항에 대한 정보는 공표자료의 주석을 확인하거나 위 링크에서 확인하기를 바랍니다.

Sheet 13
A2: Part B: NOT Seasonally Adjusted
A3: =VLOOKUP(A2,'Table of Contents'!A:C,3,0) -> 원계열
A4: Exhibit 13. U.S. Trade in Goods by Principal End-Use Category
A5: =VLOOKUP(MID(A4,SEARCH(".",A4)+2,LEN(A4)),'Table of Contents'!B:C,2,0) -> 주된 최종용도별 상품 무역
A6: In millions of dollars. Details may not equal totals due to rounding. (R) - Revised.
A7: 단위: 백만 달러. 반올림 때문에 총계와 세부사항이 같지 않을 수 있음. (R) - 수정치.
A8: Period | B8: Total Balance of Payments Basis | C8: Net Adjustments | D8: Total Census Basis (1) | E8: End-Use Commodity Category
E9: Foods, Feeds, & Beverages | F9: Industrial Supplies (2) | G9: Capital Goods | H9: Automotive Vehicles, etc. | I9: Consumer Goods | J9: Other Goods
A10: =HLOOKUP(A8,'6'!8:10,3,0) -> 기간 | B10: =HLOOKUP(B8,'6'!8:10,3,0) -> 국제수지 기준 | C10: =HLOOKUP(C8,'6'!8:10,3,0) -> 순조정 | D10: =HLOOKUP(D8,'6'!8:10,3,0) -> 전수조사 기준 | E10: =HLOOKUP(E8,'6'!8:10,3,0) -> 상품 최종용도
E11: =HLOOKUP(E9,'6'!9:11,3,0) -> 식료품, 사료 및 음료 | F11: =HLOOKUP(F9,'6'!9:11,3,0) -> 산업용품 | G11: =HLOOKUP(G9,'6'!9:11,3,0) -> 자본재 | H11: =HLOOKUP(H9,'6'!9:11,3,0) -> 자동차 등 | I11: =HLOOKUP(I9,'6'!9:11,3,0) -> 소비재 | J11: =HLOOKUP(J9,'6'!9:11,3,0) -> 기타 상품
B12: Exports 수출
A13: 2024
A14: Jan. - Dec. | B14: 2079777 | C14: 18086 | D14: 2061691 | E14: 165768 | F14: 727919 | G14: 646357 | H14: 172248 | I14: 260101 | J14: 89298
A15: Jan. - July | B15: 1203485 | C15: 9422 | D15: 1194063 | E15: 92613 | F15: 428595 | G15: 368638 | H15: 101334 | I15: 153093 | J15: 49791
A16: January | B16: 161408 | C16: 1242 | D16: 160165 | E16: 13717 | F16: 58970 | G16: 48070 | H16: 12808 | I16: 20109 | J16: 6492
A17: February | B17: 168673 | C17: 1209 | D17: 167464 | E17: 14451 | F17: 61763 | G17: 49092 | H17: 13783 | I17: 21616 | J17: 6758
A18: March | B18: 180601 | C18: 1232 | D18: 179370 | E18: 14401 | F18: 64092 | G18: 54875 | H18: 15454 | I18: 23189 | J18: 7359
A19: April | B19: 172212 | C19: 1062 | D19: 171150 | E19: 13090 | F19: 61139 | G19: 52519 | H19: 15401 | I19: 21618 | J19: 7383
A20: May | B20: 174523 | C20: 1477 | D20: 173045 | E20: 12638 | F20: 61206 | G20: 53065 | H20: 15765 | I20: 23136 | J20: 7235
A21: June | B21: 175271 | C21: 1290 | D21: 173980 | E21: 11990 | F21: 60316 | G21: 55752 | H21: 15265 | I21: 23443 | J21: 7214
A22: July | B22: 170798 | C22: 1910 | D22: 168888 | E22: 12325 | F22: 61109 | G22: 55266 | H22: 12858 | I22: 19981 | J22: 7350
A23: August | B23: 181425 | C23: 1275 | D23: 180150 | E23: 12544 | F23: 62845 | G23: 58637 | H23: 15193 | I23: 22650 | J23: 8281
A24: September | B24: 172864 | C24: 1527 | D24: 171336 | E24: 12789 | F24: 58724 | G24: 55033 | H24: 15390 | I24: 22006 | J24: 7395
A25: October | B25: 178466 | C25: 1720 | D25: 176745 | E25: 15904 | F25: 59398 | G25: 56523 | H25: 14269 | I25: 22650 | J25: 8002
... A27: December | B27: 167194 | C27: 1836 | D27: 165358 | E27: 15105 | F27: 58574 | G27: 53568 | H27: 11723 | I27: 17872 | J27: 8516
A28: 2025
A29: Jan. - July | B29: 1260820 | C29: 8919 | D29: 1251901 | E29: 91050 | F29: 448623 | G29: 405617 | H29: 92428 | I29: 155048 | J29: 59136
A30: January (R) | B30: 165893 | C30: 1031 | D30: 164862 | E30: 13321 | F30: 58166 | G30: 53757 | H30: 10974 | I30: 20444 | J30: 8200
A31: February (R) | B31: 170423 | C31: 2848 | D31: 167575 | E31: 12570 | F31: 59652 | G31: 52872 | H31: 13510 | I31: 21901 | J31: 7069
A32: March (R) | B32: 192967 | C32: 1556 | D32: 191411 | E32: 14615 | F32: 66491 | G32: 61622 | H32: 16652 | I32: 23900 | J32: 8130
A33: April (R) | B33: 190490 | C33: 779 | D33: 189711 | E33: 13200 | F33: 75762 | G33: 58895 | H33: 12390 | I33: 20644 | J33: 8821
A34: May (R) | B34: 183825 | C34: 721 | D34: 183104 | E34: 12624 | F34: 67241 | G34: 57765 | H34: 13588 | I34: 22768 | J34: 9118
A35: June (R) | B35: 180989 | C35: 862 | D35: 180127 | E35: 12257 | F35: 60767 | G35: 60885 | H35: 12875 | I35: 24169 | J35: 9175
A36: July | B36: 176233 | C36: 1122 | D36: 175110 | E36: 12462 | F36: 60543 | G36: 59821 | H36: 12439 | I36: 21221 | J36: 8623
A37: August
A38: September
A39: October
A40: November
A41: December
B42: Imports 수입
A43: 2024
A44: Jan. - Dec. | B44: 3295180 | C44: 28770 | D44: 3266410 | E44: 216021 | F44: 675771 | G44: 961759 | H44: 474380 | I44: 805674 | J44: 132805
A45: Jan. - July | B45: 1872355 | C45: 17282 | D45: 1855073 | E45: 124672 | F45: 393141 | G45: 539483 | H45: 278390 | I45: 443151 | J45: 76235
A46: January | B46: 256370 | C46: 2678 | D46: 253693 | E46: 17382 | F46: 54906 | G46: 71408 | H46: 37763 | I46: 62063 | J46: 10171
A47: February | B47: 244771 | C47: 2541 | D47: 242229 | E47: 17121 | F47: 49747 | G47: 68114 | H47: 38144 | I47: 58876 | J47: 10227
A48: March | B48: 261440 | C48: 2353 | D48: 259087 | E48: 18431 | F48: 53140 | G48: 76108 | H48: 39626 | I48: 60936 | J48: 10846
A49: April | B49: 273655 | C49: 2681 | D49: 270974 | E49: 18352 | F49: 57063 | G49: 77168 | H49: 42297 | I49: 64641 | J49: 11453
A50: May | B50: 277608 | C50: 2701 | D50: 274906 | E50: 18483 | F50: 60071 | G50: 79657 | H50: 41094 | I50: 64042 | J50: 11560
A51: June | B51: 268081 | C51: 2025 | D51: 266057 | E51: 17090 | F51: 56165 | G51: 80470 | H51: 39353 | I51: 62093 | J51: 10887
A52: July | B52: 290430 | C52: 2303 | D52: 288127 | E52: 17813 | F52: 62050 | G52: 86559 | H52: 40114 | I52: 70501 | J52: 11090
A53: August | B53: 279698 | C53: 2392 | D53: 277306 | E53: 17558 | F53: 55609 | G53: 83886 | H53: 39903 | I53: 69642 | J53: 10708
A54: September | B54: 288178 | C54: 2215 | D54: 285963 | E54: 17622 | F54: 55027 | G54: 86974 | H54: 38818 | I54: 76059 | J54: 11463
A55: October | B55: 291261 | C55: 2417 | D55: 288844 | E55: 18690 | F55: 54386 | G55: 84689 | H55: 40469 | I55: 78751 | J55: 11859
... A57: December | B57: 287275 | C57: 2363 | D57: 284911 | E57: 18803 | F57: 63907 | G57: 84808 | H57: 37532 | I57: 68678 | J57: 11182
A58: 2025
A59: Jan. - July | B59: 2072382 | C59: 13935 | D59: 2058446 | E59: 134129 | F59: 458967 | G59: 629749 | H59: 253113 | I59: 497306 | J59: 85182
A60: January (R) | B60: 319171 | C60: 1944 | D60: 317227 | E60: 20459 | F60: 88804 | G60: 83793 | H60: 35535 | I60: 77042 | J60: 11594
A61: February (R) | B61: 290224 | C61: 2030 | D61: 288194 | E61: 17924 | F61: 76037 | G61: 77256 | H61: 34435 | I61: 71715 | J61: 10825
A62: March (R) | B62: 344916 | C62: 2190 | D62: 342727 | E62: 20650 | F62: 73528 | G62: 93556 | H62: 43067 | I62: 99360 | J62: 12565
A63: April (R) | B63: 277897 | C63: 1764 | D63: 276133 | E63: 19214 | F63: 53571 | G63: 89384 | H63: 34157 | I63: 67604 | J63: 12205
A64: May (R) | B64: 278302 | C64: 1899 | D64: 276403 | E64: 19105 | F64: 52848 | G64: 91029 | H64: 36882 | I64: 63867 | J64: 12672
A65: June (R) | B65: 267505 | C65: 1987 | D65: 265518 | E65: 18249 | F65: 49925 | G65: 94164 | H65: 34930 | I65: 56099 | J65: 12152
A66: July | B66: 294366 | C66: 2122 | D66: 292245 | E66: 18529 | F66: 64254 | G66: 100566 | H66: 34107 | I66: 61619 | J66: 13170
A67: August
A68: September
A69: October
A70: November
A71: December
A72: (1) Detailed data are presented on a Census basis. The information needed to convert to a BOP basis is not available.
A73: =HLOOKUP(A72,'6'!72:73,2,0) -> 세부수치는 전수조사 기준에 제시되어 있으며, 국제수지 기준으로 변환하는데 필요한 정보는 제공되지 아니합니다.
A75: (2) Includes petroleum and petroleum products.
A76: =HLOOKUP(A75,'6'!75:76,2,0) -> 석유 및 석유제품을 포함합니다.
A78: NOTE: For information on data sources, nonsampling errors, definitions, and details concerning what is included in Net Adjustments, see the explanatory notes in this
A79: release or at www.census.gov/ft900 or www.bea.gov/data/intl-trade-investment/international-trade-goods-and-services.
A80: ='5'!$A$60 -> 데이터의 출처·비표본 오차·정의 및 순 조정에 포함되어 있는 세부사항에 대한 정보는 공표자료의 주석을 확인하거나 위 링크에서 확인하기를 바랍니다.

Sheet 14
A2: Part B: NOT Seasonally Adjusted
A3: =VLOOKUP(A2,'Table of Contents'!A:C,3,0) -> 원계열
A4: Exhibit 14. U.S. Trade in Goods by Selected Countries and Areas: 2025
A5: =VLOOKUP(MID(A4,SEARCH(".",A4)+2,LEN(A4)),'Table of Contents'!B:C,2,0) -> 특정 국가·지역별 상품 무역, 2025.
A6: In millions of dollars. Details may not equal totals due to rounding.
A7: (X) - Not applicable. (-) Represents zero or less than one-half of measurement shown. (R) - Revised.
A8: 단위: 백만 달러. 단위: 백만 달러. 반올림 때문에 총계와 세부사항이 같지 않을 수 있음. (X) - 결측치. (-) 표시된 측정값의 0 또는 절반 미만을 나타냄. (R) - 수정치.
A9: Item (1) 품목 | B9: Balance 수지 | F9: Exports 수출 | J9: Imports 수입
B10: July 2025 | C10: June 2025 | E10: Year-to-Date 2025 | F10: July 2025 | G10: June 2025 | I10: Year-to-Date 2025 | J10: July 2025 | K10: June 2025 | M10: Year-to-Date 2025
A11: Total Balance of Payments Basis 전체, 국제수지 기준 | B11: -118134 | C11: (R) | D11: -86516 | E11: -811562 | F11: 176233 | G11: (R) | H11: 180989 | I11: 1260820 | J11: 294366 | K11: (R) | L11: 267505 | M11: 2072382
A12: Net Adjustments 순조정 | B12: -999 | C12: (R) | D12: -1125 | E12: -5017 | F12: 1122 | G12: (R) | H12: 862 | I12: 8919 | J12: 2122 | K12: (R) | L12: 1987 | M12: 13935
A13: Total Census Basis 전체, 전수조사 기준 | B13: -117134 | C13: (R) | D13: -85391 | E13: -806545 | F13: 175110 | G13: (R) | H13: 180127 | I13: 1251901 | J13: 292245 | K13: (R) | L13: 265518 | M13: 2058446
A14: North America | B14: -22450 | C14: (R) | D14: -17782 | E14: -144598 | F14: 55088 | G14: (R) | H14: 56779 | I14: 395546 | J14: 77538 | L14: 74560 | M14: 540145
A15: Canada | B15: -6075 | C15: (R) | D15: -1011 | E15: -32011 | F15: 26097 | G15: (R) | H15: 28676 | I15: 198385 | J15: 32172 | L15: 29688 | M15: 230396
A16: Mexico | B16: -16375 | D16: -16770 | E16: -112587 | F16: 28991 | H16: 28102 | I16: 197161 | J16: 45366 | L16: 44873 | M16: 309749
A17: Europe | B17: -19135 | D17: -8117 | E17: -204513 | F17: 46794 | H17: 49808 | I17: 340712 | J17: 65929 | L17: 57925 | M17: 545225
A18: European Union | B18: -11921 | D18: -9925 | E18: -159154 | F18: 35006 | H18: 35801 | I18: 236892 | J18: 46927 | L18: 45726 | M18: 396046
A19: Austria | B19: -1080 | D19: -938 | E19: -6307 | F19: 293 | H19: 416 | I19: 3219 | J19: 1373 | L19: 1354 | M19: 9526
A20: Belgium | B20: 732 | D20: 159 | E20: 3789 | F20: 2845 | H20: 2785 | I20: 20274 | J20: 2113 | L20: 2626 | M20: 16485
A21: Czech Republic | B21: -472 | D21: -378 | E21: -2482 | F21: 313 | H21: 362 | I21: 2562 | J21: 785 | L21: 740 | M21: 5044
A22: Finland | B22: -670 | D22: -383 | E22: -3305 | F22: 272 | H22: 300 | I22: 1623 | J22: 942 | L22: 682 | M22: 4928
A23: France | B23: -881 | D23: -961 | E23: -9689 | F23: 4707 | H23: 3859 | I23: 29899 | J23: 5587 | L23: 4820 | M23: 39589
A24: Germany | B24: -6274 | D24: -3760 | E24: -44496 | F24: 6553 | H24: 7323 | I24: 47876 | J24: 12827 | L24: 11083 | M24: 92372
A25: Hungary | B25: -847 | D25: -643 | E25: -5565 | F25: 279 | H25: 311 | I25: 1963 | J25: 1125 | L25: 954 | M25: 7528
A26: Ireland | B26: -2560 | D26: -5276 | E26: -84813 | F26: 1738 | H26: 1386 | I26: 10056 | J26: 4298 | L26: 6662 | M26: 94870
A27: Italy | B27: -3103 | D27: -1861 | E27: -22638 | F27: 4116 | H27: 4267 | I27: 23196 | J27: 7218 | L27: 6128 | M27: 45834
... A70: Other | B70: -1063 | D70: -396 | E70: -4903 | F70: 4252 | H70: 4328 | I70: 29642 | J70: 5314 | L70: 4724 | M70: 34545
A71: Unidentified Countries (2) | B71: (-) | D71: (-) | E71: (-) | F71: (-) | H71: (-) | I71: (-) | J71: (-) | L71: (-) | M71: (-)
A72: Timing Adjustments | B72: (-) | D72: -24 | E72: -16 | F72: (-) | H72: -39 | I72: -46 | J72: (-) | L72: -15 | M72: -30
A73: (1) Detailed data are presented on a Census basis. The information needed to convert to a BOP basis is not available.
A74: =HLOOKUP(A73,'6'!72:73,2,0) -> 세부수치는 전수조사 기준에 제시되어 있으며, 국제수지 기준으로 변환하는데 필요한 정보는 제공되지 아니합니다.
A76: (2) The export totals reflect shipments of certain grains, oilseeds, and satellites that are not included in the country/area totals.
A77: 수출 전체는 국가/지역 전체에 포함되지 않은 특정 곡물, 유채씨앗 및 위성 곡물의 선적을 반영합니다.
A79: NOTES:
A80: * This exhibit is not additive; countries may be included in more than one area. For a list of countries in each area, see the explanatory notes in this release or at
A81: www.census.gov/ft900 or www.bea.gov/data/intl-trade-investment/international-trade-goods-and-services.
A82: 위 표는 가법이 아닙니다. 국가들은 여러 지역에 포함되어 있을 수 있습니다. 각 지역에 포함된 국가들의 목록은 공표자료의 주석을 확인하거나 위 링크에서 확인하기를 바랍니다.
A84: * Area data reflect the composition of the areas as of the most recent statistical period.
A85: 가장 최근의 기간에서 데이터가 있을 때 지역 데이터는 그 지역을 구성하는 국가들의 데이터를 반영합니다.
A87: * For information on data sources, nonsampling errors, definitions, and details concerning what is included in Net Adjustments, see the explanatory notes in this release or at
A88: www.census.gov/ft900 or www.bea.gov/data/intl-trade-investment/international-trade-goods-and-services.
A89: ='5'!A60 -> 데이터의 출처·비표본 오차·정의 및 순 조정에 포함되어 있는 세부사항에 대한 정보는 공표자료의 주석을 확인하거나 위 링크에서 확인하기를 바랍니다.

Sheet 14a
A2: Part B: NOT Seasonally Adjusted
A3: =VLOOKUP(A2,'Table of Contents'!A:C,3,0) -> 원계열
A4: Exhibit 14a. U.S. Trade in Goods by Selected Countries and Areas: 2024
A5: =VLOOKUP(MID(A4,SEARCH(".",A4)+2,LEN(A4)),'Table of Contents'!B:C,2,0) -> 특정 국가·지역별 상품 무역, 2024.
A6: In millions of dollars. Details may not equal totals due to rounding.
A7: (X) - Not applicable. (-) Represents zero or less than one-half of measurement shown.
A8: 단위: 백만 달러. 반올림 때문에 총계와 세부사항이 같지 않을 수 있음. (X) - 결측치. (-) 표시된 측정값의 0 또는 절반 미만을 나타냄.
A9: Item (1) 품목 | B9: Balance 수지 | F9: Exports 수출 | J9: Imports 수입
B10: July 2024 | C10: June 2024 | E10: Year-to-Date 2024 | F10: July 2024 | G10: June 2024 | I10: Year-to-Date 2024 | J10: July 2024 | K10: June 2024 | M10: Year-to-Date 2024
A11: Total Balance of Payments Basis 전체, 국제수지 기준 | B11: -119632 | D11: -92811 | E11: -668870 | F11: 170798 | H11: 175271 | I11: 1203485 | J11: 290430 | L11: 268081 | M11: 1872355
A12: Net Adjustments 순조정 | B12: -393 | D12: -734 | E12: -7860 | F12: 1910 | H12: 1290 | I12: 9422 | J12: 2303 | L12: 2025 | M12: 17282
A13: Total Census Basis 전체, 전수조사기준 | B13: -119239 | D13: -92076 | E13: -661010 | F13: 168888 | H13: 173980 | I13: 1194063 | J13: 288127 | L13: 266057 | M13: 1855073
A14: North America | B14: -21342 | D14: -19170 | E14: -131730 | F14: 56486 | H14: 57455 | I14: 399924 | J14: 77828 | L14: 76625 | M14: 531654
A15: Canada | B15: -8124 | D15: -4624 | E15: -36093 | F15: 27795 | H15: 29788 | I15: 204841 | J15: 35919 | L15: 34412 | M15: 240934
A16: Mexico | B16: -13218 | D16: -14546 | E16: -95637 | F16: 28691 | H16: 27667 | I16: 195083 | J16: 41909 | L16: 42213 | M16: 290720
A17: Europe | B17: -26624 | D17: -20106 | E17: -144209 | F17: 40066 | H17: 41694 | I17: 291654 | J17: 66690 | L17: 61801 | M17: 435864
A18: European Union | B18: -22490 | D18: -17673 | E18: -132645 | F18: 30310 | H18: 31126 | I18: 215264 | J18: 52800 | L18: 48798 | M18: 347909
A19: Austria | B19: -1019 | D19: -1156 | E19: -7513 | F19: 343 | H19: 306 | I19: 2570 | J19: 1362 | L19: 1462 | M19: 10083
A20: Belgium | B20: 785 | D20: 875 | E20: 5231 | F20: 2971 | H20: 3201 | I20: 20880 | J20: 2187 | L20: 2325 | M20: 15649
A21: Czech Republic | B21: -359 | D21: -332 | E21: -2100 | F21: 399 | H21: 381 | I21: 2642 | J21: 758 | L21: 714 | M21: 4743
A22: Finland | B22: -522 | D22: -514 | E22: -3036 | F22: 287 | H22: 266 | I22: 1475 | J22: 809 | L22: 780 | M22: 4512
... A70: Other | B70: -1519 | D70: -772 | E70: -4164 | F70: 3541 | H70: 3678 | I70: 26585 | J70: 5060 | L70: 4449 | M70: 30748
A71: Unidentified Countries (2) | B71: (-) | D71: (-) | E71: (-) | F71: (-) | H71: (-) | I71: (-) | J71: (-) | L71: (-) | M71: (-)
A72: (1) Detailed data are presented on a Census basis. The information needed to convert to a BOP basis is not available.
A73: =HLOOKUP(A72,'14'!73:74,2,0) -> 세부수치는 전수조사 기준에 제시되어 있으며, 국제수지 기준으로 변환하는데 필요한 정보는 제공되지 아니합니다.
A75: (2) The export totals reflect shipments of certain grains, oilseeds, and satellites that are not included in the country/area totals.
A76: =HLOOKUP(A75,'14'!76:77,2,0) -> 수출 전체는 국가/지역 전체에 포함되지 않은 특정 곡물, 유채씨앗 및 위성 곡물의 선적을 반영합니다.
A78: NOTES:
A79: * This exhibit is not additive; countries may be included in more than one area. For a list of countries in each area, see the explanatory notes in this release or at
A80: www.census.gov/ft900 or www.bea.gov/data/intl-trade-investment/international-trade-goods-and-services.
A81: ='14'!A82 -> 위 표는 가법이 아닙니다. 국가들은 여러 지역에 포함되어 있을 수 있습니다. 각 지역에 포함된 국가들의 목록은 공표자료의 주석을 확인하거나 위 링크에서 확인하기를 바랍니다.
A83: * Area data reflect the composition of the areas at yearend.
A84: 지역 데이터는 연말의 그 지역을 구성하는 국가들의 데이터를 반영합니다.
A86: * For information on data sources, nonsampling errors, definitions, and details concerning what is included in Net Adjustments, see the explanatory notes in this release or at
A87: www.census.gov/ft900 or www.bea.gov/data/intl-trade-investment/international-trade-goods-and-services.
A88: ='5'!A60 -> 데이터의 출처·비표본 오차·정의 및 순 조정에 포함되어 있는 세부사항에 대한 정보는 공표자료의 주석을 확인하거나 위 링크에서 확인하기를 바랍니다.

Sheet 15
A2: Part B: NOT Seasonally Adjusted
A3: =VLOOKUP(A2,'Table of Contents'!A:C,3,0) -> 원계열
A4: Exhibit 15. U.S. Trade in Goods by Principal Commodities
A5: =VLOOKUP(MID(A4,SEARCH(".",A4)+2,LEN(A4)),'Table of Contents'!B:C,2,0) -> 주된 상품별 상품 무역
A6: In millions of dollars. Details may not equal totals due to rounding. This exhibit is not additive.
A7: (R) - Revised. (X) - Not applicable. (-) Represents zero or less than one-half of measurement shown.
A8: 단위: 백만 달러. 단위: 백만 달러. 반올림 때문에 총계와 세부사항이 같지 않을 수 있음. 이 표는 가법이 아닙니다. (R) - 수정치. (X) - 결측치. (-) 표시된 측정값의 0 또는 절반 미만을 나타냄.
A9: Item (1) | C9: 2025 | K9: 2024
B10: 품목 | C10: July | E10: June | I10: Year-to-Date | K10: Year-to-Date
C11: Exports 수출 | D11: Imports 수입 | E11: Exports 수출 | G11: Imports 수입 | I11: Exports 수출 | J11: Imports 수입 | K11: Exports 수출 | L11: Imports 수입
A12: Total Balance of Payment Basis (2) | B12: 전체, 국제수지 기준 | C12: 176233 | D12: 294366 | E12: (R) | F12: 180989 | G12: (R) | H12: 267505 | I12: 1260820 | J12: 2072382 | K12: 1203485 | L12: 1872355
A13: Net Adjustments (2) | B13: 순조정 | C13: 1122 | D13: 2122 | E13: (R) | F13: 862 | G13: (R) | H13: 1987 | I13: 8919 | J13: 13935 | K13: 9422 | L13: 17282
A14: Total Census Basis (2) | B14: 전체, 전수조사 기준 | C14: 175110 | D14: 292245 | E14: (R) | F14: 180127 | G14: (R) | H14: 265518 | I14: 1251901 | J14: 2058446 | K14: 1194063 | L14: 1855073
A15: Manufactured Goods (3) | B15: 제조품 | C15: 111358 | D15: 257153 | F15: 116150 | H15: 232915 | I15: 778289 | J15: 1811609 | K15: 765715 | L15: 1608537
A16: Agricultural Commodities (3) | B16: 농산품 | C16: 13204 | D16: 18205 | F16: 13310 | H16: 17565 | I16: 98730 | J16: 132718 | K16: 100033 | L16: 123422
A17: Food and Live Animals | B17: 식료품 및 산 동물 | C17: 10661 | D17: 15122 | F17: 10425 | H17: 15005 | I17: 73979 | J17: 109768 | K17: 73380 | L17: 97589
A18: Live animals other than fish | B18: 산 동물; 어류 제외 | C18: 104 | D18: 267 | F18: 103 | H18: 239 | I18: 683 | J18: 2293 | K18: 682 | L18: 2756
A19: Meat and preparations | B19: 육류 및 육류 조제품 | C19: 1938 | D19: 1690 | F19: 1928 | H19: 1554 | I19: 13781 | J19: 11292 | K19: 14314 | L19: 9117
A20: Dairy products and birds' eggs | B20: 유제품 및 난류 | C20: 708 | D20: 290 | F20: 697 | H20: 286 | I20: 4694 | J20: 2255 | K20: 4021 | L20: 2170
A21: Fish and preparations | B21: 어류 및 어류 조제품 | C21: 497 | D21: 2430 | F21: 277 | H21: 2543 | I21: 2297 | J21: 16060 | K21: 2232 | L21: 14305
A22: Cereals and preparations | B22: 곡물 및 곡물 조제품 | C22: 2552 | D22: 1567 | F22: 2536 | H22: 1425 | I22: 18706 | J22: 10304 | K22: 17813 | L22: 10303
A23: Vegetables and fruit | B23: 채소 및 과일 | C23: 2129 | D23: 3950 | F23: 2108 | H23: 4035 | I23: 14329 | J23: 32785 | K23: 14298 | L23: 32486
A24: Sugars, preparations and honey | B24: 설탕, 설탕 조제품 및 꿀 | C24: 219 | D24: 703 | F24: 230 | H24: 538 | I24: 1543 | J24: 4258 | K24: 1747 | L24: 4439
A25: Coffee, tea, cocoa and spices | B25: 커피, 차, 코코아 및 향신료 | C25: 336 | D25: 2647 | F25: 347 | H25: 2866 | I25: 2349 | J25: 19132 | K25: 2140 | L25: 11147
A26: Feeding stuff for animals | B26: 동물용 사료 | C26: 1202 | D26: 487 | F26: 1205 | H26: 427 | I26: 8580 | J26: 3188 | K26: 9162 | L26: 3043
... A94: Low value estimate | B94: 저가치 상품 추정 | C94: 5061 | D94: 2756 | F94: 5563 | H94: 2507 | I94: 34892 | J94: 16036 | K94: 31311 | L94: 13867
A95: Re-Exports | B95: 재수출 | C95: 32316 | D95: (X) | F95: 32269 | H95: (X) | I95: 242039 | J95: (X) | K95: 197642 | L95: (X)
A96: Manufactured Goods (3) | B96: 제조품 | C96: 31272 | D96: (X) | F96: 30939 | H96: (X) | I96: 233422 | J96: (X) | K96: 187398 | L96: (X)
A97: Agricultural Commodities (3) | B97: 농산품 | C97: 502 | D97: (X) | F97: 564 | H97: (X) | I97: 4447 | J97: (X) | K97: 4726 | L97: (X)
A98: (1) Detailed data are presented for domestic exports unless otherwise noted. All data are on a Census basis. The information
A99: needed to convert to a BOP basis is not available.
A100: 세부수치는 전수조사 기준에 제시되어 있으며, 국제수지 기준으로 변환하는데 필요한 정보는 제공되지 아니합니다.
A102: (2) Total exports including re-exports (exports of foreign merchandise).
A103: 수출 전체는 재수출도 포함합니다. (외제 상품 수출)
A105: (3) Manufactured Goods is based on the North American Industry Classification System. Agricultural Commodities is defined by the U.S. Department of Agriculture
A106: based on World Trade Organization guidance. All other commodity detail is based on the Standard Industrial Classification System.
A107: 제조품은 NAICS를 기준으로 합니다. 농산물은 WTO 지침을 기반으로 하여 농무부에서 정의합니다. 모든 기타상품의 세부사항은 SICS를 기준으로 합니다.
A109: (4) Export statistics for certain commodity classifications related to the aircraft industry are subject to suppression and
A110: have been aggregated in a manner that prevents the disclosure of confidential information.
A111: 항공산업과 관련된 특정 상품의 분류의 수출통계는 삭제될 수 있으며, 기밀정보 유출을 방지하는 방식으로 집계되었습니다.
A113: NOTE: For information on data sources, nonsampling errors, definitions, and details concerning what is included in Net Adjustments,
... A115: www.bea.gov/data/intl-trade-investment/international-trade-goods-and-services.
A116: ='5'!$A$60 -> 데이터의 출처·비표본 오차·정의 및 순 조정에 포함되어 있는 세부사항에 대한 정보는 공표자료의 주석을 확인하거나 위 링크에서 확인하기를 바랍니다.

Sheet 16
A2: Part B: NOT Seasonally Adjusted
A3: =VLOOKUP(A2,'Table of Contents'!A:C,3,0) -> 원계열
A4: Exhibit 16. U.S. Trade in Advanced Technology Products
A5: =VLOOKUP(MID(A4,SEARCH(".",A4)+2,LEN(A4)),'Table of Contents'!B:C,2,0) -> 신기술 제품 무역
A6: In millions of dollars. Details may not equal totals due to rounding.
A7: 단위: 백만 달러. 계절조정과 반올림 때문에 총계와 세부사항이 같지 않을 수 있음.
A8: Period | B8: Balance | C8: Exports | D8: Imports
A9: 기간 | B9: 수지 | C9: 수출 | D9: 수입
A10: 2023
A11: Jan. - Dec. | B11: -217890 | C11: 418677 | D11: 636568
A12: Jan. - July | B12: -114537 | C12: 236445 | D12: 350982
A13: January | B13: -16267 | C13: 32114 | D13: 48381
A14: February | B14: -16137 | C14: 29147 | D14: 45284
A15: March | B15: -14263 | C15: 38382 | D15: 52644
A16: April | B16: -14747 | C16: 33671 | D16: 48418
A17: May | B17: -17472 | C17: 33875 | D17: 51348
A18: June | B18: -17126 | C18: 35591 | D18: 52717
A19: July | B19: -18524 | C19: 33664 | D19: 52189
A20: August | B20: -17993 | C20: 35238 | D20: 53231
A21: September | B21: -20466 | C21: 37103 | D21: 57569
A22: October | B22: -26114 | C22: 36774 | D22: 62889
... A24: December | B24: -17845 | C24: 37085 | D24: 54929
A25: 2024
A26: Jan. - Dec. | B26: -297217 | C26: 466172 | D26: 763389
A27: Jan. - July | B27: -151559 | C27: 261620 | D27: 413179
A28: January | B28: -19352 | C28: 33861 | D28: 53213
A29: February | B29: -16775 | C29: 33365 | D29: 50140
A30: March | B30: -18097 | C30: 39109 | D30: 57206
A31: April | B31: -25351 | C31: 36218 | D31: 61569
A32: May | B32: -24480 | C32: 37366 | D32: 61846
A33: June | B33: -20701 | C33: 41477 | D33: 62178
A34: July | B34: -26803 | C34: 40224 | D34: 67027
A35: August | B35: -21706 | C35: 44638 | D35: 66343
A36: September | B36: -34310 | C36: 39841 | D36: 74151
A37: October | B37: -30365 | C37: 41707 | D37: 72071
... A39: December | B39: -30062 | C39: 38478 | D39: 68539
A40: 2025
A41: Jan. - July | B41: -239635 | C41: 305749 | D41: 545384
A42: January | B42: -34993 | C42: 39701 | D42: 74694
A43: February | B43: -31904 | C43: 38366 | D43: 70271
A44: March | B44: -57146 | C44: 44970 | D44: 102117
A45: April | B45: -28841 | C45: 43434 | D45: 72275
A46: May | B46: -33928 | C46: 44976 | D46: 78904
A47: June | B47: -26308 | C47: 46936 | D47: 73244
A48: July | B48: -26514 | C48: 47365 | D48: 73879
A49: August
A50: September
A51: October
A52: November
A53: December
A54: NOTES:
A55: * Export statistics for certain commodity classifications related to the aircraft industry are subject to
A56: suppression and have been aggregated in a manner that prevents the disclosure of confidential
A57: information. As a result, Advanced Technology Product exports are overstated by $543 million in
A58: July 2025.
A59: 항공산업과 관련된 특정 상품의 분류의 수출통계는 삭제될 수 있으며, 기밀정보 유출을 방지하는 방식으로 집계되었습니다.
A60: 결과적으로 신기술 제품 수출은 해당 월에 5억 4300만 달러가 과대 예상되었습니다.
... A66: 데이터의 출처·비표본 오차·정의에 대한 정보는 공표자료의 주석을 확인하거나 위 링크에서 확인하기를 바랍니다.

Sheet 16a
A2: Part B: NOT Seasonally Adjusted
A3: =VLOOKUP(A2,'Table of Contents'!A:C,3,0) -> 원계열
A4: Exhibit 16a. U.S. Trade in Advanced Technology Products by Technology Group and Selected Countries and Areas
A5: =VLOOKUP(MID(A4,SEARCH(".",A4)+2,LEN(A4)),'Table of Contents'!B:C,2,0) -> 기술분류별 및 특정 국가·지역별 신기술 제품 무역
A6: In millions of dollars. Details may not equal totals due to rounding. (-) Represents zero or less than one-half of measurement shown.
A7: 단위: 백만 달러. 반올림 때문에 총계와 세부사항이 같지 않을 수 있음. (-) 표시된 측정값의 0 또는 절반 미만을 나타냄.
A8: Technology Group | C8: 2025 | L8: 2024
A9: Technology Group | B9: 기술분류 | C9: July | F9: June | I9: Year-to-Date | L9: Year-to-Date
C10: Balance 수지 | D10: Exports 수출 | E10: Imports 수입 | F10: Balance 수지 | G10: Exports 수출 | H10: Imports 수입 | I10: Balance 수지 | J10: Exports 수출 | K10: Imports 수입 | L10: Balance 수지 | M10: Exports 수출 | N10: Imports 수입
A11: Total | B11: 전체 | C11: -26514 | D11: 47365 | E11: 73879 | F11: -26308 | G11: 46936 | H11: 73244 | I11: -239635 | J11: 305749 | K11: 545384 | L11: -151559 | M11: 261620 | N11: 413179
A12: Advanced Materials | B12: 전체 | C12: -141 | D12: 414 | E12: 555 | F12: -218 | G12: 397 | H12: 614 | I12: -791 | J12: 2543 | K12: 3334 | L12: 72 | M12: 2364 | N12: 2292
A13: Aerospace (1) | B13: 첨단자재 | C13: 9813 | D13: 14248 | E13: 4435 | F13: 10202 | G13: 14307 | H13: 4105 | I13: 61375 | J13: 92606 | K13: 31231 | L13: 44103 | M13: 77387 | N13: 33284
A14: Biotechnology | B14: 항공우주 | C14: -1008 | D14: 6147 | E14: 7155 | F14: -750 | G14: 6782 | H14: 7532 | I14: -73837 | J14: 37821 | K14: 111659 | L14: -33534 | M14: 33394 | N14: 66928
A15: Electronics | B15: 생명공학 | C15: -598 | D15: 5825 | E15: 6424 | F15: -1438 | G15: 5690 | H15: 7128 | I15: -8344 | J15: 41149 | K15: 49493 | L15: -9259 | M15: 39871 | N15: 49130
A16: Flexible Manufacturing | B16: 전자 | C16: 263 | D16: 1920 | E16: 1657 | F16: -45 | G16: 1627 | H16: 1672 | I16: -301 | J16: 11737 | K16: 12038 | L16: 384 | M16: 11283 | N16: 10900
A17: Information and Communications (1) | B17: 유연제조 | C17: -31068 | D17: 14309 | E17: 45377 | F17: -29589 | G17: 13033 | H17: 42622 | I17: -183612 | J17: 88940 | K17: 272551 | L17: -117539 | M17: 67348 | N17: 184887
A18: Life Science | B18: 정보통신 | C18: -2506 | D18: 3317 | E18: 5823 | F18: -3017 | G18: 3602 | H18: 6620 | I18: -24206 | J18: 23080 | K18: 47286 | L18: -18239 | M18: 23697 | N18: 41936
A19: Nuclear Technology | B19: 생명과학 | C19: -54 | D19: 74 | E19: 128 | F19: -440 | G19: 90 | H19: 531 | I19: -2488 | J19: 718 | K19: 3207 | L19: -2303 | M19: 595 | N19: 2898
A20: Opto-Electronics (1) | B20: 핵기술 | C20: -1696 | D20: 488 | E20: 2184 | F20: -1570 | G20: 750 | H20: 2320 | I20: -9829 | J20: 3977 | K20: 13805 | L20: -16642 | M20: 3590 | N20: 20232
A21: Weapons | B21: 광전자 | C21: 483 | D21: 624 | E21: 141 | F21: 558 | G21: 658 | H21: 100 | I21: 2398 | J21: 3179 | K21: 781 | L21: 1399 | M21: 2090 | N21: 692
A23: Selected Countries and Areas 특정 국가 및 지역 | B23: 2025 | K23: 2024
B24: July | E24: June | H24: Year-to-Date | K24: Year-to-Date
B25: Balance 수지 | C25: Exports 수출 | D25: Imports 수입 | E25: Balance 수지 | F25: Exports 수출 | G25: Imports 수입 | H25: Balance 수지 | I25: Exports 수출 | J25: Imports 수입 | K25: Balance 수지 | L25: Exports 수출 | M25: Imports 수입
A26: Total | B26: -26514 | C26: 47365 | D26: 73879 | E26: -26308 | F26: 46936 | G26: 73244 | H26: -239635 | I26: 305749 | J26: 545384 | K26: -151559 | L26: 261620 | M26: 413179
A27: North America | B27: -4711 | C27: 9829 | D27: 14540 | E27: -5525 | F27: 8371 | G27: 13897 | H27: -29373 | I27: 62906 | J27: 92279 | K27: -10615 | L27: 53980 | M27: 64596
A28: Canada | B28: 1064 | C28: 2639 | D28: 1575 | E28: 865 | F28: 2690 | G28: 1824 | H28: 8209 | I28: 20884 | J28: 12675 | K28: 10556 | L28: 22511 | M28: 11955
A29: Mexico | B29: -5775 | C29: 7189 | D29: 12965 | E29: -6390 | F29: 5682 | G29: 12072 | H29: -37582 | I29: 42022 | J29: 79604 | K29: -21171 | L29: 31470 | M29: 52641
A30: European Union | B30: 560 | C30: 11997 | D30: 11437 | E30: 100 | F30: 12717 | G30: 12617 | H30: -72533 | I30: 76989 | J30: 149522 | K30: -33068 | L30: 64717 | M30: 97784
A31: France | B31: 237 | C31: 1588 | D31: 1352 | E31: 476 | F31: 1747 | G31: 1271 | H31: -224 | I31: 11074 | J31: 11298 | K31: 761 | L31: 9024 | M31: 8263
A32: Germany | B32: -914 | C32: 1966 | D32: 2880 | E32: 93 | F32: 2481 | G32: 2388 | H32: -9541 | I32: 16249 | J32: 25791 | K32: -7833 | L32: 14761 | M32: 22594
A33: Ireland | B33: -1169 | C33: 944 | D33: 2113 | E33: -3107 | F33: 645 | G33: 3752 | H33: -69917 | I33: 4992 | J33: 74908 | K33: -29752 | L33: 4952 | M33: 34704
A34: Italy | B34: 1222 | C34: 2397 | D34: 1175 | E34: 1567 | F34: 2343 | G34: 776 | H34: 3136 | I34: 10642 | J34: 7506 | K34: 848 | L34: 6792 | M34: 5944
A35: Other | B35: 1184 | C35: 5102 | D35: 3918 | E35: 1072 | F35: 5501 | G35: 4429 | H35: 4013 | I35: 34032 | J35: 30019 | K35: 2908 | L35: 29187 | M35: 26279
A36: Pacific Rim Countries | B36: -13562 | C36: 15246 | D36: 28807 | E36: -12135 | F36: 15302 | G36: 27437 | H36: -88992 | I36: 97779 | J36: 186771 | K36: -87545 | L36: 84338 | M36: 171883
A37: Australia | B37: 575 | C37: 756 | D37: 181 | E37: 592 | F37: 750 | G37: 158 | H37: 3465 | I37: 4795 | J37: 1330 | K37: 3545 | L37: 5128 | M37: 1583
... A56: Other | B56: -5452 | C56: 4284 | D56: 9736 | E56: -6120 | F56: 3756 | G56: 9876 | H56: -33240 | I56: 25503 | J56: 58742 | K56: -16645 | L56: 20737 | M56: 37382
A57: (1) Export statistics for certain commodity classifications related to the aircraft industry are subject to suppression and have been aggregated in a manner that prevents the disclosure of confidential
A58: information. As a result, Advanced Technology Product exports are overstated by $543 million in July 2025.
A59: 항공산업과 관련된 특정 상품의 분류의 수출통계는 삭제될 수 있으며, 기밀정보 유출을 방지하는 방식으로 집계되었습니다.
A60: 결과적으로 신기술 제품 수출은 해당 월에 5억 4300만 달러가 과대 예상되었습니다.
A62: NOTE: Data are not available on a BOP basis. For information on data sources, nonsampling errors, and definitions, see the explanatory notes in this release or at www.census.gov/ft900 or
A63: www.bea.gov/data/intl-trade-investment/international-trade-goods-and-services.
A64: ='16'!A65 -> 데이터는 국제수지 기준에서 얻어지지 않았습니다.
A65: ='16'!A66 -> 데이터의 출처·비표본 오차·정의에 대한 정보는 공표자료의 주석을 확인하거나 위 링크에서 확인하기를 바랍니다.

Sheet 17
A2: Part B: NOT Seasonally Adjusted
A3: =VLOOKUP(A2,'Table of Contents'!A:C,3,0) -> 원계열
A4: Exhibit 17. U.S. Trade in Energy-Related Petroleum Products,
A5: Including Crude Oil
A6: =VLOOKUP(MID(CONCATENATE(A4," ",A5),SEARCH(".",CONCATENATE(A4," ",A5))+2,LEN(CONCATENATE(A4," ",A5))),'Table of Contents'!B:C,2,0) -> 석유 관련 에너지 제품 무역; 원유 포함
A7: Details may not equal totals due to rounding.
A8: 계절조정과 반올림 때문에 총계와 세부사항이 같지 않을 수 있음.
A9: Period | B9: Total energy-related petroleum products (1) | D9: Crude Oil
B10: Quantity (thousands of barrels) | C10: Value (thousands of dollars) | D10: Quantity (thousands of barrels) | E10: Thousands of barrels per day (average) | F10: Value (thousands of dollars) | G10: Unit Price (dollars)
A11: 기간 | B11: 전석유 관련 에너지 제품 | D11: 원유
B12: 수량, 천 베럴 | C12: 금액, 천 달러 | D12: 수량, 천 베럴 | E12: 하루 평균, 천 베럴 | F12: 금액, 천 달러 | G12: 단가, 달러
B13: Exports 수출
A14: 2024
A15: Jan. - Dec. | B15: 3261421 | C15: 243857075 | D15: 1492657 | E15: 4078 | F15: 118524403 | G15: 79.4
A16: Jan. - July | B16: 1891656 | C16: 145634276 | D16: 892835 | E16: 4192 | F16: 73182024 | G16: 81.97
A17: January | B17: 261595 | C17: 19268128 | D17: 120890 | E17: 3900 | F17: 9300561 | G17: 76.93
A18: February | B18: 269260 | C18: 20401845 | D18: 132718 | E18: 4576 | F18: 10524741 | G18: 79.3
A19: March | B19: 276525 | C19: 21659297 | D19: 133318 | E19: 4301 | F19: 10980827 | G19: 82.37
A20: April | B20: 258110 | C20: 20911903 | D20: 119672 | E20: 3989 | F20: 10471792 | G20: 87.5
A21: May | B21: 273254 | C21: 20936321 | D21: 130126 | E21: 4198 | F21: 10797640 | G21: 82.98
A22: June | B22: 274979 | C22: 20761869 | D22: 124693 | E22: 4156 | F22: 10188088 | G22: 81.71
A23: July | B23: 277933 | C23: 21694912 | D23: 131419 | E23: 4239 | F23: 10918374 | G23: 83.08
A24: August | B24: 280751 | C24: 21081814 | D24: 123184 | E24: 3974 | F24: 9862394 | G24: 80.06
A25: September | B25: 262518 | C25: 18560984 | D25: 113488 | E25: 3783 | F25: 8562381 | G25: 75.45
A26: October | B26: 267586 | C26: 19080541 | D26: 119119 | E26: 3843 | F26: 9001990 | G26: 75.57
... A28: December | B28: 276086 | C28: 19574939 | D28: 115402 | E28: 3723 | F28: 8451102 | G28: 73.23
A29: 2025
A30: Jan. - July | B30: 1825725 | C30: 125632776 | D30: 813868 | E30: 3839 | F30: 58193154 | G30: 71.5
A31: January | B31: 263884 | C31: 19160869 | D31: 120893 | E31: 3900 | F31: 9188877 | G31: 76.01
A32: February | B32: 244748 | C32: 17625324 | D32: 120279 | E32: 4296 | F32: 9150321 | G32: 76.08
A33: March | B33: 272721 | C33: 19100725 | D33: 124636 | E33: 4021 | F33: 9143108 | G33: 73.36
A34: April | B34: 257351 | C34: 17326711 | D34: 115756 | E34: 3859 | F34: 8056068 | G34: 69.59
A35: May | B35: 258903 | C35: 16922530 | D35: 111346 | E35: 3592 | F35: 7414211 | G35: 66.59
A36: June | B36: 264345 | C36: 17804688 | D36: 112190 | E36: 3740 | F36: 7614205 | G36: 67.87
A37: July | B37: 263773 | C37: 17691928 | D37: 108768 | E37: 3509 | F37: 7626363 | G37: 70.12
A38: August
A39: September
A40: October
A41: November
A42: December
B43: Imports 수입
A44: 2024
A45: Jan. - Dec. | B45: 2911762 | C45: 213255303 | D45: 2363618 | E45: 6458 | F45: 167550088 | G45: 70.89
A46: Jan. - July | B46: 1726105 | C46: 129858468 | D46: 1399274 | E46: 6569 | F46: 100553156 | G46: 71.86
A47: January | B47: 252713 | C47: 17567608 | D47: 207958 | E47: 6708 | F47: 13779012 | G47: 66.26
A48: February | B48: 220334 | C48: 15538935 | D48: 179881 | E48: 6203 | F48: 12028864 | G48: 66.87
A49: March | B49: 229413 | C49: 16916045 | D49: 186024 | E49: 6001 | F49: 12928318 | G49: 69.5
A50: April | B50: 246266 | C50: 18984851 | D50: 199423 | E50: 6647 | F50: 14708844 | G50: 73.76
A51: May | B51: 264122 | C51: 20887704 | D51: 212207 | E51: 6845 | F51: 16045046 | G51: 75.61
A52: June | B52: 245625 | C52: 18949039 | D52: 196815 | E52: 6561 | F52: 14581162 | G52: 74.09
A53: July | B53: 267632 | C53: 21014286 | D53: 216966 | E53: 6999 | F53: 16481910 | G53: 75.97
A54: August | B54: 241749 | C54: 18386632 | D54: 191228 | E54: 6169 | F54: 14203041 | G54: 74.27
A55: September | B55: 236311 | C55: 16903260 | D55: 191356 | E55: 6379 | F55: 13674325 | G55: 71.46
A56: October | B56: 231578 | C56: 16196869 | D56: 192547 | E56: 6211 | F56: 13162324 | G56: 68.36
... A58: December | B58: 246832 | C58: 16477628 | D58: 200745 | E58: 6476 | F58: 13273688 | G58: 66.12
A59: 2025
A60: Jan. - July | B60: 1650343 | C60: 107165902 | D60: 1296598 | E60: 6116 | F60: 84552499 | G60: 65.21
A61: January | B61: 254900 | C61: 16875172 | D61: 202752 | E61: 6540 | F61: 13719112 | G61: 67.66
A62: February | B62: 225843 | C62: 14483727 | D62: 168479 | E62: 6017 | F62: 11439076 | G62: 67.9
A63: March | B63: 240873 | C63: 15202048 | D63: 175511 | E63: 5662 | F63: 11696310 | G63: 66.64
A64: April | B64: 229911 | C64: 14869331 | D64: 180503 | E64: 6017 | F64: 11908841 | G64: 65.98
A65: May | B65: 237311 | C65: 15311060 | D65: 193230 | E65: 6233 | F65: 11999680 | G65: 62.1
A66: June | B66: 223649 | C66: 14690510 | D66: 180165 | E66: 6006 | F66: 11264757 | G66: 62.52
A67: July | B67: 237857 | C67: 15734056 | D67: 195958 | E67: 6321 | F67: 12524723 | G67: 63.92
A68: August
A69: September
A70: October
A71: November
A72: December
A73: (1) Details shown for Energy-Related Petroleum Products are not available on a BOP basis.
A74: 석유 관련 에너지 제품'에서 보여지는 세부사항은 국제수지 기준에서 얻어지지 않았습니다.
A76: NOTE: For information on data sources, nonsampling errors, and definitions, see the explanatory notes in this release or at
A77: www.census.gov/ft900 or www.bea.gov/data/intl-trade-investment/international-trade-goods-and-services.
A78: ='10'!A87 -> 데이터의 출처·비표본 오차·정의에 대한 정보는 공표자료의 주석을 확인하거나 위 링크에서 확인하기를 바랍니다.

Sheet 17a
A2: Part B: NOT Seasonally Adjusted
A3: =VLOOKUP(A2,'Table of Contents'!A:C,3,0) -> 원계열
A4: Exhibit 17a. U.S. Imports of Crude Oil by Selected Countries and Areas
A5: =VLOOKUP(MID(A4,SEARCH(".",A4)+2,LEN(A4)),'Table of Contents'!B:C,2,0) -> 특정 국가·지역별 원유 수입
A6: Details may not equal totals due to rounding. (-) Represents zero or less than one-half unit of measurement shown.
A7: 계절조정과 반올림 때문에 총계와 세부사항이 같지 않을 수 있음. (-) 표시된 측정값의 0 또는 절반 미만을 나타냄.
A8: Country | C8: Quantity (thousands of barrels) | F8: Customs Value (thousands of dollars) | I8: C.I.F. Value (thousands of dollars)
C12: July | D12: June | E12: Year-to-Date | F12: July | G12: June | H12: Year-to-Date | I12: July | J12: June | K12: Year-to-Date
C13: 2025 | D13: 2025 | E13: 2025 | F13: 2025 | G13: 2025 | H13: 2025 | I13: 2025 | J13: 2025 | K13: 2025
A14: 국가 | C14: 수량, 천 베럴 | F14: 세관 금액, 천 달러 | I14: C.I.F. 금액, 천 달러
A15: Total | C15: 195958 | D15: 180165 | E15: 1296598 | F15: 12524723 | G15: 11264757 | H15: 84552499 | I15: 13112537 | J15: 11768862 | K15: 88303715
A16: North America | C16: 135123 | D16: 123205 | E16: 915705 | F16: 8124554 | G16: 7231432 | H16: 56795535 | I16: 8580550 | J16: 7614469 | K16: 59687707
B17: Canada | C17: 125217 | D17: 110076 | E17: 831488 | F17: 7502503 | G17: 6415350 | H17: 51339445 | I17: 7937295 | J17: 6773317 | K17: 54058560
B18: Mexico | C18: 9906 | D18: 13129 | E18: 84217 | F18: 622052 | G18: 816082 | H18: 5456090 | I18: 643254 | J18: 841152 | K18: 5629147
A19: Europe | C19: 929 | D19: 2072 | E19: 19609 | F19: 66915 | G19: 146808 | H19: 1420799 | I19: 69168 | J19: 150690 | K19: 1475598
B20: Kazakhstan | C20: (-) | D20: 1242 | E20: 6568 | F20: (-) | G20: 82280 | H20: 457749 | I20: (-) | J20: 84659 | K20: 483967
B21: Norway | C21: (-) | D21: (-) | E21: 3382 | F21: (-) | G21: (-) | H21: 256766 | I21: (-) | J21: (-) | K21: 261633
B22: Russia | C22: (-) | D22: (-) | E22: (-) | F22: (-) | G22: (-) | H22: (-) | I22: (-) | J22: (-) | K22: (-)
B23: United Kingdom | C23: 929 | D23: 830 | E23: 9659 | F23: 66915 | G23: 64528 | H23: 706284 | I23: 69168 | J23: 66031 | K23: 729997
B24: Other | C24: (-) | D24: (-) | E24: (-) | F24: (-) | G24: (-) | H24: (-) | I24: (-) | J24: (-) | K24: (-)
A25: South/Central America | C25: 32971 | D25: 27658 | E25: 208163 | F25: 2385750 | G25: 1962314 | H25: 14892185 | I25: 2462594 | J25: 2027835 | K25: 15394207
B26: Argentina | C26: 4020 | D26: 2531 | E26: 15859 | F26: 298442 | G26: 176276 | H26: 1136215 | I26: 312588 | J26: 187250 | K26: 1200521
B27: Brazil | C27: 7994 | D27: 6611 | E27: 43425 | F27: 588964 | G27: 469588 | H27: 3178923 | I27: 610265 | J27: 487394 | K27: 3296420
B28: Colombia | C28: 7159 | D28: 4511 | E28: 42456 | F28: 500221 | G28: 309477 | H28: 2962506 | I28: 515014 | J28: 318156 | K28: 3036095
B29: Ecuador | C29: 5601 | D29: 3297 | E29: 25187 | F29: 397791 | G29: 234792 | H29: 1865974 | I29: 409791 | J29: 243326 | K29: 1921950
B30: Trinidad and Tobago | C30: 1018 | D30: 1425 | E30: 8072 | F30: 73459 | G30: 96532 | H30: 570748 | I30: 75885 | J30: 99668 | K30: 587620
B31: Venezuela | C31: (-) | D31: 2594 | E31: 33052 | F31: (-) | G31: 192134 | H31: 2211009 | I31: (-) | J31: 196794 | K31: 2320307
B32: Other | C32: 7179 | D32: 6689 | E32: 40110 | F32: 526873 | G32: 483515 | H32: 2966812 | I32: 539052 | J32: 495248 | K32: 3031292
A33: Africa | C33: 10353 | D33: 11530 | E33: 49775 | F33: 770407 | G33: 812517 | H33: 3732800 | I33: 787509 | J33: 831546 | K33: 3823927
B34: Angola | C34: 2036 | D34: 1255 | E34: 5470 | F34: 158526 | G34: 93997 | H34: 418877 | I34: 161083 | J34: 95917 | K34: 426622
B35: Ghana | C35: 291 | D35: 925 | E35: 3114 | F35: 20567 | G35: 60367 | H35: 221171 | I35: 21003 | J35: 61754 | K35: 225841
B36: Libya | C36: 1981 | D36: 2223 | E36: 9375 | F36: 148958 | G36: 160477 | H36: 714595 | I36: 152291 | J36: 164119 | K36: 729327
B37: Nigeria | C37: 4401 | D37: 6945 | E37: 28738 | F37: 328386 | G37: 484422 | H37: 2156440 | I37: 335970 | J37: 496227 | K37: 2214654
B38: Other | C38: 1644 | D38: 183 | E38: 3078 | F38: 113969 | G38: 13254 | H38: 221717 | I38: 117162 | J38: 13529 | K38: 227483
A39: Asia | C39: 16583 | D39: 15699 | E39: 103346 | F39: 1177097 | G39: 1111687 | H39: 7711180 | I39: 1212716 | J39: 1144323 | K39: 7922277
B40: Iraq | C40: 7038 | D40: 6301 | E40: 38783 | F40: 500955 | G40: 456586 | H40: 2957920 | I40: 516917 | J40: 468766 | K40: 3034493
B41: Kuwait | C41: 578 | D41: 550 | E41: 2898 | F41: 40014 | G41: 37570 | H41: 195986 | I41: 41781 | J41: 39247 | K41: 206959
B42: Saudi Arabia | C42: 8967 | D42: 8849 | E42: 55453 | F42: 636129 | G42: 617531 | H42: 4078942 | I42: 654018 | J42: 636310 | K42: 4189684
B43: United Arab Emirates | C43: (-) | D43: (-) | E43: 5269 | F43: (-) | G43: (-) | H43: 409051 | I43: (-) | J43: (-) | K43: 419680
B44: Other | C44: (-) | D44: (-) | E44: 944 | F44: (-) | G44: (-) | H44: 69281 | I44: (-) | J44: (-) | K44: 71461
A45: All Other Countries | C45: (-) | D45: (-) | E45: (-) | F45: (-) | G45: (-) | H45: (-) | I45: (-) | J45: (-) | K45: (-)
A46: NOTES:
A47: * Data are not available on a BOP basis. For information on data sources, nonsampling errors, and definitions, see the explanatory notes in this release or at www.census.gov/ft900
A48: or www.bea.gov/data/intl-trade-investment/international-trade-goods-and-services.
A49: ='16'!A65 -> 데이터는 국제수지 기준에서 얻어지지 않았습니다.
A50: ='16'!A66 -> 데이터의 출처·비표본 오차·정의에 대한 정보는 공표자료의 주석을 확인하거나 위 링크에서 확인하기를 바랍니다.
A52: * Area data reflect the composition of the areas as of the most recent statistical period.
A53: ='14'!A85 -> 가장 최근의 기간에서 데이터가 있을 때 지역 데이터는 그 지역을 구성하는 국가들의 데이터를 반영합니다.

Sheet 18
A2: Part B: NOT Seasonally Adjusted
A3: =VLOOKUP(A2,'Table of Contents'!A:C,3,0) -> 원계열
A4: Exhibit 18. U.S. Trade in Motor Vehicles and Parts by Selected Countries
A5: =VLOOKUP(MID(A4,SEARCH(".",A4)+2,LEN(A4)),'Table of Contents'!B:C,2,0) -> 특정 국가별 자동차와 관련 부품 무역
A6: In millions of dollars. Details may not equal totals due to rounding. (X) Not applicable. (-) Represents zero or less than one-half of measurement shown.
A7: 단위: 백만 달러. 계절조정과 반올림 때문에 총계와 세부사항이 같지 않을 수 있음. (X) 결측치. (-) 표시된 측정값의 0 또는 절반 미만을 나타냄.
A8: Country | B8: Total | E8: Passenger Cars | H8: Trucks, Buses, Special Purpose Vehicles | K8: Parts
B9: July 2025 | C9: June 2025 | D9: Year-to-Date 2025 | E9: July 2025 | F9: June 2025 | G9: Year-to-Date 2025 | H9: July 2025 | I9: June 2025 | J9: Year-to-Date 2025 | K9: July 2025 | L9: June 2025 | M9: Year-to-Date 2025
A10: 국가 | B10: 전체 | E10: 승용차 | H10: 트럭, 버스 및 특장차 | K10: 부품
B11: Exports 수출
A12: TOTAL | B12: 12847 | C12: 13365 | D12: 95527 | E12: 4282 | F12: 4288 | G12: 30609 | H12: 2025 | I12: 1953 | J12: 14921 | K12: 6540 | L12: 7124 | M12: 49997
A13: Australia | B13: 283 | C13: 351 | D13: 2444 | E13: 50 | F13: 70 | G13: 648 | H13: 98 | I13: 152 | J13: 915 | K13: 135 | L13: 130 | M13: 881
A14: Belgium | B14: 221 | C14: 190 | D14: 1236 | E14: 178 | F14: 148 | G14: 915 | H14: 1 | I14: 2 | J14: 10 | K14: 42 | L14: 40 | M14: 311
A15: Brazil | B15: 185 | C15: 138 | D15: 1054 | E15: 40 | F15: 22 | G15: 142 | H15: 23 | I15: 10 | J15: 131 | K15: 123 | L15: 107 | M15: 781
A16: Canada | B16: 4153 | C16: 4160 | D16: 34020 | E16: 746 | F16: 761 | G16: 7488 | H16: 1350 | I16: 1231 | J16: 10206 | K16: 2057 | L16: 2168 | M16: 16325
A17: Chile | B17: 136 | C17: 172 | D17: 951 | E17: 20 | F17: 23 | G17: 123 | H17: 51 | I17: 82 | J17: 456 | K17: 65 | L17: 67 | M17: 372
A18: China | B18: 262 | C18: 438 | D18: 2514 | E18: 133 | F18: 305 | G18: 1578 | H18: 2 | I18: 1 | J18: 10 | K18: 127 | L18: 132 | M18: 925
A19: Colombia | B19: 86 | C19: 42 | D19: 386 | E19: 38 | F19: 23 | G19: 195 | H19: 30 | I19: (-) | J19: 51 | K19: 18 | L19: 19 | M19: 139
A20: France | B20: 38 | C20: 47 | D20: 352 | E20: 6 | F20: 10 | G20: 79 | H20: 3 | I20: 3 | J20: 21 | K20: 28 | L20: 34 | M20: 252
A21: Germany | B21: 1035 | C21: 833 | D21: 5649 | E21: 860 | F21: 664 | G21: 4345 | H21: 10 | I21: 5 | J21: 40 | K21: 165 | L21: 164 | M21: 1264
A22: Hong Kong | B22: 59 | C22: 95 | D22: 495 | E22: 3 | F22: 3 | G22: 10 | H22: (-) | I22: (-) | J22: 1 | K22: 56 | L22: 92 | M22: 485
A23: Japan | B23: 223 | C23: 257 | D23: 1588 | E23: 86 | F23: 91 | G23: 576 | H23: 4 | I23: 2 | J23: 23 | K23: 132 | L23: 163 | M23: 989
A24: Korea, South | B24: 268 | C24: 228 | D24: 1403 | E24: 221 | F24: 188 | G24: 1092 | H24: 2 | I24: 4 | J24: 28 | K24: 44 | L24: 36 | M24: 284
A25: Kuwait | B25: 58 | C25: 80 | D25: 364 | E25: 47 | F25: 59 | G25: 259 | H25: 9 | I25: 17 | J25: 73 | K25: 3 | L25: 4 | M25: 33
A26: Mexico | B26: 3147 | C26: 3523 | D26: 23825 | E26: 288 | F26: 279 | G26: 2062 | H26: 196 | I26: 182 | J26: 1338 | K26: 2664 | L26: 3061 | M26: 20425
A27: Nigeria | B27: 97 | C27: 92 | D27: 615 | E27: 71 | F27: 67 | G27: 450 | H27: 5 | I27: 6 | J27: 40 | K27: 21 | L27: 18 | M27: 125
A28: Russia | B28: (-) | C28: (-) | D28: (-) | E28: (-) | F28: (-) | G28: (-) | H28: (-) | I28: (-) | J28: (-) | K28: (-) | L28: (-) | M28: (-)
A29: Saudi Arabia | B29: 145 | C29: 242 | D29: 1254 | E29: 121 | F29: 208 | G29: 982 | H29: 11 | I29: 18 | J29: 130 | K29: 13 | L29: 16 | M29: 142
A30: Singapore | B30: 40 | C30: 34 | D30: 253 | E30: 1 | F30: 2 | G30: 8 | H30: (-) | I30: (-) | J30: 1 | K30: 39 | L30: 32 | M30: 244
A31: South Africa | B31: 89 | C31: 80 | D31: 615 | E31: 17 | F31: 13 | G31: 78 | H31: (-) | I31: 2 | J31: 34 | K31: 71 | L31: 66 | M31: 503
A32: United Arab Emirates | B32: 339 | C32: 360 | D32: 2534 | E32: 274 | F32: 273 | G32: 1985 | H32: 18 | I32: 41 | J32: 170 | K32: 47 | L32: 47 | M32: 380
A33: United Kingdom | B33: 196 | C33: 177 | D33: 1207 | E33: 111 | F33: 88 | G33: 581 | H33: 1 | I33: 6 | J33: 23 | K33: 84 | L33: 83 | M33: 603
A34: Venezuela | B34: 17 | C34: 15 | D34: 110 | E34: 11 | F34: 10 | G34: 70 | H34: 1 | I34: (-) | J34: 3 | K34: 5 | L34: 5 | M34: 37
A35: Other | B35: 1767 | C35: 1809 | D35: 12658 | E35: 960 | F35: 983 | G35: 6942 | H35: 208 | I35: 187 | J35: 1218 | K35: 600 | L35: 640 | M35: 4498
B36: Imports 수입
A37: TOTAL | B37: 33987 | C37: 34759 | D37: 251808 | E37: 14296 | F37: 15040 | G37: 109830 | H37: 3783 | I37: 4752 | J37: 32410 | K37: 15908 | L37: 14967 | M37: 109568
A38: Austria | B38: 279 | C38: 218 | D38: 1597 | E38: 193 | F38: 160 | G38: 1095 | H38: 6 | I38: 2 | J38: 22 | K38: 80 | L38: 56 | M38: 480
A39: Brazil | B39: 144 | C39: 125 | D39: 851 | E39: 2 | F39: 1 | G39: 4 | H39: 30 | I39: 15 | J39: 121 | K39: 112 | L39: 110 | M39: 725
A40: Canada | B40: 3727 | C40: 4257 | D40: 30775 | E40: 1618 | F40: 1867 | G40: 14785 | H40: 506 | I40: 683 | J40: 4881 | K40: 1602 | L40: 1707 | M40: 11109
A41: China | B41: 1262 | C41: 1022 | D41: 9017 | E41: 74 | F41: 127 | G41: 935 | H41: 47 | I41: 8 | J41: 230 | K41: 1141 | L41: 886 | M41: 7851
A42: Germany | B42: 2461 | C42: 2078 | D42: 17775 | E42: 1763 | F42: 1448 | G42: 12963 | H42: 23 | I42: 24 | J42: 200 | K42: 674 | L42: 606 | M42: 4612
A43: Italy | B43: 379 | C43: 225 | D43: 2221 | E43: 248 | F43: 114 | G43: 1422 | H43: 3 | I43: 3 | J43: 18 | K43: 128 | L43: 109 | M43: 781
A44: Japan | B44: 3713 | C44: 4180 | D44: 30875 | E44: 2477 | F44: 3120 | G44: 22347 | H44: 35 | I44: 32 | J44: 228 | K44: 1200 | L44: 1028 | M44: 8300
A45: Korea, South | B45: 3436 | C45: 3589 | D45: 25798 | E45: 2391 | F45: 2720 | G45: 18804 | H45: (-) | I45: 1 | J45: 4 | K45: 1045 | L45: 868 | M45: 6990
A46: Mexico | B46: 13889 | C46: 14689 | D46: 99636 | E46: 4128 | F46: 4124 | G46: 26253 | H46: 2959 | I46: 3843 | J46: 25858 | K46: 6802 | L46: 6722 | M46: 47525
A47: South Africa | B47: 91 | C47: 44 | D47: 570 | E47: 74 | F47: 29 | G47: 458 | H47: (-) | I47: (-) | J47: 2 | K47: 17 | L47: 15 | M47: 110
A48: Sweden | B48: 189 | C48: 164 | D48: 1704 | E48: 157 | F48: 131 | G48: 1500 | H48: 13 | I48: 15 | J48: 50 | K48: 19 | L48: 19 | M48: 154
A49: Taiwan | B49: 292 | C49: 268 | D49: 2210 | E49: 6 | F49: 5 | G49: 50 | H49: (-) | I49: (-) | J49: 2 | K49: 286 | L49: 263 | M49: 2158
A50: Thailand | B50: 532 | C50: 447 | D50: 3578 | E50: 4 | F50: (-) | G50: 87 | H50: 2 | I50: (-) | J50: 5 | K50: 526 | L50: 447 | M50: 3485
A51: United Kingdom | B51: 718 | C51: 718 | D51: 5483 | E51: 539 | F51: 567 | G51: 4504 | H51: 81 | I51: 65 | J51: 372 | K51: 98 | L51: 85 | M51: 608
A52: Other | B52: 2875 | C52: 2736 | D52: 19718 | E52: 622 | F52: 626 | G52: 4622 | H52: 77 | I52: 63 | J52: 418 | K52: 2176 | L52: 2046 | M52: 14678
A53: NOTE: Data are not available on a BOP basis. For information on data sources, nonsampling errors, and definitions, see the explanatory notes in this release or at www.census.gov/ft900 or
A54: www.bea.gov/data/intl-trade-investment/international-trade-goods-and-services.
A55: ='16'!A65 -> 데이터는 국제수지 기준에서 얻어지지 않았습니다.
A56: ='16'!A66 -> 데이터의 출처·비표본 오차·정의에 대한 정보는 공표자료의 주석을 확인하거나 위 링크에서 확인하기를 바랍니다.

Sheet 19
A2: Part C: Seasonally Adjusted (by Geography)
A3: =VLOOKUP(A2,'Table of Contents'!A:C,3,0) -> 지리별 계절조정계열
A4: Exhibit 19. U.S. Trade in Goods by Selected Countries and Areas - Census Basis
A5: =VLOOKUP(MID(A4,SEARCH(".",A4)+2,LEN(A4)),'Table of Contents'!B:C,2,0) -> 특정 국가·지역별 상품 무역 (전수조사 기준)
A6: In millions of dollars. (-) Represents zero or less than one-half of measurement shown. (R) - Revised.
A7: 단위: 백만 달러. (-) 표시된 측정값의 0 또는 절반 미만을 나타냄. (R) - 수정치.
A8: Country and Area | B8: July 2025 | C8: June 2025 | E8: Second Quarter 2024 | F8: Third Quarter 2024 | G8: Fourth Quarter 2024 | H8: First Quarter 2025 | I8: Second Quarter 2025 | K8: Year-to-Date 2025 | L8: Year-to-Date 2024
A9: Balance 수지
A10: Australia | B10: -409 | D10: 1561 | E10: 5075 | F10: 4863 | G10: 3111 | H10: -5170 | J10: 4538 | K10: -1041 | L10: 11445
A11: Belgium | B11: 997 | D11: 71 | E11: 1544 | F11: 626 | G11: 1732 | H11: 1185 | J11: 1374 | K11: 3556 | L11: 5118
A12: Brazil | B12: 494 | D12: 1280 | E12: 1660 | F12: 2286 | G12: 1705 | H12: 1495 | J12: 2842 | K12: 4832 | L12: 3592
A13: Canada | B13: -5444 | C13: (R) | D13: -991 | E13: -14410 | F13: -16442 | G13: -17291 | H13: -21724 | I13: (R) | J13: -5201 | K13: -32369 | L13: -35293
A14: China | B14: -14700 | D14: -9381 | E14: -70400 | F14: -78111 | G14: -77437 | H14: -80308 | J14: -43044 | K14: -138052 | L14: -166607
A15: France | B15: -264 | D15: -707 | E15: -4247 | F15: -4120 | G15: -3938 | H15: -5961 | J15: -3120 | K15: -9345 | L15: -9375
A16: Germany | B16: -5395 | D16: -4008 | E16: -22175 | F16: -21300 | G16: -20394 | H16: -23242 | J16: -16221 | K16: -44858 | L16: -50495
A17: Hong Kong | B17: 1939 | D17: 1553 | E17: 4981 | F17: 5627 | G17: 4400 | H17: 3241 | J17: 12059 | K17: 17239 | L17: 13790
A18: India | B18: -5584 | D18: -5256 | E18: -11120 | F18: -10039 | G18: -13037 | H18: -17217 | J18: -15673 | K18: -38474 | L18: -26153
A19: Ireland | B19: -2560 | D19: -5276 | E19: -20372 | F19: -23858 | G19: -24471 | H19: -55708 | J19: -26545 | K19: -84813 | L19: -44764
A20: Israel | B20: -682 | D20: -100 | E20: -2008 | F20: -2033 | G20: -1976 | H20: -2396 | J20: -880 | K20: -3957 | L20: -3827
A21: Italy | B21: -2210 | D21: -1613 | E21: -12201 | F21: -10161 | G21: -10554 | H21: -13181 | J21: -7375 | K21: -22766 | L21: -26833
A22: Japan | B22: -4796 | D22: -5722 | E22: -17211 | F22: -15981 | G22: -17354 | H22: -18446 | J22: -17309 | K22: -40552 | L22: -41472
A23: Korea, South | B23: -4967 | D23: -5485 | E23: -16945 | F23: -16502 | G23: -15984 | H23: -16484 | J23: -14146 | K23: -35597 | L23: -39190
A24: Malaysia | B24: -2686 | D24: -3109 | E24: -5961 | F24: -4933 | G24: -7952 | H24: -8708 | J24: -7801 | K24: -19195 | L24: -13610
A25: Mexico | B25: -16648 | D25: -16289 | E25: -40874 | F25: -44456 | G25: -45582 | H25: -48817 | J25: -46862 | K25: -112328 | L25: -95050
... A36: South/Central America | B36: 4596 | D36: 4355 | E36: 11628 | F36: 11316 | G36: 9720 | H36: 11933 | J36: 10997 | K36: 27526 | L36: 28688
A37: Exports 수출
A38: Australia | B38: 2540 | D38: 2956 | E38: 8604 | F38: 9080 | G38: 8346 | H38: 8081 | J38: 8901 | K38: 19522 | L38: 20005
A39: Belgium | B39: 2847 | D39: 2585 | E39: 8713 | F39: 8782 | G39: 8116 | H39: 8428 | J39: 8405 | K39: 19680 | L39: 20301
A40: Brazil | B40: 4218 | D40: 4681 | E40: 12112 | F40: 12565 | G40: 12497 | H40: 13375 | J40: 13970 | K40: 31563 | L40: 28071
A41: Canada | B41: 26033 | C41: (R) | D41: 27456 | E41: 86953 | F41: 86041 | G41: 87928 | H41: 90881 | I41: (R) | J41: 81295 | K41: 198209 | L41: 203814
A42: China | B42: 10043 | D42: 10059 | E42: 36111 | F42: 35750 | G42: 34047 | H42: 32250 | J42: 25609 | K42: 67903 | L42: 84963
A43: France | B43: 5046 | D43: 4056 | E43: 10371 | F43: 10945 | G43: 11107 | H43: 12250 | J43: 12960 | K43: 30256 | L43: 25381
A44: Germany | B44: 6865 | D44: 7453 | E44: 18973 | F44: 19278 | G44: 18232 | H44: 20249 | J44: 21231 | K44: 48344 | L44: 44498
A45: Hong Kong | B45: 2253 | D45: 1887 | E45: 6602 | F45: 6608 | G45: 6622 | H45: 6886 | J45: 12834 | K45: 21973 | L45: 16881
A46: India | B46: 3604 | D46: 3725 | E46: 10977 | F46: 10628 | G46: 10000 | H46: 10947 | J46: 11362 | K46: 25913 | L46: 24356
A47: Ireland | B47: 1738 | D47: 1386 | E47: 4596 | F47: 4373 | G47: 3877 | H47: 3929 | J47: 4390 | K47: 10056 | L47: 9983
A48: Israel | B48: 917 | D48: 1159 | E48: 3547 | F48: 3759 | G48: 3488 | H48: 3629 | J48: 3578 | K48: 8124 | L48: 8800
A49: Italy | B49: 4321 | D49: 4140 | E49: 7241 | F49: 8361 | G49: 8474 | H49: 7727 | J49: 10842 | K49: 22890 | L49: 18037
A50: Japan | B50: 7056 | D50: 6686 | E50: 20182 | F50: 20565 | G50: 19694 | H50: 20132 | J50: 20737 | K50: 47925 | L50: 45992
A51: Korea, South | B51: 5927 | D51: 5490 | E51: 16591 | F51: 16344 | G51: 15778 | H51: 16739 | J51: 16850 | K51: 39516 | L51: 38774
A52: Malaysia | B52: 2377 | D52: 2170 | E52: 6662 | F52: 8856 | G52: 6393 | H52: 6651 | J52: 7412 | K52: 16440 | L52: 15268
A53: Mexico | B53: 27883 | D53: 27772 | E53: 84043 | F53: 84657 | G53: 82569 | H53: 86236 | J53: 83031 | K53: 197150 | L53: 194561
... A64: South/Central America | B64: 18178 | D64: 17910 | E64: 50523 | F64: 51363 | G64: 51594 | H64: 54411 | J64: 53915 | K64: 126504 | L64: 118597
A65: Imports 수입
A66: Australia | B66: 2949 | D66: 1394 | E66: 3530 | F66: 4217 | G66: 5235 | H66: 13251 | J66: 4364 | K66: 20563 | L66: 8560
A67: Belgium | B67: 1850 | D67: 2514 | E67: 7169 | F67: 8156 | G67: 6383 | H67: 7244 | J67: 7030 | K67: 16124 | L67: 15182
A68: Brazil | B68: 3724 | D68: 3402 | E68: 10452 | F68: 10279 | G68: 10793 | H68: 11880 | J68: 11128 | K68: 26731 | L68: 24479
A69: Canada | B69: 31476 | D69: 28448 | E69: 101363 | F69: 102483 | G69: 105218 | H69: 112605 | J69: 86496 | K69: 230577 | L69: 239107
A70: China | B70: 24743 | D70: 19440 | E70: 106511 | F70: 113861 | G70: 111484 | H70: 112558 | J70: 68654 | K70: 205955 | L70: 251570
A71: France | B71: 5310 | D71: 4763 | E71: 14618 | F71: 15066 | G71: 15045 | H71: 18211 | J71: 16080 | K71: 39600 | L71: 34756
A72: Germany | B72: 12260 | D72: 11461 | E72: 41149 | F72: 40578 | G72: 38626 | H72: 43491 | J72: 37452 | K72: 93202 | L72: 94994
A73: Hong Kong | B73: 314 | D73: 334 | E73: 1621 | F73: 981 | G73: 2222 | H73: 3645 | J73: 775 | K73: 4734 | L73: 3091
A74: India | B74: 9188 | D74: 8981 | E74: 22097 | F74: 20668 | G74: 23036 | H74: 28164 | J74: 27036 | K74: 64387 | L74: 50509
A75: Ireland | B75: 4298 | D75: 6662 | E75: 24968 | F75: 28231 | G75: 28347 | H75: 59637 | J75: 30935 | K75: 94870 | L75: 54747
A76: Israel | B76: 1599 | D76: 1259 | E76: 5555 | F76: 5792 | G76: 5464 | H76: 6025 | J76: 4458 | K76: 12081 | L76: 12628
A77: Italy | B77: 6531 | D77: 5753 | E77: 19442 | F77: 18522 | G77: 19028 | H77: 20908 | J77: 18217 | K77: 45656 | L77: 44870
... A92: South/Central America | B92: 13582 | D92: 13555 | E92: 38895 | F92: 40046 | G92: 41874 | H92: 42478 | J92: 42919 | K92: 98979 | L92: 89908
A93: NOTES:
A94: * Countries may be included in more than one area. For a list of countries in each area, see the explanatory notes in this release or at www.census.gov/ft900 or
A95: www.bea.gov/data/intl-trade-investment/international-trade-goods-and-services.
A96: 국가들은 여러 지역에 포함되어 있을 수 있습니다. 각 지역에 포함된 국가들의 목록은 공표자료의 주석을 확인하거나 위 링크에서 확인하기를 바랍니다.
A98: * Data for trade in goods with Ireland and with the Netherlands were evaluated for seasonality, but no significant seasonal patterns were identified. The not
A99: seasonally adjusted data for these two countries are shown in this exhibit for consistency with other exhibits.
A100: 아일랜드와 네덜란드의 상품무역 데이터는 계절성에 관하여 산출되었으나 계절적 패턴이 확인되지는 않습니다.
A101: 두 국가의 원계열이 이 표에 표시되고 있고 다른 표에서 마찬가지로 표시되고 있습니다.
A103: * Area data reflect the composition of the areas as of the most recent statistical period.
A104: ='14'!A85 -> 가장 최근의 기간에서 데이터가 있을 때 지역 데이터는 그 지역을 구성하는 국가들의 데이터를 반영합니다.
A106: * Seasonally adjusted country and area data in this exhibit will not sum to the commodity-based seasonally adjusted totals shown in Part A of this release. Data
A107: users should use caution drawing comparisons between the two sets of seasonally adjusted series.
A108: 이 표의 국가·지역 계절조정계열의 합은 공표자료의 Part A에 있는 상품 기반 계절조정계열의 합과 일치하지 않을 수 있습니다.
A109: 사용자는 두 계절조정계열 사이의 비교를 할 때 주의하여야 합니다.
A111: * For information on data sources, nonsampling errors, and definitions, see the explanatory notes in this release or at www.census.gov/ft900 or
A112: www.bea.gov/data/intl-trade-investment/international-trade-goods-and-services.
A113: ='10'!A87 -> 데이터의 출처·비표본 오차·정의에 대한 정보는 공표자료의 주석을 확인하거나 위 링크에서 확인하기를 바랍니다.

Sheet 20
A2: Part C: Seasonally Adjusted (by Geography)
A3: =VLOOKUP(A2,'Table of Contents'!A:C,3,0) -> 지리별 계절조정계열
A4: Exhibit 20. U.S. Trade in Goods and Services by Selected Countries and Areas - BOP Basis
A5: =VLOOKUP(MID(A4,SEARCH(".",A4)+2,LEN(A4)),'Table of Contents'!B:C,2,0) -> 특정 국가·지역별 상품 및 서비스 무역 (국제수지 기준)
A6: In millions of dollars. (-) Represents zero or less than one-half of measurement shown. (R) - Revised.
A7: 단위: 백만 달러. (-) 표시된 측정값의 0 또는 절반 미만을 나타냄. (R) - 수정치.
A8: Country and Area | B8: First Quarter 2024 | C8: Second Quarter 2024 | D8: Third Quarter 2024 | E8: Fourth Quarter 2024 | F8: First Quarter 2025 (R) | G8: Second Quarter 2025 | H8: Annual 2022 | I8: Annual 2023 | J8: Annual 2024
A9: Balance 수지
A10: Australia | B10: 8299 | C10: 8841 | D10: 8629 | E10: 6850 | F10: -1770 | G10: 8051 | H10: 27150 | I10: 31902 | J10: 32619
A11: Belgium | B11: 2568 | C11: 1634 | D11: 528 | E11: 1642 | F11: 883 | G11: 1120 | H11: 9350 | I11: 15926 | J11: 6372
A12: Brazil | B12: 6489 | C12: 7543 | D12: 7836 | E12: 7474 | F12: 7505 | G12: 8988 | H12: 30637 | I12: 22700 | J12: 29343
A13: Canada | B13: -6906 | C13: -8316 | D13: -9919 | E13: -10883 | F13: -16196 | G13: 871 | H13: -58024 | I13: -40313 | J13: -36024
A14: China | B14: -61367 | C14: -61932 | D14: -69502 | E14: -69351 | F14: -71218 | G14: -34499 | H14: -363934 | I14: -250812 | J14: -262152
A15: France | B15: -4315 | C15: -5097 | D15: -5239 | E15: -4647 | F15: -7136 | G15: -4902 | H15: -16028 | I15: -14858 | J15: -19298
A16: Germany | B16: -21258 | C16: -22887 | D16: -22386 | E16: -21200 | F16: -23676 | G16: -17605 | H16: -76819 | I16: -86263 | J16: -87731
A17: Hong Kong | B17: 7570 | C17: 5156 | D17: 5553 | E17: 4260 | F17: 4082 | G17: 12852 | H17: 22093 | I17: 24922 | J17: 22539
A18: India | B18: -11400 | C18: -10970 | D18: -10106 | E18: -13173 | F18: -18581 | G18: -16820 | H18: -43284 | I18: -43228 | J18: -45649
A19: Ireland | B19: -4502 | C19: -7755 | D19: -10232 | E19: -10716 | F19: -38199 | G19: -9054 | H19: -14697 | I19: -21748 | J19: -33205
A20: Israel | B20: -1641 | C20: -1705 | D20: -1949 | E20: -1959 | F20: -2572 | G20: -780 | H20: -10464 | I20: -8259 | J20: -7254
A21: Italy | B21: -12075 | C21: -13404 | D21: -11517 | E21: -11768 | F21: -14258 | G21: -8495 | H21: -44746 | I21: -47746 | J21: -48764
... A33: All other countries | B33: -12648 | C33: -18670 | D33: -16269 | E33: -16175 | F33: -25213 | G33: -21496 | H33: -70729 | I33: -36440 | J33: -63762
A34: CAFTA-DR | B34: n.a. | C34: n.a. | D34: n.a. | E34: n.a. | F34: n.a. | G34: n.a. | H34: n.a. | I34: n.a. | J34: n.a.
A35: European Union | B35: -31347 | C35: -38758 | D35: -40844 | E35: -37472 | F35: -76614 | G35: -24903 | H35: -128994 | I35: -135400 | J35: -148421
A36: South/Central America | B36: 16454 | C36: 15693 | D36: 13525 | E36: 13699 | F36: 14143 | G36: 13974 | H36: 104489 | I36: 70972 | J36: 59371
A37: Exports 수출
A38: Australia | B38: 15018 | C38: 15276 | D38: 15750 | E38: 15262 | F38: 14837 | G38: 15742 | H38: 53047 | I38: 59375 | J38: 61306
A39: Belgium | B39: 10038 | C39: 10369 | D39: 10370 | E39: 9747 | F39: 9756 | G39: 9870 | H39: 41636 | I39: 44651 | J39: 40523
A40: Brazil | B40: 18989 | C40: 19676 | D40: 19735 | E40: 19956 | F40: 21045 | G40: 21889 | H40: 75244 | I40: 68057 | J40: 78356
A41: Canada | B41: 111475 | C41: 109093 | D41: 109110 | E41: 110998 | F41: 112989 | G41: 102755 | H41: 437085 | I41: 441403 | J41: 440676
A42: China | B42: 50784 | C42: 50080 | D42: 49972 | E42: 48437 | F42: 46847 | G42: 39909 | H42: 198462 | I42: 196376 | J42: 199273
A43: France | B43: 18315 | C43: 17554 | D43: 18265 | E43: 18345 | F43: 19278 | G43: 19869 | H43: 69377 | I43: 71642 | J43: 72479
A44: Germany | B44: 30246 | C44: 30408 | D44: 30513 | E44: 29765 | F44: 31936 | G44: 32238 | H44: 113415 | I44: 119591 | J44: 120932
A45: Hong Kong | B45: 12435 | C45: 10666 | D45: 10360 | E45: 10535 | F45: 11782 | G45: 17825 | H45: 39310 | I45: 41550 | J45: 43996
A46: India | B46: 19814 | C46: 21297 | D46: 21306 | E46: 20961 | F46: 21425 | G46: 22378 | H46: 75580 | I46: 76442 | J46: 83378
A47: Ireland | B47: 24101 | C47: 24552 | D47: 25369 | E47: 26147 | F47: 29251 | G47: 29982 | H47: 93024 | I47: 88324 | J47: 100169
A48: Israel | B48: 6203 | C48: 5996 | D48: 6145 | E48: 5874 | F48: 6023 | G48: 6116 | H48: 21298 | I48: 21487 | J48: 24217
A49: Italy | B49: 11194 | C49: 10263 | D49: 11392 | E49: 11556 | F49: 10818 | G49: 14239 | H49: 36308 | I49: 39511 | J49: 44406
... A61: All other countries | B61: 170959 | C61: 168522 | D61: 181058 | E61: 183048 | F61: 186950 | G61: 184084 | H61: 656089 | I61: 673996 | J61: 703586
A62: CAFTA-DR | B62: n.a. | C62: n.a. | D62: n.a. | E62: n.a. | F62: n.a. | G62: n.a. | H62: n.a. | I62: n.a. | J62: n.a.
A63: European Union | B63: 164934 | C63: 164966 | D63: 168616 | E63: 168231 | F63: 177498 | G63: 184198 | H63: 602625 | I63: 632997 | J63: 666747
A64: South/Central America | B64: 90319 | C64: 89883 | D64: 90599 | E64: 92056 | F64: 94693 | G64: 95286 | H64: 363286 | I64: 339457 | J64: 362857
A65: Imports 수입
A66: Australia | B66: 6719 | C66: 6436 | D66: 7121 | E66: 8411 | F66: 16607 | G66: 7691 | H66: 25896 | I66: 27473 | J66: 28687
A67: Belgium | B67: 7470 | C67: 8735 | D67: 9841 | E67: 8105 | F67: 8873 | G67: 8750 | H67: 32286 | I67: 28726 | J67: 34151
A68: Brazil | B68: 12501 | C68: 12133 | D68: 11898 | E68: 12482 | F68: 13540 | G68: 12901 | H68: 44607 | I68: 45357 | J68: 49013
A69: Canada | B69: 118381 | C69: 117409 | D69: 119030 | E69: 121881 | F69: 129185 | G69: 101884 | H69: 495110 | I69: 481716 | J69: 476701
A70: China | B70: 112150 | C70: 112012 | D70: 119474 | E70: 117789 | F70: 118065 | G70: 74408 | H70: 562395 | I70: 447188 | J70: 461425
A71: France | B71: 22630 | C71: 22652 | D71: 23504 | E71: 22992 | F71: 26413 | G71: 24771 | H71: 85405 | I71: 86500 | J71: 91777
A72: Germany | B72: 51503 | C72: 53295 | D72: 52899 | E72: 50964 | F72: 55612 | G72: 49843 | H72: 190234 | I72: 205854 | J72: 208663
A73: Hong Kong | B73: 4865 | C73: 5510 | D73: 4806 | E73: 6275 | F73: 7700 | G73: 4973 | H73: 17217 | I73: 16627 | J73: 21457
A74: India | B74: 31214 | C74: 32267 | D74: 31412 | E74: 34134 | F74: 40005 | G74: 39199 | H74: 118863 | I74: 119669 | J74: 129027
A75: Ireland | B75: 28603 | C75: 32307 | D75: 35602 | E75: 36863 | F75: 67450 | G75: 39035 | H75: 107720 | I75: 110071 | J75: 133374
A76: Israel | B76: 7844 | C76: 7700 | D76: 8093 | E76: 7833 | F76: 8595 | G76: 6896 | H76: 31762 | I76: 29747 | J76: 31471
A77: Italy | B77: 23269 | C77: 23667 | D77: 22910 | E77: 23323 | F77: 25075 | G77: 22734 | H77: 81054 | I77: 87257 | J77: 93170
... A89: All other countries | B89: 183607 | C89: 187192 | D89: 197327 | E89: 199223 | F89: 212163 | G89: 205580 | H89: 726818 | I89: 710436 | J89: 767348
A90: CAFTA-DR | B90: n.a. | C90: n.a. | D90: n.a. | E90: n.a. | F90: n.a. | G90: n.a. | H90: n.a. | I90: n.a. | J90: n.a.
A91: European Union | B91: 196281 | C91: 203725 | D91: 209460 | E91: 205703 | F91: 254111 | G91: 209101 | H91: 731618 | I91: 768397 | J91: 815168
A92: South/Central America | B92: 73866 | C92: 74190 | D92: 77073 | E92: 78357 | F92: 80550 | G92: 81312 | H92: 258797 | I92: 268485 | J92: 303486
A93: n.a. Not available (결측치.)
A94: NOTES:
A95: * Countries may be included in more than one area. For a list of countries in each area and for additional information on country and area
A96: detail for goods on a BOP basis and for services, see the explanatory notes in this release or at www.census.gov/ft900 or
A97: www.bea.gov/data/intl-trade-investment/international-trade-goods-and-services.
A98: ='19'!A96 -> 국가들은 여러 지역에 포함되어 있을 수 있습니다. 각 지역에 포함된 국가들의 목록은 공표자료의 주석을 확인하거나 위 링크에서 확인하기를 바랍니다.
A100: * Area data reflect the composition of the areas at the time of reporting.
A101: 지역 데이터는 보고시점의 그 지역을 구성하는 국가들의 데이터를 반영합니다.
A103: * Seasonally adjusted country and area data in this exhibit will not sum to the seasonally adjusted totals shown in Part A of this release.
A104: Data users should use caution drawing comparisons between the two sets of seasonally adjusted series.
A105: ='19'!A108 -> 이 표의 국가·지역 계절조정계열의 합은 공표자료의 Part A에 있는 상품 기반 계절조정계열의 합과 일치하지 않을 수 있습니다.
A106: ='19'!A109 -> 사용자는 두 계절조정계열 사이의 비교를 할 때 주의하여야 합니다.
A108: * For information on data sources, nonsampling errors, and definitions, see the explanatory notes in this release or at
A109: www.census.gov/ft900 or www.bea.gov/data/intl-trade-investment/international-trade-goods-and-services.
A110: ='10'!A87 -> 데이터의 출처·비표본 오차·정의에 대한 정보는 공표자료의 주석을 확인하거나 위 링크에서 확인하기를 바랍니다.

Sheet 20a
A2: Part C: Seasonally Adjusted (by Geography)
A3: =VLOOKUP(A2,'Table of Contents'!A:C,3,0) -> 지리별 계절조정계열
A4: Exhibit 20a. U.S. Trade in Goods by Selected Countries and Areas - BOP Basis
A5: =VLOOKUP(MID(A4,SEARCH(".",A4)+2,LEN(A4)),'Table of Contents'!B:C,2,0) -> 특정 국가·지역별 상품 무역 (국제수지 기준)
A6: In millions of dollars. (-) Represents zero or less than one-half of measurement shown. (R) - Revised.
A7: 단위: 백만 달러. (-) 표시된 측정값의 0 또는 절반 미만을 나타냄. (R) - 수정치.
A8: Country and Area | B8: First Quarter 2024 | C8: Second Quarter 2024 | D8: Third Quarter 2024 | E8: Fourth Quarter 2024 | F8: First Quarter 2025 (R) | G8: Second Quarter 2025 | H8: Annual 2022 | I8: Annual 2023 | J8: Annual 2024
A9: Balance 수지
A10: Australia | B10: 4843 | C10: 5052 | D10: 4814 | E10: 3082 | F10: -5165 | G10: 4508 | H10: 14349 | I10: 17643 | J10: 17791
A11: Belgium | B11: 2481 | C11: 1510 | D11: 605 | E11: 1704 | F11: 1163 | G11: 1334 | H11: 9138 | I11: 15592 | J11: 6300
A12: Brazil | B12: 971 | C12: 1488 | D12: 2197 | E12: 1584 | F12: 1490 | G12: 2716 | H12: 14875 | I12: 5188 | J12: 6241
A13: Canada | B13: -15598 | C13: -16216 | D13: -18389 | E13: -19054 | F13: -23695 | G13: -6745 | H13: -86968 | I13: -71645 | J13: -69257
A14: China | B14: -69539 | C14: -70369 | D14: -78039 | E14: -77369 | F14: -80222 | G14: -42840 | H14: -381244 | I14: -279222 | J14: -295316
A15: France | B15: -3979 | C15: -4336 | D15: -4236 | E15: -4021 | F15: -5998 | G15: -3657 | H15: -11901 | I15: -13649 | J15: -16571
A16: Germany | B16: -20924 | C16: -22263 | D16: -21350 | E16: -20506 | F16: -23255 | G16: -16390 | H16: -74362 | I16: -83165 | J16: -85044
A17: Hong Kong | B17: 7560 | C17: 5228 | D17: 5295 | E17: 4125 | F17: 3989 | G17: 12727 | H17: 21590 | I17: 24040 | J17: 22207
A18: India | B18: -11584 | C18: -11124 | D18: -10003 | E18: -13041 | F18: -17243 | G18: -15703 | H18: -38733 | I18: -43152 | J18: -45751
A19: Ireland | B19: -17820 | C19: -20381 | D19: -23872 | E19: -24467 | F19: -55720 | G19: -26573 | H19: -66668 | I19: -65548 | J19: -86540
A20: Israel | B20: -1262 | C20: -1830 | D20: -1873 | E20: -1831 | F20: -2292 | G20: -737 | H20: -6498 | I20: -6221 | J20: -6797
A21: Italy | B21: -11163 | C21: -12333 | D21: -10274 | E21: -10642 | F21: -13286 | G21: -7463 | H21: -41833 | I21: -44299 | J21: -44412
... A36: South/Central America | B36: 12487 | C36: 11318 | D36: 10890 | E36: 9421 | F36: 11670 | G36: 10652 | H36: 76640 | I36: 53413 | J36: 44116
A37: Exports 수출
A38: Australia | B38: 8607 | C38: 8630 | D38: 9088 | E38: 8381 | F38: 8139 | G38: 8922 | H38: 30674 | I38: 33823 | J38: 34706
A39: Belgium | B39: 8595 | C39: 8719 | D39: 8792 | E39: 8120 | F39: 8427 | G39: 8403 | H39: 35851 | I39: 38453 | J39: 34226
A40: Brazil | B40: 11852 | C40: 12011 | D40: 12513 | E40: 12395 | F40: 13233 | G40: 13863 | H40: 54164 | I40: 44271 | J40: 48772
A41: Canada | B41: 89176 | C41: 87113 | D41: 86135 | E41: 87986 | F41: 90979 | G41: 81342 | H41: 359928 | I41: 355017 | J41: 350409
A42: China | B42: 37562 | C42: 36372 | D42: 36013 | E42: 34301 | F42: 32497 | G42: 25884 | H42: 155738 | I42: 148663 | J42: 144248
A43: France | B43: 11151 | C43: 10392 | D43: 10963 | E43: 11141 | F43: 12284 | G43: 12972 | H43: 46506 | I43: 44514 | J43: 43647
A44: Germany | B44: 19283 | C44: 19054 | D44: 19353 | E44: 18282 | F44: 20300 | G44: 21277 | H44: 73170 | I44: 76835 | J44: 75972
A45: Hong Kong | B45: 8806 | C45: 6993 | D45: 6395 | E45: 6457 | F45: 7679 | G45: 13578 | H45: 26407 | I45: 28454 | J45: 28651
A46: India | B46: 9970 | C46: 11002 | D46: 10656 | E46: 9999 | F46: 10963 | G46: 11366 | H46: 46846 | I46: 40432 | J46: 41627
A47: Ireland | B47: 3940 | C47: 4631 | D47: 4416 | E47: 3910 | F47: 3937 | G47: 4401 | H47: 16128 | I47: 17002 | J47: 16897
A48: Israel | B48: 4145 | C48: 3727 | D48: 3919 | E48: 3645 | F48: 3760 | G48: 3720 | H48: 15038 | I48: 14675 | J48: 15436
A49: Italy | B49: 8296 | C49: 7241 | D49: 8364 | E49: 8478 | F49: 7728 | G49: 10843 | H49: 27606 | I49: 28971 | J49: 32379
... A64: South/Central America | B64: 51176 | C64: 50623 | D64: 51377 | E64: 51691 | F64: 54419 | G64: 53991 | H64: 228002 | I64: 200086 | J64: 204867
A65: Imports 수입
A66: Australia | B66: 3764 | C66: 3578 | D66: 4274 | E66: 5299 | F66: 13304 | G66: 4414 | H66: 16325 | I66: 16181 | J66: 16915
A67: Belgium | B67: 6114 | C67: 7209 | D67: 8188 | E67: 6416 | F67: 7263 | G67: 7068 | H67: 26713 | I67: 22861 | J67: 27926
A68: Brazil | B68: 10881 | C68: 10523 | D68: 10316 | E68: 10811 | F68: 11743 | G68: 11147 | H68: 39290 | I68: 39083 | J68: 42531
A69: Canada | B69: 104774 | C69: 103329 | D69: 104524 | E69: 107039 | F69: 114674 | G69: 88087 | H69: 446896 | I69: 426662 | J69: 419666
A70: China | B70: 107101 | C70: 106741 | D70: 114052 | E70: 111671 | F70: 112720 | G70: 68723 | H70: 536982 | I70: 427885 | J70: 439564
A71: France | B71: 15130 | C71: 14728 | D71: 15198 | E71: 15161 | F71: 18282 | G71: 16629 | H71: 58407 | I71: 58163 | J71: 60218
A72: Germany | B72: 40207 | C72: 41317 | D72: 40704 | E72: 38789 | F72: 43555 | G72: 37668 | H72: 147531 | I72: 160000 | J72: 161016
A73: Hong Kong | B73: 1246 | C73: 1765 | D73: 1100 | E73: 2332 | F73: 3691 | G73: 851 | H73: 4816 | I73: 4414 | J73: 6444
A74: India | B74: 21554 | C74: 22126 | D74: 20659 | E74: 23039 | F74: 28207 | G74: 27069 | H74: 85580 | I74: 83584 | J74: 87378
A75: Ireland | B75: 21760 | C75: 25013 | D75: 28288 | E75: 28377 | F75: 59656 | G75: 30974 | H75: 82796 | I75: 82550 | J75: 103438
A76: Israel | B76: 5407 | C76: 5557 | D76: 5792 | E76: 5476 | F76: 6052 | G76: 4457 | H76: 21536 | I76: 20897 | J76: 22232
A77: Italy | B77: 19459 | C77: 19574 | D77: 18637 | E77: 19120 | F77: 21013 | G77: 18307 | H77: 69440 | I77: 73270 | J77: 76791
... A92: South/Central America | B92: 38690 | C92: 39305 | D92: 40486 | E92: 42270 | F92: 42749 | G92: 43339 | H92: 151362 | I92: 146673 | J92: 160751
A93: NOTES:
A94: * Countries may be included in more than one area. For a list of countries in each area and for additional information on country and area
A95: detail for goods on a BOP basis and for services, see the explanatory notes in this release or at www.census.gov/ft900 or
A96: www.bea.gov/data/intl-trade-investment/international-trade-goods-and-services.
A97: ='19'!A96 -> 국가들은 여러 지역에 포함되어 있을 수 있습니다. 각 지역에 포함된 국가들의 목록은 공표자료의 주석을 확인하거나 위 링크에서 확인하기를 바랍니다.
A99: * Area data reflect the composition of the areas at the time of reporting.
A100: ='20'!A101 -> 지역 데이터는 보고시점의 그 지역을 구성하는 국가들의 데이터를 반영합니다.
A102: * Seasonally adjusted country and area data in this exhibit will not sum to the seasonally adjusted totals shown in Part A of this release.
A103: Data users should use caution drawing comparisons between the two sets of seasonally adjusted series.
A104: ='19'!A108 -> 이 표의 국가·지역 계절조정계열의 합은 공표자료의 Part A에 있는 상품 기반 계절조정계열의 합과 일치하지 않을 수 있습니다.
A105: ='19'!A109 -> 사용자는 두 계절조정계열 사이의 비교를 할 때 주의하여야 합니다.
A107: * For information on data sources, nonsampling errors, and definitions, see the explanatory notes in this release or at
A108: www.census.gov/ft900 or www.bea.gov/data/intl-trade-investment/international-trade-goods-and-services.
A109: ='10'!A87 -> 데이터의 출처·비표본 오차·정의에 대한 정보는 공표자료의 주석을 확인하거나 위 링크에서 확인하기를 바랍니다.

Sheet 20b
A2: Part C: Seasonally Adjusted (by Geography)
A3: =VLOOKUP(A2,'Table of Contents'!A:C,3,0) -> 지리별 계절조정계열
A4: Exhibit 20b. U.S. Trade in Services by Selected Countries and Areas
A5: =VLOOKUP(MID(A4,SEARCH(".",A4)+2,LEN(A4)),'Table of Contents'!B:C,2,0) -> 특정 국가·지역별 서비스 무역
A6: In millions of dollars. (-) Represents zero or less than one-half of measurement shown. (R) - Revised.
A7: 단위: 백만 달러. (-) 표시된 측정값의 0 또는 절반 미만을 나타냄. (R) - 수정치.
A8: Country and Area | B8: First Quarter 2024 | C8: Second Quarter 2024 | D8: Third Quarter 2024 | E8: Fourth Quarter 2024 | F8: First Quarter 2025 (R) | G8: Second Quarter 2025 | H8: Annual 2022 | I8: Annual 2023 | J8: Annual 2024
A9: Balance 수지
A10: Australia | B10: 3456 | C10: 3789 | D10: 3815 | E10: 3768 | F10: 3395 | G10: 3543 | H10: 12802 | I10: 14260 | J10: 14828
A11: Belgium | B11: 87 | C11: 124 | D11: -76 | E11: -62 | F11: -280 | G11: -214 | H11: 212 | I11: 334 | J11: 72
A12: Brazil | B12: 5517 | C12: 6055 | D12: 5639 | E12: 5890 | F12: 6015 | G12: 6273 | H12: 15762 | I12: 17512 | J12: 23102
A13: Canada | B13: 8692 | C13: 7900 | D13: 8470 | E13: 8171 | F13: 7499 | G13: 7615 | H13: 28943 | I13: 31332 | J13: 33233
A14: China | B14: 8172 | C14: 8436 | D14: 8537 | E14: 8018 | F14: 9004 | G14: 8340 | H14: 17311 | I14: 28410 | J14: 33164
A15: France | B15: -336 | C15: -762 | D15: -1004 | E15: -626 | F15: -1137 | G15: -1245 | H15: -4127 | I15: -1209 | J15: -2727
A16: Germany | B16: -334 | C16: -624 | D16: -1036 | E16: -693 | F16: -421 | G16: -1215 | H16: -2457 | I16: -3098 | J16: -2687
A17: Hong Kong | B17: 10 | C17: -71 | D17: 258 | E17: 135 | F17: 93 | G17: 125 | H17: 502 | I17: 882 | J17: 331
A18: India | B18: 184 | C18: 154 | D18: -103 | E18: -132 | F18: -1337 | G18: -1118 | H18: -4550 | I18: -76 | J18: 102
A19: Ireland | B19: 13318 | C19: 12626 | D19: 13639 | E19: 13751 | F19: 17521 | G19: 17520 | H19: 51972 | I19: 43800 | J19: 53335
A20: Israel | B20: -379 | C20: 126 | D20: -75 | E20: -128 | F20: -280 | G20: -43 | H20: -3966 | I20: -2038 | J20: -457
A21: Italy | B21: -912 | C21: -1070 | D21: -1244 | E21: -1125 | F21: -972 | G21: -1032 | H21: -2913 | I21: -3447 | J21: -4352
... A33: All other countries | B33: 9691 | C33: 8617 | D33: 13560 | E33: 13063 | F33: 11312 | G33: 10711 | H33: 43916 | I33: 45901 | J33: 44931
A34: CAFTA-DR | B34: n.a. | C34: n.a. | D34: n.a. | E34: n.a. | F34: n.a. | G34: n.a. | H34: n.a. | I34: n.a. | J34: n.a.
A35: European Union | B35: 22961 | C35: 22175 | D35: 21995 | E35: 21462 | F35: 26930 | G35: 26010 | H35: 74684 | I35: 73287 | J35: 88594
A36: South/Central America | B36: 3967 | C36: 4375 | D36: 2635 | E36: 4278 | F36: 2473 | G36: 3322 | H36: 27849 | I36: 17559 | J36: 15255
A37: Exports 수출
A38: Australia | B38: 6411 | C38: 6646 | D38: 6662 | E38: 6880 | F38: 6698 | G38: 6820 | H38: 22373 | I38: 25552 | J38: 26599
A39: Belgium | B39: 1443 | C39: 1650 | D39: 1577 | E39: 1627 | F39: 1329 | G39: 1467 | H39: 5786 | I39: 6199 | J39: 6297
A40: Brazil | B40: 7137 | C40: 7665 | D40: 7221 | E40: 7561 | F40: 7812 | G40: 8026 | H40: 21080 | I40: 23787 | J40: 29584
A41: Canada | B41: 22299 | C41: 21981 | D41: 22975 | E41: 23013 | F41: 22010 | G41: 21413 | H41: 77157 | I41: 86387 | J41: 90267
A42: China | B42: 13222 | C42: 13708 | D42: 13959 | E42: 14136 | F42: 14349 | G42: 14025 | H42: 42724 | I42: 47713 | J42: 55025
A43: France | B43: 7164 | C43: 7162 | D43: 7302 | E43: 7205 | F43: 6994 | G43: 6897 | H43: 22871 | I43: 27128 | J43: 28832
A44: Germany | B44: 10963 | C44: 11354 | D44: 11160 | E44: 11482 | F44: 11636 | G44: 10961 | H44: 40246 | I44: 42756 | J44: 44960
A45: Hong Kong | B45: 3629 | C45: 3673 | D45: 3965 | E45: 4078 | F45: 4103 | G45: 4247 | H45: 12903 | I45: 13096 | J45: 15345
A46: India | B46: 9844 | C46: 10295 | D46: 10650 | E46: 10962 | F46: 10461 | G46: 11012 | H46: 28733 | I46: 36010 | J46: 41751
A47: Ireland | B47: 20161 | C47: 19920 | D47: 20953 | E47: 22237 | F47: 25315 | G47: 25581 | H47: 76896 | I47: 71322 | J47: 83272
A48: Israel | B48: 2058 | C48: 2269 | D48: 2226 | E48: 2229 | F48: 2262 | G48: 2397 | H48: 6260 | I48: 6812 | J48: 8781
A49: Italy | B49: 2898 | C49: 3022 | D49: 3029 | E49: 3077 | F49: 3090 | G49: 3396 | H49: 8702 | I49: 10540 | J49: 12027
... A61: All other countries | B61: 73904 | C61: 73041 | D61: 81204 | E61: 79791 | F61: 80206 | G61: 80206 | H61: 250977 | I61: 276895 | J61: 307941
A62: CAFTA-DR | B62: n.a. | C62: n.a. | D62: n.a. | E62: n.a. | F62: n.a. | G62: n.a. | H62: n.a. | I62: n.a. | J62: n.a.
A63: European Union | B63: 71893 | C63: 73956 | D63: 74495 | E63: 74378 | F63: 80686 | G63: 79942 | H63: 248898 | I63: 262515 | J63: 294722
A64: South/Central America | B64: 39143 | C64: 39260 | D64: 39222 | E64: 40365 | F64: 40274 | G64: 41295 | H64: 135284 | I64: 139371 | J64: 157989
A65: Imports 수입
A66: Australia | B66: 2955 | C66: 2857 | D66: 2847 | E66: 3112 | F66: 3303 | G66: 3277 | H66: 9571 | I66: 11292 | J66: 11772
A67: Belgium | B67: 1356 | C67: 1527 | D67: 1654 | E67: 1689 | F67: 1610 | G67: 1682 | H67: 5573 | I67: 5865 | J67: 6226
A68: Brazil | B68: 1620 | C68: 1610 | D68: 1582 | E68: 1670 | F68: 1797 | G68: 1754 | H68: 5317 | I68: 6274 | J68: 6482
A69: Canada | B69: 13607 | C69: 14081 | D69: 14506 | E69: 14842 | F69: 14511 | G69: 13798 | H69: 48214 | I69: 55055 | J69: 57035
A70: China | B70: 5049 | C70: 5271 | D70: 5422 | E70: 6118 | F70: 5345 | G70: 5685 | H70: 25413 | I70: 19303 | J70: 21861
A71: France | B71: 7500 | C71: 7924 | D71: 8305 | E71: 7830 | F71: 8131 | G71: 8142 | H71: 26997 | I71: 28337 | J71: 31559
A72: Germany | B72: 11297 | C72: 11979 | D72: 12196 | E72: 12176 | F72: 12057 | G72: 12176 | H72: 42703 | I72: 45854 | J72: 47647
A73: Hong Kong | B73: 3619 | C73: 3744 | D73: 3707 | E73: 3943 | F73: 4010 | G73: 4122 | H73: 12401 | I73: 12213 | J73: 15013
A74: India | B74: 9660 | C74: 10141 | D74: 10753 | E74: 11095 | F74: 11798 | G74: 12130 | H74: 33284 | I74: 36085 | J74: 41649
A75: Ireland | B75: 6843 | C75: 7294 | D75: 7314 | E75: 8486 | F75: 7794 | G75: 8061 | H75: 24924 | I75: 27522 | J75: 29937
A76: Israel | B76: 2437 | C76: 2143 | D76: 2302 | E76: 2357 | F76: 2542 | G76: 2439 | H76: 10226 | I76: 8850 | J76: 9238
A77: Italy | B77: 3811 | C77: 4093 | D77: 4272 | E77: 4203 | F77: 4062 | G77: 4428 | H77: 11614 | I77: 13987 | J77: 16379
... A89: All other countries | B89: 64214 | C89: 64424 | D89: 67644 | E89: 66727 | F89: 68894 | G89: 69494 | H89: 207061 | I89: 230994 | J89: 263010
A90: CAFTA-DR | B90: n.a. | C90: n.a. | D90: n.a. | E90: n.a. | F90: n.a. | G90: n.a. | H90: n.a. | I90: n.a. | J90: n.a.
A91: European Union | B91: 48931 | C91: 51781 | D91: 52500 | E91: 52916 | F91: 53756 | G91: 53932 | H91: 174214 | I91: 189228 | J91: 206129
A92: South/Central America | B92: 35176 | C92: 34884 | D92: 36587 | E92: 36087 | F92: 37801 | G92: 37973 | H92: 107436 | I92: 121812 | J92: 142735
A93: n.a. Not available (결측치.)
A94: NOTES:
A95: * Countries may be included in more than one area. For a list of countries in each area and for additional information on country and area
A96: detail for goods on a BOP basis and for services, see the explanatory notes in this release or at www.census.gov/ft900 or
A97: www.bea.gov/data/intl-trade-investment/international-trade-goods-and-services.
A98: ='19'!A96 -> 국가들은 여러 지역에 포함되어 있을 수 있습니다. 각 지역에 포함된 국가들의 목록은 공표자료의 주석을 확인하거나 위 링크에서 확인하기를 바랍니다.
A100: * Area data reflect the composition of the areas at the time of reporting.
A101: ='20'!A101 -> 지역 데이터는 보고시점의 그 지역을 구성하는 국가들의 데이터를 반영합니다.
A103: * Seasonally adjusted country and area data in this exhibit will not sum to the seasonally adjusted totals shown in Part A of this release. Data
A104: users should use caution drawing comparisons between the two sets of seasonally adjusted series.
A105: ='19'!A108 -> 이 표의 국가·지역 계절조정계열의 합은 공표자료의 Part A에 있는 상품 기반 계절조정계열의 합과 일치하지 않을 수 있습니다.
A106: ='19'!A109 -> 사용자는 두 계절조정계열 사이의 비교를 할 때 주의하여야 합니다.
A108: * For information on data sources, nonsampling errors, and definitions, see the explanatory notes in this release or at
A109: www.census.gov/ft900 or www.bea.gov/data/intl-trade-investment/international-trade-goods-and-services.
A110: ='10'!A87 -> 데이터의 출처·비표본 오차·정의에 대한 정보는 공표자료의 주석을 확인하거나 위 링크에서 확인하기를 바랍니다.

Sheet Supp1
A1: FT-900 Supplement
A2: Exhibit 1. Exports, Imports, and Balance of Goods by Selected NAICS-Based Product Code,
A3: Not Seasonally Adjusted: July 2025
A4: =IF(AND(MID(A2,SEARCH(".",A2)+2,LEN(A2))='Table of Contents'!B65,A3='Table of Contents'!B66),'Table of Contents'!C65) -> 특정 NAICS 코드별 상품 수출·수입·수지, 원계열, 2025.06.
A6: In millions of dollars. Details may not equal total due to rounding. (X) Not Applicable. (-) Represents zero or less than one-half unit of measurement shown.
A7: 단위: 백만 달러. 반올림 때문에 총계와 세부사항이 같지 않을 수 있음. (X) 결측치. (-) 표시된 측정값의 0 또는 절반 미만을 나타냄.
C9: Balance | E9: Exports | G9: Imports for Consumption (Customs Value)
A10: NAICS-Based Product | B10: NAICS 코드 설명 | G10: Totals | I10: Calculated Duty
A11: Code Description | C11: July | D11: Year-to-Date | E11: July | F11: Year-to-Date | G11: July | H11: Year-to-Date | I11: July | J11: Year-to-Date
H12: 0 | J12: 0
C13: 수지 | E13: 수출 | G13: 소비재 수입, 세관 금액
G14: 전체 | I14: 관세 포함
A16: GRAND TOTAL | B16: 전체 | C16: -113043.05 | D16: -794635.67 | E16: 175110.46 | F16: 1251901 | G16: 288153.52 | H16: 2046536.7 | I16: 28085.04 | J16: 122011.3
A17: Agricultural, Forestry & Fishery Products | B17: 농림어업 제품 | C17: -918.74805 | D17: -8978.4541 | E17: 5778.5661 | F17: 44475.239 | G17: 6697.3142 | H17: 53453.693 | I17: 424.40263 | J17: 1492.4214
A18: (Domestic) | B18: (국산)
A19: Agricultural Products, Total | B19: 농산물, 전체 | C19: 1069.8693 | D19: 5045.0976 | E19: 5012.4253 | F19: 39936.06 | G19: 3942.556 | H19: 34890.963 | I19: 226.50056 | J19: 830.85867
A20: Livestock And Livestock Products | B20: 축산물 | C20: -914.14664 | D20: -6758.9616 | E20: 165.85385 | F20: 1301.9554 | G20: 1080.0005 | H20: 8060.9171 | I20: 75.313363 | J20: 241.9968
A21: Forestry Products, Nspf | B21: 달리 명시되지 않은 임산물 | C21: -200.1098 | D21: -1084.3306 | E21: 112.82382 | F21: 979.43305 | G21: 312.93362 | H21: 2063.7637 | I21: 19.103839 | J21: 68.062706
A22: Fish, Fresh Or Chilled; And Other Marine Products | B22: 어류, 신선·냉장 기타 해산물 | C22: -874.36089 | D22: -6180.2595 | E22: 487.46318 | F22: 2257.7904 | G22: 1361.8241 | H22: 8438.0499 | I22: 103.48486 | J22: 351.50327
A23: Mining, Total | B23: 광업, 전체 | C23: 2433.7709 | D23: 24941.026 | E23: 15777.964 | F23: 116632.43 | G23: 13344.193 | H23: 91691.402 | I23: 14.238818 | J23: 200.49774
A24: (Domestic) | B24: (국산)
A25: Oil And Gas | B25: 기름 및 가스 | C25: 1276.9168 | D25: 16974.537 | E25: 14020.455 | F25: 105003.73 | G25: 12743.538 | H25: 88029.195 | I25: 1.940821 | J25: 151.56837
A26: Minerals And Ores | B26: 광물 및 광석 | C26: 1156.8542 | D26: 7966.4882 | E26: 1757.5093 | F26: 11628.695 | G26: 600.65513 | H26: 3662.2071 | I26: 12.297997 | J26: 48.929367
A27: Manufacturing, Total | B27: 제조업, 전체 | C27: -142084.91 | D27: -1024759.7 | E27: 111357.86 | F27: 778288.96 | G27: 253442.77 | H27: 1803048.7 | I27: 27604.819 | J27: 120151.01
A28: (Domestic) | B28: (국산)
A29: Food And Kindred Products | B29: 식료품 및 유사 제품 | C29: -4337.2338 | D29: -25980.267 | E29: 6611.8707 | F29: 47395.389 | G29: 10949.104 | H29: 73375.657 | I29: 1018.9939 | J29: 4057.3477
A30: Beverages And Tobacco | B30: 음료 및 담배 | C30: -1816.1845 | D30: -12967.251 | E30: 694.14424 | F30: 4888.4923 | G30: 2510.3287 | H30: 17855.743 | I30: 143.86685 | J30: 497.4735
A31: Textile And Fabrics | B31: 섬유 및 직물 | C31: -197.84681 | D31: -939.4803 | E31: 572.02037 | F31: 4116.6683 | G31: 769.86718 | H31: 5056.1486 | I31: 133.24227 | J31: 566.26988
A32: Textile Mill Products | B32: 섬유 공장 제품 | C32: -1674.8484 | D32: -11184.283 | E32: 204.44822 | F32: 1477.0056 | G32: 1879.2966 | H32: 12661.288 | I32: 468.63844 | J32: 2151.367
A33: Apparel And Accessories | B33: 의류 및 의류 부속품 | C33: -7743.8813 | D33: -46767.086 | E33: 236.96118 | F33: 1731.7746 | G33: 7980.8424 | H33: 48498.86 | I33: 2110.4746 | J33: 9845.5775
A34: Leather And Allied Products | B34: 가죽 및 관련 제품 | C34: -3311.1915 | D34: -22133.095 | E34: 197.67704 | F34: 1413.7931 | G34: 3508.8685 | H34: 23546.888 | I34: 859.81291 | J34: 4393.8784
A35: Wood Products | B35: 목재 제품 | C35: -1637.7758 | D35: -10666.179 | E35: 634.45217 | F35: 4437.2156 | G35: 2272.228 | H35: 15103.394 | I35: 120.52325 | J35: 559.36973
A36: Paper Products | B36: 종이 제품 | C36: -291.281 | D36: -1616.8396 | E36: 1881.2976 | F36: 13589.362 | G36: 2172.5786 | H36: 15206.202 | I36: 204.75495 | J36: 856.43365
A37: Printing, Publishing & Similar Products | B37: 인쇄, 출판 및 유사 제품 | C37: -217.66255 | D37: -928.94726 | E37: 330.75137 | F37: 2398.8579 | G37: 548.41391 | H37: 3327.8052 | I37: 39.745666 | J37: 181.14988
A38: Petroleum And Coal Products | B38: 석유 및 석탄 제품 | C38: 5115.8745 | D38: 31287.707 | E38: 10135.208 | F38: 67817.586 | G38: 5019.333 | H38: 36529.878 | I38: 19.583606 | J38: 147.49406
A39: Chemicals | B39: 화학물질 | C39: -6378.2176 | D39: -121806.02 | E39: 21231.576 | F39: 148908.93 | G39: 27609.794 | H39: 270714.95 | I39: 1097.8805 | J39: 5188.5951
A40: Plastic And Rubber Products (1) | B40: 플라스틱 및 고무 제품 | C40: -3960.6535 | D40: -23789.616 | E40: 2873.4893 | F40: 21207.617 | G40: 6834.1428 | H40: 44997.232 | I40: 1145.2137 | J40: 4972.8585
... A50: Special Classification Provisions | B50: 특수 분류 조항 | C50: -4794.8997 | D50: -30667.956 | E50: 9862.7104 | F50: 67608.361 | G50: 14657.61 | H50: 98276.317 | I50: 40.451184 | J50: 163.77911
A51: (Domestic) | B51: (국산)
A52: Scrap & Waste | B52: 고철 및 폐기물 | C52: 1795.4222 | D52: 9292.569 | E52: 2509.2077 | F52: 14195.855 | G52: 713.78552 | H52: 4903.2859 | I52: 6.51248 | J52: 30.513995
A53: Used Or Second-Hand Merchandise (1) | B53: 중고품 | C53: 545.01206 | D53: 2991.745 | E53: 1354.8156 | F53: 11645.659 | G53: 809.80351 | H53: 8653.9145 | I53: 22.753217 | J53: 86.35399
A54: Goods Returned Or Reimported | B54: 반품 또는 재수입 상품 | C54: -9728.1403 | D54: -64356.777 | E54: 1.425078 | F54: 28.124978 | G54: 9729.5653 | H54: 64384.902 | I54: 9.642393 | J54: 40.75002
A55: Special Classification Provision, Nspf | B55: 달리 명시되지 않은 특수 분류 조항 | C55: 2592.8063 | D55: 21404.506 | E55: 5997.262 | F55: 41738.721 | G55: 3404.4557 | H55: 20334.215 | I55: 1.543094 | J55: 6.16111
A56: Re-exports | B56: 재수출 | C56: 32316.366 | D56: 242039.17 | E56: 32316.366 | F56: 242039.17 | G56: (X) | H56: (X) | I56: (X) | J56: (X)
A57: Timing Adjustments | B57: 시기 조정 | C57: (X) | D57: -46.436035 | E57: (X) | F57: -46.436035 | G57: (X) | H57: (X) | I57: (X) | J57: (X)
A58: (1) Export statistics for certain commodity classifications related to the aircraft industry are subject to suppression and have been aggregated in a manner that prevents
A59: the disclosure of confidential information. For additional information, see www.census.gov/foreign-trade/statistics/notices/aircraft/.
A60: 항공산업과 관련된 특정 상품의 분류의 수출통계는 삭제될 수 있으며, 기밀정보 유출을 방지하는 방식으로 집계되었습니다.
A61: 추가정보는 위 링크에서 확인할 수 있습니다.

Sheet Supp2
A1: FT-900 Supplement
A2: Exhibit 2. Origin of Movement of U.S. Exports of Goods by State by NAICS-Based Product Code Groupings,
A3: Not Seasonally Adjusted: 2025
A4: =IF(AND(MID(A2,SEARCH(".",A2)+2,LEN(A2))='Table of Contents'!B68,A3='Table of Contents'!B69),'Table of Contents'!C68) -> NAICS 코드 분류별 및 주별 상품 수출 출항지, 원계열, 2025.
A6: In millions of dollars. Foreign Trade Zone (FTZ) shipments are included in the U.S. total and distributed among individual states
A7: and territories. Separate FTZ total line is for reference only. Details may not equal totals due to rounding. (X) Not applicable.
A8: (-) Represents zero or less than one-half unit of measurement shown.
A9: 단위: 백만 달러. 대외자유무역지대(FTZ) 화물은 미국 총계에 포함되며 개별 주 및 준주에 배분됨. 별도의 FTZ의 총계는 참고용임. 반올림 때문에 총계와 세부사항이 같지 않을 수 있음. (X) 결측치. (-) 표시된 측정값의 0 또는 절반 미만을 나타냄.
A11: Item | B11: NAICS-Based Product Code Groupings | H11: Re-exports | J11: Total
B12: Manufactured Commodities | E12: Non-Manufactured Commodities (1)
B13: July | C13: Year-to-Date | E13: July | F13: Year-to-Date | H13: July | I13: Year-to-Date | J13: July | K13: Year-to-Date
C14: Total | D14: Percent | F14: Total | G14: Percent
A15: 품목 | B15: NAICS 코드 분류 | H15: 재수출 | J15: 전체 수출
B16: 제조품 | E16: 비제조품
A18: U.S. Total | B18: 111357.86 | C18: 778288.96 | D18: 100 | E18: 27706.592 | F18: 202659.1 | G18: 100 | H18: 32316.366 | I18: 242039.17 | J18: 175110.46 | K18: 1251901
A19: Foreign Trade Zone | B19: 16930.859 | C19: 127993.3 | D19: 16.445472 | E19: 3116.3937 | F19: 16552.171 | G19: 8.1674945 | H19: 6280.9225 | I19: 45637.616 | J19: 26328.175 | K19: 190183.08
A21: Alabama | B21: 1712.6308 | C21: 13056.386 | D21: 1.6775757 | E21: 178.02958 | F21: 1383.6564 | G21: 0.68275068 | H21: 83.599138 | I21: 839.34918 | J21: 1974.2595 | K21: 15279.392
A22: Alaska | B22: 132.40695 | C22: 925.64763 | D22: 0.11893367 | E22: 644.15382 | F22: 2113.3925 | G22: 1.0428313 | H22: 5.955503 | I22: 49.258221 | J22: 782.51627 | K22: 3088.2983
A23: Arizona | B23: 1963.4739 | C23: 12123.272 | D23: 1.5576826 | E23: 370.79231 | F23: 2611.832 | G23: 1.288781 | H23: 1585.0633 | I23: 9753.766 | J23: 3919.3295 | K23: 24488.87
A24: Arkansas | B24: 331.4998 | C24: 2561.093 | D24: 0.32906711 | E24: 59.324443 | F24: 529.36675 | G24: 0.26121045 | H24: 139.84628 | I24: 666.25866 | J24: 530.67052 | K24: 3756.7184
A25: California | B25: 9986.7118 | C25: 67793.302 | D25: 8.7105568 | E25: 1953.2698 | F25: 13621.452 | G25: 6.7213621 | H25: 3992.4198 | I25: 28081.564 | J25: 15932.401 | K25: 109496.32
A26: Colorado | B26: 714.46866 | C26: 5379.617 | D26: 0.69121075 | E26: 53.21672 | F26: 493.01775 | G26: 0.24327442 | H26: 128.3978 | I26: 763.50064 | J26: 896.08318 | K26: 6636.1353
A27: Connecticut | B27: 1092.6008 | C27: 7921.6431 | D27: 1.017828 | E27: 104.15546 | F27: 776.82372 | G27: 0.38331549 | H27: 185.14163 | I27: 1286.6924 | J27: 1381.8979 | K27: 9985.1592
A28: Delaware | B28: 345.92729 | C28: 2519.9589 | D28: 0.32378191 | E28: 13.596658 | F28: 96.090839 | G28: (-) | H28: 80.955338 | I28: 568.88348 | J28: 440.47928 | K28: 3184.9332
A29: Florida | B29: 4273.2437 | C29: 29297.92 | D29: 3.7644013 | E29: 436.71827 | F29: 3226.7469 | G29: 1.5922043 | H29: 1819.4522 | I29: 12698.904 | J29: 6529.4141 | K29: 45223.571
A30: Georgia | B30: 2941.0092 | C30: 21307.488 | D30: 2.7377348 | E30: 341.20568 | F30: 3239.3499 | G30: 1.5984231 | H30: 1431.3697 | I30: 9442.7614 | J30: 4713.5846 | K30: 33989.599
A31: Hawaii | B31: 6.922966 | C31: 149.16374 | D31: (-) | E31: 7.127283 | F31: 75.082893 | G31: (-) | H31: 1.997879 | I31: 56.220756 | J31: 16.048128 | K31: 280.46739
A32: Idaho | B32: 201.07347 | C32: 1732.5162 | D32: 0.22260578 | E32: 51.76301 | F32: 430.41865 | G32: 0.21238555 | H32: 63.640775 | I32: 459.90435 | J32: 316.47726 | K32: 2622.8392
A33: Illinois | B33: 4284.5865 | C33: 32472.073 | D33: 4.1722387 | E33: 357.52117 | F33: 2838.3849 | G33: 1.4005711 | H33: 1217.0585 | I33: 11132.724 | J33: 5859.1662 | K33: 46443.181
A34: Indiana | B34: 5498.0409 | C34: 32781.596 | D34: 4.2120083 | E34: 42.395687 | F34: 421.01103 | G34: 0.20774346 | H34: 764.1082 | I34: 4825.8428 | J34: 6304.5447 | K34: 38028.449
A35: Iowa | B35: 1136.9035 | C35: 8071.4497 | D35: 1.0370762 | E35: 127.51861 | F35: 1515.0406 | G35: 0.74758082 | H35: 52.749274 | I35: 352.81453 | J35: 1317.1714 | K35: 9939.3048
A36: Kansas | B36: 949.06493 | C36: 6527.344 | D36: 0.83867873 | E36: 166.90798 | F36: 1096.4592 | G36: 0.54103623 | H36: 148.18439 | I36: 731.43345 | J36: 1264.1573 | K36: 8355.2366
A37: Kentucky | B37: 3086.7665 | C37: 21977.535 | D37: 2.8238271 | E37: 73.589662 | F37: 540.7428 | G37: 0.26682384 | H37: 753.91872 | I37: 7201.239 | J37: 3914.2749 | K37: 29719.517
A38: Louisiana | B38: 3582.1214 | C38: 24358.776 | D38: 3.1297856 | E38: 3738.4769 | F38: 27748.201 | G38: 13.692058 | H38: 48.409706 | I38: 407.44019 | J38: 7369.008 | K38: 52514.417
A39: Maine | B39: 122.14952 | C39: 1023.3721 | D39: 0.13148999 | E39: 86.610881 | F39: 534.27992 | G39: 0.2636348 | H39: 95.580712 | I39: 265.67728 | J39: 304.34111 | K39: 1823.3293
A40: Maryland | B40: 697.50491 | C40: 5580.4152 | D40: 0.71701071 | E40: 320.67721 | F40: 2671.8198 | G40: 1.3183814 | H40: 169.8462 | I40: 1401.6689 | J40: 1188.0283 | K40: 9653.9039
A41: Massachusetts | B41: 2464.1103 | C41: 17818.009 | D41: 2.2893822 | E41: 76.587269 | F41: 654.32035 | G41: 0.32286749 | H41: 352.29192 | I41: 2811.3755 | J41: 2892.9894 | K41: 21283.705
A42: Michigan | B42: 4004.5343 | C42: 28073.364 | D42: 3.6070618 | E42: 295.35764 | F42: 2068.8799 | G42: 1.020867 | H42: 484.31028 | I42: 3759.7983 | J42: 4784.2022 | K42: 33902.042
A43: Minnesota | B43: 1509.9252 | C43: 11192.63 | D43: 1.4381073 | E43: 180.85347 | F43: 964.70662 | G43: 0.47602432 | H43: 277.66006 | I43: 1878.7824 | J43: 1968.4388 | K43: 14036.119
... A64: Utah | B64: 1707.8734 | C64: 9797.9108 | D64: 1.258904 | E64: 36.694348 | F64: 393.44987 | G64: 0.19414369 | H64: 106.43953 | I64: 695.03843 | J64: 1851.0073 | K64: 10886.399
A65: Vermont | B65: 153.46038 | C65: 1205.0267 | D65: 0.15483025 | E65: 5.196809 | F65: 42.810468 | G65: (-) | H65: 6.493262 | I65: 59.204431 | J65: 165.15045 | K65: 1307.0416
A66: Virginia | B66: 1146.7588 | C66: 7905.9215 | D66: 1.015808 | E66: 272.28093 | F66: 2327.3519 | G66: 1.1484073 | H66: 125.82211 | I66: 960.28248 | J66: 1544.8618 | K66: 11193.556
A67: Washington | B67: 4517.5781 | C67: 26015.849 | D67: 3.3426979 | E67: 1122.1171 | F67: 8223.6239 | G67: 4.0578606 | H67: 251.82194 | I67: 2168.0828 | J67: 5891.5172 | K67: 36407.555
A68: West Virginia | B68: 286.88096 | C68: 2206.6512 | D68: 0.28352596 | E68: 21.175413 | F68: 253.03127 | G68: 0.12485562 | H68: 25.112622 | I68: 210.66299 | J68: 333.16899 | K68: 2670.3455
A69: Wisconsin | B69: 1879.0672 | C69: 13668.397 | D69: 1.756211 | E69: 78.310479 | F69: 579.13404 | G69: 0.2857676 | H69: 286.22014 | I69: 1879.036 | J69: 2243.5978 | K69: 16126.567
A70: Wyoming | B70: 155.42274 | C70: 1024.3598 | D70: 0.1316169 | E70: 6.256964 | F70: 52.587332 | G70: (-) | H70: 9.169983 | I70: 109.88055 | J70: 170.84969 | K70: 1186.8277
A71: Dist of Columbia | B71: 144.26781 | C71: 1731.4586 | D71: 0.22246989 | E71: 75.828787 | F71: 330.31011 | G71: 0.16298805 | H71: 0.987387 | I71: 22.130375 | J71: 221.08399 | K71: 2083.8991
A72: Puerto Rico | B72: 911.39348 | C72: 8651.448 | D72: 1.1115984 | E72: 13.269152 | F72: 106.50042 | G72: 0.05255151 | H72: 673.7237 | I72: 4589.1818 | J72: 1598.3863 | K72: 13347.13
A73: US Virgin Islands | B73: 69.414647 | C73: 871.98343 | D73: 0.11203852 | E73: (-) | F73: 0.368781 | G73: (-) | H73: 88.614599 | I73: 452.97598 | J73: 158.03057 | K73: 1325.3282
A74: Other | B74: 2741.4497 | C74: 20369.156 | D74: 2.6171714 | E74: 1231.9525 | F74: 8023.7632 | G74: 3.9592415 | H74: 0.912171 | I74: 6.195959 | J74: 7703.9581 | K74: 57359.361
A75: Estimated Shipments | B75: (X) | C75: (X) | D75: (X) | E75: (X) | F75: (X) | G75: (X) | H75: (X) | I75: (X) | J75: 3729.6438 | K75: 26202.74
A76: Unreported (2) | B76: 2741.4497 | C76: 20369.156 | D76: 2.6171714 | E76: 1231.9525 | F76: 8023.7632 | G76: 3.9592415 | H76: 0.912171 | I76: 6.195959 | J76: 3974.3143 | K76: 31156.621
A77: Timing Adjustment | B77: (X) | C77: (X) | D77: (X) | E77: (X) | F77: (X) | G77: (X) | H77: (X) | I77: (X) | J77: (X) | K77: -46.436035
A78: (1) Includes agricultural, forestry, fishery products, mineral commodities, scrap, waste, and used or second-hand merchandise. The state of origin of movement
A79: value totals for non-manufactured commodities usually reflect the state where the U.S. port of export is located.
A80: 농산물, 임산물, 수산물, 광물자원, 고철, 폐기물 및 중고품이 포함됩니다.
A81: 비제조품의 출항지는 일반적으로 수출 항구가 위치되어 있는 주를 말합니다.
A83: (2) Includes prior month's revision to exports to Canada.
A84: 캐나다로의 수출에 대한 전월 수정치를 포함합니다.

Sheet Supp2a
A1: FT-900 Supplement
A2: Exhibit 2a. U.S. General Imports of Goods by State, State of Destination, by NAICS-Based Product Code Groupings,
A3: Not Seasonally Adjusted: 2025
A4: =IF(AND(MID(A2,SEARCH(".",A2)+2,LEN(A2))='Table of Contents'!B71,A3='Table of Contents'!B72),'Table of Contents'!C71) -> NAICS 코드 분류별, 주별 및 목적지별 상품 수입, 원계열, 2025.
A6: In millions of dollars. Foreign Trade Zone (FTZ) shipments are included in the U.S. total and distributed among individual states and territories.
A7: Separate FTZ total line is for reference only. Details may not equal totals due to rounding. (X) Not applicable.
A8: (-) Represents zero or less than one-half unit of measurement shown.
A9: 단위: 백만 달러. 대외자유무역지대(FTZ) 화물은 미국 총계에 포함되며 개별 주 및 준주에 배분됨. 별도의 FTZ의 총계는 참고용임. 계절조정과 반올림 때문에 총계와 세부사항이 같지 않을 수 있음. (X) 결측치. (-) 표시된 측정값의 0 또는 절반 미만을 나타냄.
A11: Item | B11: NAICS-Based Product Code Groupings | H11: Total
B12: Manufactured Commodities | E12: Non-Manufactured Commodities (1)
B13: July | C13: Year-to-Date | E13: July | F13: Year-to-Date | H13: July | I13: Year-to-Date
C14: Total | D14: Percent | F14: Total | G14: Percent | I14: Total | J14: Percent
A15: 품목 | B15: NAICS 코드 분류 | H15: 전체 수입
B16: 제조품 | E16: 비제조품
A18: U.S. Total | B18: 257153.14 | C18: 1811608.8 | D18: 100 | E18: 32335.744 | F18: 230832.29 | G18: 100 | H18: 292244.9 | I18: 2058446.3 | J18: 100
A19: Foreign Trade Zone | B19: 18959.571 | C19: 140124.7 | D19: 7.7348213 | E19: 2820.1572 | F19: 20023.107 | G19: 8.6743095 | H19: 21779.728 | I19: 160147.81 | J19: 7.7800334
A21: Alabama | B21: 2892.1481 | C21: 18759.103 | D21: 1.0354941 | E21: 394.6685 | F21: 2207.6632 | G21: 0.95639268 | H21: 3286.8166 | I21: 20966.766 | J21: 1.0185724
A22: Alaska | B22: 307.14391 | C22: 1367.9083 | D22: 0.075507932 | E22: 85.287567 | F22: 393.55383 | G22: 0.1704934 | H22: 392.43148 | I22: 1761.4622 | J22: 0.085572413
A23: Arizona | B23: 5287.0097 | C23: 28622.113 | D23: 1.5799279 | E23: 443.20496 | F23: 4602.1491 | G23: 1.9937198 | H23: 5730.2147 | I23: 33224.263 | J23: 1.6140456
A24: Arkansas | B24: 478.27999 | C24: 3488.029 | D24: 0.19253765 | E24: 41.777193 | F24: 235.09765 | G24: 0.10184782 | H24: 520.05719 | I24: 3723.1266 | J24: 0.18087072
A25: California | B25: 39105.781 | C25: 248165.37 | D25: 13.698618 | E25: 4475.8428 | F25: 31211.1 | G25: 13.521115 | H25: 43581.623 | I25: 279376.47 | J25: 13.572201
A26: Colorado | B26: 1133.6286 | C26: 7348.227 | D26: 0.40561887 | E26: 369.02206 | F26: 2344.4904 | G26: 1.0156683 | H26: 1502.6506 | I26: 9692.7174 | J26: 0.47087541
A27: Connecticut | B27: 1516.4829 | C27: 11264.971 | D27: 0.62182138 | E27: 266.59053 | F27: 1589.6134 | G27: 0.68864429 | H27: 1783.0734 | I27: 12854.584 | J27: 0.62447994
A28: Delaware | B28: 580.26532 | C28: 3966.6897 | D28: 0.21895951 | E28: 311.94073 | F28: 2464.3898 | G28: 1.0676105 | H28: 892.20604 | I28: 6431.0794 | J28: 0.31242396
A29: Florida | B29: 7719.655 | C29: 56615.987 | D29: 3.1251773 | E29: 1697.3023 | F29: 13437.554 | G29: 5.8213494 | H29: 9416.9573 | I29: 70053.541 | J29: 3.4032241
A30: Georgia | B30: 13703.637 | C30: 85685.614 | D30: 4.7298078 | E30: 468.77922 | F30: 3392.7975 | G30: 1.4698106 | H30: 14172.416 | I30: 89078.412 | J30: 4.3274586
... A45: Missouri | B45: 2185.4241 | C45: 13251.415 | D45: 0.7314722 | E45: 109.54367 | F45: 760.41152 | G45: 0.32942164 | H45: 2294.9677 | I45: 14011.826 | J45: 0.68069914
A46: Montana | B46: 104.69507 | C46: 747.29734 | D46: (-) | E46: 401.67242 | F46: 3011.2027 | G46: 1.304498 | H46: 506.36749 | I46: 3758.5 | J46: 0.18258917
A47: Nebraska | B47: 657.06004 | C47: 3263.318 | D47: 0.1801337 | E47: 50.08386 | F47: 293.88575 | G47: 0.1273157 | H47: 707.1439 | I47: 3557.2037 | J47: 0.17281013
A48: Nevada | B48: 2698.74 | C48: 18317.228 | D48: 1.0111029 | E48: 52.44266 | F48: 622.37277 | G48: 0.26962119 | H48: 2751.1826 | I48: 18939.601 | J48: 0.92009207
A49: New Hampshire | B49: 791.28638 | C49: 5482.1513 | D49: 0.30261232 | E49: 73.835382 | F49: 518.13588 | G49: 0.22446421 | H49: 865.12177 | I49: 6000.2872 | J49: 0.29149593
A50: New Jersey | B50: 11152.554 | C50: 79587.016 | D50: 4.3931679 | E50: 1610.8025 | F50: 12474.095 | G50: 5.4039643 | H50: 12763.357 | I50: 92061.111 | J50: 4.4723591
A51: New Mexico | B51: 1078.2658 | C51: 6381.4784 | D51: 0.35225477 | E51: 64.564661 | F51: 345.94299 | G51: 0.14986767 | H51: 1142.8305 | I51: 6727.4214 | J51: 0.32682035
A52: New York | B52: 18409.394 | C52: 143637.17 | D52: 7.928708 | E52: 2037.2137 | F52: 14379.829 | G52: 6.229557 | H52: 20446.608 | I52: 158017 | J52: 7.676518
A53: North Carolina | B53: 7589.3264 | C53: 58823.589 | D53: 3.247036 | E53: 418.56345 | F53: 2670.9726 | G53: 1.1571053 | H53: 8007.8898 | I53: 61494.561 | J53: 2.9874261
A54: North Dakota | B54: 203.35213 | C54: 1602.524 | D54: 0.088458614 | E54: 104.67655 | F54: 825.55726 | G54: 0.35764374 | H54: 308.02868 | I54: 2428.0813 | J54: 0.11795699
A55: Ohio | B55: 6925.3176 | C55: 46906.562 | D55: 2.5892214 | E55: 641.11304 | F55: 5352.9562 | G55: 2.3189806 | H55: 7566.4307 | I55: 52259.518 | J55: 2.5387846
A56: Oklahoma | B56: 799.37264 | C56: 5377.0422 | D56: 0.29681034 | E56: 799.95286 | F56: 4707.2505 | G56: 2.0392513 | H56: 1599.3255 | I56: 10084.293 | J56: 0.48989827
A57: Oregon | B57: 2334.8762 | C57: 16189.711 | D57: 0.89366485 | E57: 102.83022 | F57: 817.39544 | G57: 0.35410792 | H57: 2437.7064 | I57: 17007.106 | J57: 0.82621083
A58: Pennsylvania | B58: 10718.964 | C58: 77207.544 | D58: 4.2618221 | E58: 908.48383 | F58: 6489.342 | G58: 2.8112799 | H58: 11627.448 | I58: 83696.886 | J58: 4.0660223
... A60: South Carolina | B60: 4369.9723 | C60: 30670.597 | D60: 1.6930033 | E60: 243.13225 | F60: 2096.7082 | G60: 0.90832536 | H60: 4613.1045 | I60: 32767.306 | J60: 1.5918465
A61: South Dakota | B61: 132.86838 | C61: 873.17275 | D61: (-) | E61: 16.737762 | F61: 89.347302 | G61: (-) | H61: 149.60614 | I61: 962.52005 | J61: (-)
A62: Tennessee | B62: 10205.733 | C62: 73812.235 | D62: 4.0744025 | E62: 261.76195 | F62: 2342.7728 | G62: 1.0149242 | H62: 10467.495 | I62: 76155.007 | J62: 3.6996354
A63: Texas | B63: 31623.818 | C63: 210119.3 | D63: 11.598492 | E63: 3654.3227 | F63: 26301.618 | G63: 11.394254 | H63: 35278.141 | I63: 236420.92 | J63: 11.485406
A64: Utah | B64: 2296.9949 | C64: 15251.57 | D64: 0.8418799 | E64: 152.9681 | F64: 1132.64 | G64: 0.49067659 | H64: 2449.963 | I64: 16384.21 | J64: 0.79595034
A65: Vermont | B65: 303.88899 | C65: 1825.578 | D65: 0.10077109 | E65: 55.444836 | F65: 595.66358 | G65: 0.25805037 | H65: 359.33383 | I65: 2421.2416 | J65: 0.11762471
A66: Virginia | B66: 3310.1429 | C66: 21979.871 | D66: 1.2132791 | E66: 335.36285 | F66: 2300.472 | G66: 0.99659886 | H66: 3645.5057 | I66: 24280.343 | J66: 1.1795471
A67: Washington | B67: 3508.8644 | C67: 25196.56 | D67: 1.3908389 | E67: 1143.93 | F67: 8791.6448 | G67: 3.8086719 | H67: 4652.7944 | I67: 33988.204 | J67: 1.6511582
A68: West Virginia | B68: 375.04319 | C68: 2887.7692 | D68: 0.15940358 | E68: 28.667281 | F68: 205.9946 | G68: 0.089239941 | H68: 403.71047 | I68: 3093.7639 | J68: 0.15029607
A69: Wisconsin | B69: 2986.5681 | C69: 20991.616 | D69: 1.1587279 | E69: 130.8814 | F69: 1215.169 | G69: 0.52642936 | H69: 3117.4495 | I69: 22206.785 | J69: 1.0788129
A70: Wyoming | B70: 80.163759 | C70: 511.31312 | D70: (-) | E70: 11.356578 | F70: 80.583321 | G70: (-) | H70: 91.520337 | I70: 591.89644 | J70: (-)
A71: Dist of Columbia | B71: 46.796606 | C71: 456.65415 | D71: (-) | E71: 12.367137 | F71: 151.66307 | G71: 0.065702709 | H71: 59.163743 | I71: 608.31722 | J71: (-)
A72: Puerto Rico | B72: 1380.009 | C72: 12482.187 | D72: 0.68901118 | E72: 132.66371 | F72: 1044.0557 | G72: 0.45230052 | H72: 1512.6727 | I72: 13526.243 | J72: 0.65710933
A73: US Virgin Islands | B73: 12.937737 | C73: 322.57803 | D73: (-) | E73: 1.019939 | F73: 7.782863 | G73: (-) | H73: 13.957676 | I73: 330.36089 | J73: (-)
A74: Other | B74: 10.454616 | C74: 64.283427 | D74: (-) | E74: 0.188423 | F74: 7.659647 | G74: (-) | H74: 2766.6601 | I74: 16107.595 | J74: 0.78251227
A75: Estimated Shipments | B75: (X) | C75: (X) | D75: (X) | E75: (X) | F75: (X) | G75: (X) | H75: 2756.017 | I75: 16035.652 | J75: 0.77901725
A76: Unreported | B76: 10.454616 | C76: 64.283427 | D76: (-) | E76: 0.188423 | F76: 7.659647 | G76: (-) | H76: 10.643039 | I76: 71.943074 | J76: (-)
A77: Timing Adjustment | B77: (X) | C77: (X) | D77: (X) | E77: (X) | F77: (X) | G77: (X) | H77: (X) | I77: -30.435791 | J77: (X)
A78: (1) Includes agricultural, forestry, fishery products, mineral commodities, scrap, waste, and used or second-hand merchandise.
A79: 농산물, 임산물, 수산물, 광물자원, 고철, 폐기물 및 중고품이 포함됩니다.

Sheet Supp3
A1: FT-900 Supplement
A2: Exhibit 3. Exports, Imports, and Trade Balance of Goods
A3: =VLOOKUP(MID(A2,SEARCH(".",A2)+2,LEN(A2)),'Table of Contents'!B:C,2,0) -> 상품 수출·수입·수지
A5: In millions of dollars. Details may not equal totals due to seasonal adjustment and rounding. (R) - Revised.
A6: 단위: 백만 달러. 계절조정과 반올림 때문에 총계와 세부사항이 같지 않을 수 있음. (R) - 수정치.
A8: Period | B8: Balance | D8: Exports | E8: Imports
B9: Customs | C9: C.I.F. | D9: F.A.S. Value | E9: Customs value | F9: C.I.F. Value
A10: 기간 | B10: 수지 | D10: 수출 | E10: 수입
B11: 세관 | C11: C.I.F. | D11: F.A.S. 금액 | E11: 세관 금액 | F11: C.I.F. 금액
B12: Seasonally Adjusted 계절조정계열
A13: 2024
A14: Jan.- Dec. | B14: -1204719.4 | C14: -1296556.4 | D14: 2061690.8 | E14: 3266410.2 | F14: 3358247.1
A15: Jan.- July | B15: -673749.28 | C15: -725966.21 | D15: 1198881 | E15: 1872630.3 | F15: 1924847.2
A16: January | B16: -91221.226 | C16: -98418.206 | D16: 168889.49 | E16: 260110.72 | F16: 267307.7
A17: February | B17: -90955.205 | C17: -98504.259 | D17: 174091.97 | E17: 265047.18 | F17: 272596.23
A18: March | B18: -92062.954 | C18: -99464.032 | D18: 170245.18 | E18: 262308.13 | F18: 269709.21
A19: April | B19: -97326.485 | C19: -104708.85 | D19: 171940.76 | E19: 269267.24 | F19: 276649.61
A20: May | B20: -99454.851 | C20: -106896.13 | D20: 168843.11 | E20: 268297.96 | F20: 275739.24
A21: June | B21: -98812.66 | C21: -106298.22 | D21: 172019.89 | E21: 270832.55 | F21: 278318.11
A22: July | B22: -103915.9 | C22: -111676.51 | D22: 172850.58 | E22: 276766.47 | F22: 284527.09
A23: August | B23: -96062.108 | C23: -103954.1 | D23: 176715.17 | E23: 272777.28 | F23: 280669.27
A24: September | B24: -107070.06 | C24: -115129.59 | D24: 173939.22 | E24: 281009.28 | F24: 289068.81
A25: October | B25: -99438.393 | C25: -107162.45 | D25: 169260.3 | E25: 268698.69 | F25: 276422.75
... A27: December | B27: -122254.8 | C27: -130260.58 | D27: 168635.54 | E27: 290890.33 | F27: 298896.12
A28: 2025
A29: Jan.- July | B29: -834561.9 | C29: -888796.08 | D29: 1259541.3 | E29: 2094103.3 | F29: 2148337.4
A30: January | B30: -155159.45 | C30: -163201.48 | D30: 172636.33 | E30: 327795.78 | F30: 335837.81
A31: February | B31: -147924.36 | C31: -155960.64 | D31: 178093.89 | E31: 326018.25 | F31: 334054.53
A32: March | B32: -161950.81 | C32: -170117.22 | D32: 182641.12 | E32: 344591.93 | F32: 352758.34
A33: April | B33: -85898.348 | C33: -93545.458 | D33: 190082.46 | E33: 275980.81 | F33: 283627.92
A34: May | B34: -96210.73 | C34: -103442.02 | D34: 179369.71 | E34: 275580.44 | F34: 282811.74
A35: June (R) | B35: -84578.195 | C35: -91732.424 | D35: 178347.32 | E35: 262925.51 | F35: 270079.74
A36: July | B36: -102840.01 | C36: -110796.83 | D36: 178370.51 | E36: 281210.52 | F36: 289167.34
A37: August
A38: September
A39: October
A40: November
A41: December
B42: Not Seasonally Adjusted 원계열
A43: 2024
A44: Jan.- Dec. | B44: -1204719.4 | C44: -1296556.4 | D44: 2061690.8 | E44: 3266410.2 | F44: 3358247.1
A45: Jan.- July | B45: -661010.21 | C45: -712981.58 | D45: 1194062.9 | E45: 1855073.1 | F45: 1907044.5
A46: January | B46: -93527.212 | C46: -100731.49 | D46: 160165.46 | E46: 253692.67 | F46: 260896.95
A47: February | B47: -74765.772 | C47: -81725.594 | D47: 167463.73 | E47: 242229.5 | F47: 249189.32
A48: March | B48: -79716.903 | C48: -86913.933 | D48: 179369.72 | E48: 259086.62 | F48: 266283.65
A49: April | B49: -99823.765 | C49: -107272.51 | D49: 171150.42 | E49: 270974.18 | F49: 278422.93
A50: May | B50: -101860.77 | C50: -109533.92 | D50: 173045.43 | E50: 274906.2 | F50: 282579.35
A51: June | B51: -92076.334 | C51: -99424.907 | D51: 173980.3 | E51: 266056.64 | F51: 273405.21
A52: July | B52: -119239.45 | C52: -127379.22 | D52: 168887.86 | E52: 288127.32 | F52: 296267.08
A53: August | B53: -97156.5 | C53: -105242.81 | D53: 180149.79 | E53: 277306.29 | F53: 285392.59
A54: September | B54: -114627.04 | C54: -122796.31 | D54: 171336.15 | E54: 285963.2 | F54: 294132.46
A55: October | B55: -112098.9 | C55: -120287.23 | D55: 176745.14 | E55: 288844.04 | F55: 297032.38
... A57: December | B57: -119552.92 | C57: -127283.83 | D57: 165358.3 | E57: 284911.22 | F57: 292642.13
A58: 2025
A59: Jan.- July | B59: -806545.25 | C59: -860269.57 | D59: 1251901 | E59: 2058446.3 | F59: 2112170.6
A60: January | B60: -152364.49 | C60: -160353.27 | D60: 164862.12 | E60: 317226.61 | F60: 325215.39
A61: February | B61: -120618.59 | C61: -127848.69 | D61: 167575.34 | E61: 288193.93 | F61: 295424.03
A62: March | B62: -151315.74 | C62: -159323.05 | D62: 191410.97 | E62: 342726.71 | F62: 350734.03
A63: April | B63: -86422.213 | C63: -94076.379 | D63: 189711.18 | E63: 276133.4 | F63: 283787.56
A64: May | B64: -93298.884 | C64: -100635.37 | D64: 183103.98 | E64: 276402.86 | F64: 283739.35
A65: June (R) | B65: -85390.903 | C65: -92599.731 | D65: 180126.98 | E65: 265517.88 | F65: 272726.71
A66: July | B66: -117134.44 | C66: -125433.07 | D66: 175110.46 | E66: 292244.9 | F66: 300543.54
A67: August
A68: September
A69: October
A70: November
A71: December

Sheet Supp4
A1: FT-900 Supplement
A2: Exhibit 4. Exports, Imports, and Trade Balance of Goods by Country and Area, Not Seasonally Adjusted: 2025
A3: =VLOOKUP(MID(A2,SEARCH(".",A2)+2,LEN(A2)),'Table of Contents'!B:C,2,0) -> 국가·지역별 상품 수출·수입·수지, 원계열, 2025.
A4: In millions of dollars. Details may not equal totals due to rounding. The countries in this exhibit are ranked by year-to-date totals.
A5: (X) Not applicable. (-) Represents zero or less than one-half unit of measurement shown.
A6: 단위: 백만 달러. 계절조정과 반올림 때문에 총계와 세부사항이 같지 않을 수 있음. 이 표에 있는 국가들은 x개월 총계를 기준으로 순위가 매겨짐. (X) 결측치. (-) 표시된 측정값의 0 또는 절반 미만을 나타냄.
A8: Country | B8: Balance | E8: Exports | H8: Imports
B9: (Customs imports) | E9: Domestic & Foreign, F.A.S. basis | H9: Customs basis | K9: C.I.F. basis
B10: July | C10: Year-to-Date | D10: Rank | E10: July | F10: Year-to-Date | G10: Rank | H10: July | I10: Year-to-Date | J10: Rank | K10: July | L10: Year-to-Date | M10: Rank
A12: 국가 | B12: 수지 | E12: 수출 | H12: 수입
B13: 수입 세관 | E13: 국산 및 외제, F.A.S. 기준 | H13: 세관 기준 | K13: C.I.F. 기준
A14: TOTAL | B14: -117134.44 | C14: -806545.25 | D14: (X) | E14: 175110.46 | F14: 1251901 | G14: (X) | H14: 292244.9 | I14: 2058446.3 | J14: (X) | K14: 300543.54 | L14: 2112170.6 | M14: (X)
A15: Afghanistan | B15: -2.234789 | C15: -16.918864 | D15: 82 | E15: 0.766419 | F15: 7.078921 | G15: 198 | H15: 3.001208 | I15: 23.997785 | J15: 147 | K15: 3.131528 | L15: 25.186918 | M15: 146
A16: Albania | B16: 3.030872 | C16: 32.207603 | D16: 153 | E16: 12.052057 | F16: 82.201711 | G16: 137 | H16: 9.021185 | I16: 49.994108 | J16: 131 | K16: 9.584506 | L16: 53.818998 | M16: 131
A17: Algeria | B17: -132.91314 | C17: -703.55304 | D17: 46 | E17: 60.8082 | F17: 613.00825 | G17: 83 | H17: 193.72135 | I17: 1316.5613 | J17: 71 | K17: 200.36417 | L17: 1370.0876 | M17: 72
A18: Andorra | B18: -0.124705 | C18: -1.398315 | D18: 94 | E18: 0.330438 | F18: 3.676418 | G18: 205 | H18: 0.455143 | I18: 5.074733 | J18: 175 | K18: 0.47219 | L18: 5.182867 | M18: 175
A19: Angola | B19: -115.0386 | C19: 91.264566 | D19: 174 | E19: 56.421904 | F19: 626.29205 | G19: 82 | H19: 171.4605 | I19: 535.02748 | J19: 92 | K19: 174.49979 | L19: 547.72167 | M19: 92
A20: Anguilla | B20: 11.144785 | C20: 58.26218 | D20: 164 | E20: 11.145399 | F20: 58.923564 | G20: 147 | H20: (-) | I20: 0.661384 | J20: 202 | K20: (-) | L20: 0.703791 | M20: 201
A21: Antigua and Barbuda | B21: 26.718387 | C21: 208.25629 | D21: 187 | E21: 27.381759 | F21: 217.92992 | G21: 110 | H21: 0.663372 | I21: 9.673625 | J21: 161 | K21: 0.681256 | L21: 9.81901 | M21: 163
A22: Argentina | B22: 271.58548 | C22: 1589.7657 | D22: 218 | E22: 1060.2911 | F22: 5801.6278 | G22: 36 | H22: 788.70561 | I22: 4211.8622 | J22: 46 | K22: 828.64724 | L22: 4425.2216 | M22: 45
A23: Armenia | B23: 5.171074 | C23: 34.771958 | D23: 155 | E23: 9.699479 | F23: 72.523819 | G23: 141 | H23: 4.528405 | I23: 37.751861 | J23: 137 | K23: 4.781237 | L23: 40.355631 | M23: 137
A24: Aruba | B24: 52.476378 | C24: 350.84074 | D24: 198 | E24: 53.037906 | F24: 355.17114 | G24: 99 | H24: 0.561528 | I24: 4.330397 | J24: 181 | K24: 0.571659 | L24: 4.477925 | M24: 180
A25: Australia* | B25: -547.55214 | C25: -638.8931 | D25: 47 | E25: 2672.1083 | F25: 19344.252 | G25: 18 | H25: 3219.6604 | I25: 19983.145 | J25: 21 | K25: 3270.0105 | L25: 20236.587 | M25: 21
A26: Austria | B26: -1080.0154 | C26: -6307.3091 | D26: 19 | E26: 292.63687 | F26: 3218.7678 | G26: 46 | H26: 1372.6523 | I26: 9526.0769 | J26: 30 | K26: 1410.1814 | L26: 9761.2484 | M26: 30
A27: Azerbaijan | B27: 25.324343 | C27: 47.704619 | D27: 163 | E27: 33.440621 | F27: 126.05573 | G27: 122 | H27: 8.116278 | I27: 78.351113 | J27: 122 | K27: 8.644814 | L27: 81.77166 | M27: 122
A28: Bahamas | B28: 282.90979 | C28: 1839.2806 | D28: 220 | E28: 386.75768 | F28: 3096.7632 | G28: 47 | H28: 103.84789 | I28: 1257.4826 | J28: 74 | K28: 109.65408 | L28: 1293.4637 | M28: 74
A29: Bahrain* | B29: 7.720089 | C29: 72.836927 | D29: 169 | E29: 106.54155 | F29: 829.68508 | G29: 77 | H29: 98.821459 | I29: 756.84815 | J29: 82 | K29: 103.2008 | L29: 797.23325 | M29: 82
A30: Bangladesh | B30: -661.11392 | C30: -4463.0323 | D30: 23 | E30: 171.14374 | F30: 1246.9457 | G30: 69 | H30: 832.25766 | I30: 5709.978 | J30: 39 | K30: 868.70381 | L30: 5960.7361 | M30: 40
A31: Barbados | B31: 51.335629 | C31: 341.43927 | D31: 197 | E31: 54.751276 | F31: 369.4034 | G31: 97 | H31: 3.415647 | I31: 27.964128 | J31: 144 | K31: 3.565016 | L31: 29.386631 | M31: 144
A32: Belarus | B32: 0.070884 | C32: -1.376596 | D32: 95 | E32: 1.640221 | F32: 8.031985 | G32: 196 | H32: 1.569337 | I32: 9.408581 | J32: 162 | K32: 1.672612 | L32: 9.978734 | M32: 162
... A41: Brazil | B41: 349.72668 | C41: 4893.5264 | D41: 229 | E41: 4381.8837 | F41: 30937.024 | G41: 9 | H41: 4032.157 | I41: 26043.497 | J41: 17 | K41: 4191.3996 | L41: 27136.607 | M41: 17
A42: British Indian Ocean Territories | B42: 0.277292 | C42: 9.611934 | D42: 131 | E42: 0.27744 | F42: 9.614834 | G42: 194 | H42: (-) | I42: (-) | J42: 230 | K42: (-) | L42: (-) | M42: 230
A43: British Virgin Islands | B43: 23.176474 | C43: 305.42129 | D43: 191 | E43: 23.482592 | F43: 317.14627 | G43: 103 | H43: 0.306118 | I43: 11.724988 | J43: 159 | K43: 0.308468 | L43: 11.782769 | M43: 160
A44: Brunei | B44: 7.270315 | C44: 6.768545 | D44: 124 | E44: 9.082919 | F44: 57.054094 | G44: 151 | H44: 1.812604 | I44: 50.285549 | J44: 130 | K44: 1.872112 | L44: 54.626355 | M44: 130
A45: Bulgaria | B45: -87.6371 | C45: -430.73012 | D45: 51 | E45: 47.110858 | F45: 428.01758 | G45: 90 | H45: 134.74796 | I45: 858.74769 | J45: 81 | K45: 139.24608 | L45: 892.96292 | M45: 81
A46: Burkina Faso | B46: 7.324703 | C46: 35.862975 | D46: 158 | E46: 7.329752 | F46: 37.151186 | G46: 163 | H46: (-) | I46: 1.288211 | J46: 194 | K46: (-) | L46: 1.321471 | M46: 194
A47: Burma | B47: -69.611459 | C47: -372.21373 | D47: 54 | E47: 5.695348 | F47: 41.763773 | G47: 160 | H47: 75.306807 | I47: 413.97751 | J47: 96 | K47: 78.690386 | L47: 430.00564 | M47: 96
A48: Burundi | B48: -0.203156 | C48: -1.22901 | D48: 96 | E48: (-) | F48: 3.711363 | G48: 204 | H48: 0.24162 | I48: 4.940373 | J48: 177 | K48: 0.247159 | L48: 5.022185 | M48: 179
A49: Cabo Verde | B49: 0.989608 | C49: 24.003011 | D49: 145 | E49: 1.096133 | F49: 28.971556 | G49: 171 | H49: 0.106525 | I49: 4.968545 | J49: 176 | K49: 0.108052 | L49: 5.094281 | M49: 177
A50: Cambodia | B50: -1457.041 | C50: -7561.0162 | D50: 18 | E50: 31.086448 | F50: 209.24864 | G50: 112 | H50: 1488.1274 | I50: 7770.2648 | J50: 34 | K50: 1573.7923 | L50: 8217.5099 | M50: 34
